Workbook
Name Azua: Prov!$C$3:$C$12
Name Bahoruco: Prov!$C$13:$C$17
Name Barahona: Prov!$C$18:$C$28
Name CodigoActividad: 'Formulario PPGR2'!$H$19:$H$286
Name Dajabon: Prov!$C$29:$C$33
Name Dajabón: Prov!$C$29:$C$33
Name Distrito_Nacional: Prov!$C$2
Name Duarte: Prov!$C$34:$C$40
Name EE.1: 'PEI SNS 2025-2028'!$D$3:$D$15
Name EE.2: 'PEI SNS 2025-2028'!$D$16:$D$17
Name EE.3: 'PEI SNS 2025-2028'!$D$18:$D$27
Name El_Seibo: Prov!$C$41:$C$42
Name Elias_Pina: Prov!$C$43:$C$48
Name Elías_Piña: Prov!$C$43:$C$48
Name Espaillat: Prov!$C$49:$C$52
Name Hato_Mayor: Prov!$C$53:$C$55
Name Hermanas_Mirabal: Prov!$C$56:$C$58
Name Independencia: Prov!$C$59:$C$64
Name La_Altagracia: Prov!$C$65:$C$66
Name La_Romana: Prov!$C$67:$C$69
Name La_Vega: Prov!$C$70:$C$73
Name Le.1: Obj!$D$122:$D$124
Name Le.2: Obj!$D$125:$D$127
Name Le.3: Obj!$D$128:$D$134
Name Le.4: Obj!$D$134
Name ls_ComprayAlquiler: Catalogo!$G$34:$G$42
Name ls_Departamento: Catalogo!$D$37:$D$97
Name Ls_DepartamentosSRS: Catalogo!$G$170:$G$182
Name Ls_DependenciasSRS: Catalogo!$B$137:$B$142
Name ls_Direccion: Catalogo!$D$33:$D$34
Name Ls_DivisionesSRS: Catalogo!$E$145:$E$161
Name ls_ejes_estrategicos: tbl_ejes_estrategicos[Ejes Estratégicos]
Name Ls_Estructura: Catalogo!$B$24:$B$29
Name Ls_GerenciasSRS: Catalogo!$E$164:$E$166
Name Ls_Medio_Verificacion: Catalogo!$B$188:$B$207
Name Ls_ObjEstrategico: Obj!$G$6:$G$21
Name Ls_Oficina: Catalogo!$D$127:$D$130
Name Ls_OficinasSRS: Catalogo!$E$179:$E$181
Name ls_Regiones: Catalogo!$B$10:$B$20
Name ls_SubDireccion: Catalogo!$D$100:$D$120
Name ls_TiposAcciones: Catalogo!$G$11:$G$14
Name ls_UnidadesSRS: Catalogo!$B$145:$B$173
Name lsAcabadosTextiles: Insumos!$C$2:$C$3
Name lsAireAcondicionado: Insumos!$C$333:$C$334
Name lsAlimentosyBebidas: Insumos!$C$4:$C$23
Name lsArticulosdePlastico: Insumos!$C$24:$C$30
Name lsElectrodomesticos: Insumos!$C$31:$C$35
Name lsEquiposComputos: Insumos!$C$132:$C$136
Name lsEquiposMedicos: Insumos!$C$44:$C$131
Name lsEquiposSeguridad: Insumos!$C$137:$C$138
Name lsEquiposTransporte: Insumos!$C$526:$C$528
Name lsEventosGenerales: Insumos!$C$139:$C$141
Name lsFuentesFinanciamiento: LSIns!$F$5:$F$8
Name lsGasoil: Insumos!$C$142:$C$149
Name lsHerramientasMenores: Insumos!$C$150:$C$179
Name lsImpresionyEncuadernacion: Insumos!$C$180
Name lsInsumos: LSIns!$B$5:$B$45
Name lsInsumosEquipos: LSIns!$F$16:$F$31
Name lsLlantasyNeumaticos: Insumos!$C$181:$C$188
Name lsMantenimiento: Insumos!$C$189:$C$202

Sheet Resumen
I1: Siglas Dependencias DC-SNS
A2: Servicio Nacional de Salud | I2: Dirección Ejecutiva (DE)
A3: Dirección de Planificación y Desarrollo | I3: Atención a Usuarios (DAU)
I4: Laboratorio e Imágenes (LCI)
A5: Cantidad acciones/actividades/trimestre | I5: Cooperación Internacional (COP)
A6: Primer Trimestre | B6: =+'Formulario PPGR2'!$J$287+'Formulario PPGR2'!$K$287+'Formulario PPGR2'!$L$287 -> 260 | I6: Calidad Institucional (DCG)
A7: Segundo Trimestre | B7: =+'Formulario PPGR2'!$M$287+'Formulario PPGR2'!$N$287+'Formulario PPGR2'!$O$287 -> 334 | I7: Administración (ADM)
A8: Tercer Trimestre | B8: =+'Formulario PPGR2'!$P$287+'Formulario PPGR2'!$Q$287+'Formulario PPGR2'!$R$287 -> 311 | I8: Dirección Centros Hospitalarios (DCH)
A9: Cuarto Trimestre | B9: =+'Formulario PPGR2'!$S$287+'Formulario PPGR2'!$T$287+'Formulario PPGR2'!$U$287 -> 288 | I9: Servicios de Atención Emergencias Extrahospitalaria (DAEH)
A10: Total actividades del año | B10: =SUM(B6:B9) -> 1193 | I10: Comunicaciones (DCE)
I11: Financiero (DFI)
I12: Gestión Clínica (DGC)
I13: Proyectos Institucionales (DPI)
I14: Cuidados de Enfermería (ENF)
I15: Desarrollo Institucional (DDI)
I16: Seguimiento, Evaluación y Calidad de los Servicios de Salud (GCSS)
A17: Tabla Resumen POA | B17: {=+'Formulario PPGR1'!L2:N2} -> 2026 | C17: 0 | D17: 0 | I17: Oficina Equidad Género (OEG)
A18: Área Organizacional | B18: Presupuesto | C18: Nº Productos | D18: Nº Actividades | E18: % (Productos) | F18: % (Actividades) | G18: % (Presupuesto) | I18: Recursos Humanos (DRH)
E19: =+C19/$C$37 -> #DIV/0! | F19: =+D19/$D$37 -> #DIV/0! | G19: =+B19/$B$37 -> #DIV/0! | I19: Infraestructura y Equipos (DIE)
E20: =+C20/$C$37 -> #DIV/0! | F20: =+D20/$D$37 -> #DIV/0! | G20: =+B20/$B$37 -> #DIV/0! | I20: Jurídica (DCJ)
E21: =+C21/$C$37 -> #DIV/0! | F21: =+D21/$D$37 -> #DIV/0! | G21: =+B21/$B$37 -> #DIV/0! | I21: Formulación, Monitoreo y Evaluación de PPP (FME)
E22: =+C22/$C$37 -> #DIV/0! | F22: =+D22/$D$37 -> #DIV/0! | G22: =+B22/$B$37 -> #DIV/0! | I22: Planificación (DPD)
E23: =+C23/$C$37 -> #DIV/0! | F23: =+D23/$D$37 -> #DIV/0! | G23: =+B23/$B$37 -> #DIV/0! | I23: Dirección Primer Nivel (DPN)
E24: =+C24/$C$37 -> #DIV/0! | F24: =+D24/$D$37 -> #DIV/0! | G24: =+B24/$B$37 -> #DIV/0! | I24: Asistencia a la Red (DAR)
E25: =+C25/$C$37 -> #DIV/0! | F25: =+D25/$D$37 -> #DIV/0! | G25: =+B25/$B$37 -> #DIV/0! | I25: Seguridad Física (DSF)
E26: =+C26/$C$37 -> #DIV/0! | F26: =+D26/$D$37 -> #DIV/0! | G26: =+B26/$B$37 -> #DIV/0! | I26: Sistema de Información (DGI)
E27: =+C27/$C$37 -> #DIV/0! | F27: =+D27/$D$37 -> #DIV/0! | G27: =+B27/$B$37 -> #DIV/0! | I27: Tecnología de la Información (DTI)
E28: =+C28/$C$37 -> #DIV/0! | F28: =+D28/$D$37 -> #DIV/0! | G28: =+B28/$B$37 -> #DIV/0! | I28: Monitoreo Calidad de los Servicios de Salud (MCS)
E29: =+C29/$C$37 -> #DIV/0! | F29: =+D29/$D$37 -> #DIV/0! | G29: =+B29/$B$37 -> #DIV/0! | I29: Materno-Infantil (MIA)
E30: =+C30/$C$37 -> #DIV/0! | F30: =+D30/$D$37 -> #DIV/0! | G30: =+B30/$B$37 -> #DIV/0! | I30: Oficina de Acceso a la Información (OAI)
... E36: =+C36/$C$37 -> #DIV/0! | F36: =+D36/$D$37 -> #DIV/0! | G36: =+B36/$B$37 -> #DIV/0! | I36: Salud Mental (DSM)
A37: Total | B37: =SUM(B19:B36) -> 0 | C37: =SUM(C19:C36) -> 0 | D37: =SUM(D19:D36) -> 0 | E37: =SUM(E19:E36) -> #DIV/0! | F37: =SUM(F19:F36) -> #DIV/0! | G37: =SUM(G19:G36) -> #DIV/0! | I37: Compras y Contrataciones (DCC)
I38: Archivo y Correspondencia (DAC)
I39: Servicios Generales (DSG)
I40: Activo Fijo (DAF)
I41: Almacén y Suministros (DAS)
I42: Litigios (LIT)
I43: Elaboración de Documentos Legales (EDL)
I44: Gestión de Servicios de Laboratorio y Sangre (GLS)
I45: Gestión Servicios de Imágenes (GSI)
I46: Desarrollo Laboratorios e Imágenes (DLI)
I47: Desarrollo Servicios de Emergencias Médicas (DSE)
I48: Prevención y Gestión de Riesgos y Desastres (GRD-DAEH)
I49: Operaciones de Emergencias de Centros de Salud (OEC)
... I70: Prevención y Control de Riesgo Biológico (PCR)

Sheet Formulario PPGR1
I2: Servicio Nacional de Salud | K2: Año del POA: | L2: 2026
I3: Dirección de Planificación y Desarrollo | K3: Servicio Regional de Salud: | L3: R4 - SRS Cibao Noroeste | Q3: =VLOOKUP(L3,Catalogo!$B$10:$C$20,2,FALSE) -> Ls_DependenciasSRS
I4: Plan Operativo Anual | K4: Estructura: | L4: Gerencia | Q4: =IF(Q3="Ls_Estructura",VLOOKUP(L4,Catalogo!B24:C28,2,FALSE),VLOOKUP(L4,Catalogo!$B$137:$C$141,2,FALSE)) -> Ls_GerenciasSRS
I5: Identificación de Productos/Resultados | K5: =IF(Q3="Ls_Estructura",VLOOKUP($L$4,Catalogo!$B$24:$D$29,3,FALSE),VLOOKUP($L$4,Catalogo!$B$137:$D$141,3,FALSE)) -> Gerencias: | L5: Regional (Consolidado)
B8: ID_Dependendencia | C8: POA | D8: SRS | E8: AREA | F8: Cod_Eje | G8: Cod_re | H8: Eje Estratégico | I8: Resultado Estratégico Institucional | J8: Productos | K8: Indicador | L8: Unidad de medida | M8: Línea Base | N8: Meta | O8: Supuestos | P8: Dependencia responsable | Q8: Dependencia de apoyo
B9: =IF('Formulario PPGR1'!$H9="","",CONCATENATE('Formulario PPGR1'!$C9,".",'Formulario PPGR1'!$D9,".",'Formulario PPGR1'!$E9,".",#REF!)) -> #REF! | C9: =IF('Formulario PPGR1'!$H9="","",#REF!) -> #REF! | D9: =IF('Formulario PPGR1'!$H9="","",#REF!) -> #REF! | E9: =IF('Formulario PPGR1'!$H9="","",#REF!) -> #REF! | F9: =_xlfn.XLOOKUP($H9,tbl_ejes_estrategicos[Ejes Estratégicos],tbl_ejes_estrategicos[Cod_Eje],"",0) -> EE.1 | G9: =_xlfn.XLOOKUP(Tabla3[[#This Row],[Resultado Estratégico Institucional]],Tabla13[RE Concatenado],Tabla13[RE],"",0) -> RE1.1 | H9: EE.1 - Desarrollo y fortalecimiento de las redes integradas de servicios de salud, fundamentada en el Modelo de Atención | I9: RE1.1 - Reducidos los niveles de morbilidad y mortalidad materna e infantil por causas prevenibles en la población materno-infantil del país, disminuyendo la mortalidad materna de 127.33 y la mortalidad infantil de 18.44 en 2023 a 89.13 y 16.56 en 2028 en todas las regiones del territorio nacional. | J9: 1.1.1 Niños, niñas y Adolescentes reciben atención médica y servicios de salud basado en protocolos nacionales e internacionales. | P9: Materno Infantil y Adolescentes | Q9: Primer Nivel Centros Hospitalarios
B10: =IF('Formulario PPGR1'!$H10="","",CONCATENATE('Formulario PPGR1'!$C10,".",'Formulario PPGR1'!$D10,".",'Formulario PPGR1'!$E10,".",#REF!)) -> #REF! | C10: =IF('Formulario PPGR1'!$H10="","",#REF!) -> #REF! | D10: =IF('Formulario PPGR1'!$H10="","",#REF!) -> #REF! | E10: =IF('Formulario PPGR1'!$H10="","",#REF!) -> #REF! | F10: =_xlfn.XLOOKUP($H10,tbl_ejes_estrategicos[Ejes Estratégicos],tbl_ejes_estrategicos[Cod_Eje],"",0) -> EE.1 | G10: =_xlfn.XLOOKUP(Tabla3[[#This Row],[Resultado Estratégico Institucional]],Tabla13[RE Concatenado],Tabla13[RE],"",0) -> RE1.1 | H10: EE.1 - Desarrollo y fortalecimiento de las redes integradas de servicios de salud, fundamentada en el Modelo de Atención | I10: RE1.1 - Reducidos los niveles de morbilidad y mortalidad materna e infantil por causas prevenibles en la población materno-infantil del país, disminuyendo la mortalidad materna de 127.33 y la mortalidad infantil de 18.44 en 2023 a 89.13 y 16.56 en 2028 en todas las regiones del territorio nacional. | J10: 1.1.2 Recién nacidos reciben atención medica y servicios de salud neonatal basados en protocolos y normas nacionales e internacionales | P10: Materno Infantil y Adolescentes | Q10: Primer Nivel Centros Hospitalarios
B11: =IF('Formulario PPGR1'!$H11="","",CONCATENATE('Formulario PPGR1'!$C11,".",'Formulario PPGR1'!$D11,".",'Formulario PPGR1'!$E11,".",#REF!)) -> #REF! | C11: =IF('Formulario PPGR1'!$H11="","",#REF!) -> #REF! | D11: =IF('Formulario PPGR1'!$H11="","",#REF!) -> #REF! | E11: =IF('Formulario PPGR1'!$H11="","",#REF!) -> #REF! | F11: =_xlfn.XLOOKUP($H11,tbl_ejes_estrategicos[Ejes Estratégicos],tbl_ejes_estrategicos[Cod_Eje],"",0) -> EE.1 | G11: =_xlfn.XLOOKUP(Tabla3[[#This Row],[Resultado Estratégico Institucional]],Tabla13[RE Concatenado],Tabla13[RE],"",0) -> RE1.2 | H11: EE.1 - Desarrollo y fortalecimiento de las redes integradas de servicios de salud, fundamentada en el Modelo de Atención | I11: RE1.2 - Aumentado el cumplimiento normativo para reducir la incidencia de complicaciones neonatales y maternas, pasando de un promedio del 75.5% en el año 2023 al 88% en el año 2028 en todas las regiones de la Red Pública de Servicios de Salud. | J11: 1.2.1 Gestantes reciben atención médica y servicios de salud materna basados en protocolos y normas nacionales e internacionales. | P11: Materno Infantil y Adolescentes | Q11: Primer Nivel Centros Hospitalarios
B12: =IF('Formulario PPGR1'!$H12="","",CONCATENATE('Formulario PPGR1'!$C12,".",'Formulario PPGR1'!$D12,".",'Formulario PPGR1'!$E12,".",#REF!)) -> #REF! | C12: =IF('Formulario PPGR1'!$H12="","",#REF!) -> #REF! | D12: =IF('Formulario PPGR1'!$H12="","",#REF!) -> #REF! | E12: =IF('Formulario PPGR1'!$H12="","",#REF!) -> #REF! | F12: =_xlfn.XLOOKUP($H12,tbl_ejes_estrategicos[Ejes Estratégicos],tbl_ejes_estrategicos[Cod_Eje],"",0) -> EE.1 | G12: =_xlfn.XLOOKUP(Tabla3[[#This Row],[Resultado Estratégico Institucional]],Tabla13[RE Concatenado],Tabla13[RE],"",0) -> RE1.5 | H12: EE.1 - Desarrollo y fortalecimiento de las redes integradas de servicios de salud, fundamentada en el Modelo de Atención | I12: RE1.5 - Reducida la morbilidad y mortalidad prematura por enfermedades no transmisibles en personas de 30 a 69 años, en un 20% al año 2028, mediante la implementación de intervenciones integrales de prevención, diagnóstico temprano y tratamiento oportuno en los establecimientos de la Red Pública. | J12: 1.5.1 La población con riesgo o diagnóstico de hipertensión y diabetes recibe servicios integrales de prevención, diagnóstico, manejo y seguimiento de enfermedades crónicas no transmisibles, fortalecidos mediante la implementación del enfoque HEARTS. | P12: Primer Nivel | V12: Desarrollo y Gestión de la Red de Servicios
B13: =IF('Formulario PPGR1'!$H13="","",CONCATENATE('Formulario PPGR1'!$C13,".",'Formulario PPGR1'!$D13,".",'Formulario PPGR1'!$E13,".",#REF!)) -> #REF! | C13: =IF('Formulario PPGR1'!$H13="","",#REF!) -> #REF! | D13: =IF('Formulario PPGR1'!$H13="","",#REF!) -> #REF! | E13: =IF('Formulario PPGR1'!$H13="","",#REF!) -> #REF! | F13: =_xlfn.XLOOKUP($H13,tbl_ejes_estrategicos[Ejes Estratégicos],tbl_ejes_estrategicos[Cod_Eje],"",0) -> EE.1 | G13: =_xlfn.XLOOKUP(Tabla3[[#This Row],[Resultado Estratégico Institucional]],Tabla13[RE Concatenado],Tabla13[RE],"",0) -> RE1.5 | H13: EE.1 - Desarrollo y fortalecimiento de las redes integradas de servicios de salud, fundamentada en el Modelo de Atención | I13: RE1.5 - Reducida la morbilidad y mortalidad prematura por enfermedades no transmisibles en personas de 30 a 69 años, en un 20% al año 2028, mediante la implementación de intervenciones integrales de prevención, diagnóstico temprano y tratamiento oportuno en los establecimientos de la Red Pública. | J13: 1.5.2 Las víctimas de violencia de género e intrafamiliar reciben atención integral, oportuna y segura en los servicios de salud. | P13: Atención Violencia Género
B14: =IF('Formulario PPGR1'!$H14="","",CONCATENATE('Formulario PPGR1'!$C14,".",'Formulario PPGR1'!$D14,".",'Formulario PPGR1'!$E14,".",#REF!)) -> #REF! | C14: =IF('Formulario PPGR1'!$H14="","",#REF!) -> #REF! | D14: =IF('Formulario PPGR1'!$H14="","",#REF!) -> #REF! | E14: =IF('Formulario PPGR1'!$H14="","",#REF!) -> #REF! | F14: =_xlfn.XLOOKUP($H14,tbl_ejes_estrategicos[Ejes Estratégicos],tbl_ejes_estrategicos[Cod_Eje],"",0) -> EE.1 | G14: =_xlfn.XLOOKUP(Tabla3[[#This Row],[Resultado Estratégico Institucional]],Tabla13[RE Concatenado],Tabla13[RE],"",0) -> RE1.5 | H14: EE.1 - Desarrollo y fortalecimiento de las redes integradas de servicios de salud, fundamentada en el Modelo de Atención | I14: RE1.5 - Reducida la morbilidad y mortalidad prematura por enfermedades no transmisibles en personas de 30 a 69 años, en un 20% al año 2028, mediante la implementación de intervenciones integrales de prevención, diagnóstico temprano y tratamiento oportuno en los establecimientos de la Red Pública. | J14: 1.5.3 Pacientes reciben medicamentos esenciales para el tratamiento adecuado y oportuno de sus condiciones de salud | P14: Medicamentos e Insumos | Q14: Primer Nivel Centros Hospitalarios Materno Infantil y Adolescentes Laboratorio e Imágenes Gestión Clínica
B15: =IF('Formulario PPGR1'!$H15="","",CONCATENATE('Formulario PPGR1'!$C15,".",'Formulario PPGR1'!$D15,".",'Formulario PPGR1'!$E15,".",#REF!)) -> #REF! | C15: =IF('Formulario PPGR1'!$H15="","",#REF!) -> #REF! | D15: =IF('Formulario PPGR1'!$H15="","",#REF!) -> #REF! | E15: =IF('Formulario PPGR1'!$H15="","",#REF!) -> #REF! | F15: =_xlfn.XLOOKUP($H15,tbl_ejes_estrategicos[Ejes Estratégicos],tbl_ejes_estrategicos[Cod_Eje],"",0) -> EE.1 | G15: =_xlfn.XLOOKUP(Tabla3[[#This Row],[Resultado Estratégico Institucional]],Tabla13[RE Concatenado],Tabla13[RE],"",0) -> RE1.5 | H15: EE.1 - Desarrollo y fortalecimiento de las redes integradas de servicios de salud, fundamentada en el Modelo de Atención | I15: RE1.5 - Reducida la morbilidad y mortalidad prematura por enfermedades no transmisibles en personas de 30 a 69 años, en un 20% al año 2028, mediante la implementación de intervenciones integrales de prevención, diagnóstico temprano y tratamiento oportuno en los establecimientos de la Red Pública. | J15: 1.5.4 La población usuaria recibe servicios de salud mental integrales y oportunos, que promueven el bienestar psicológico, la prevención de trastornos y la atención a personas en crisis. | P15: Salud Mental | Q15: Primer Nivel Centros Hospitalarios
B16: =IF('Formulario PPGR1'!$H16="","",CONCATENATE('Formulario PPGR1'!$C16,".",'Formulario PPGR1'!$D16,".",'Formulario PPGR1'!$E16,".",#REF!)) -> #REF! | C16: =IF('Formulario PPGR1'!$H16="","",#REF!) -> #REF! | D16: =IF('Formulario PPGR1'!$H16="","",#REF!) -> #REF! | E16: =IF('Formulario PPGR1'!$H16="","",#REF!) -> #REF! | F16: =_xlfn.XLOOKUP($H16,tbl_ejes_estrategicos[Ejes Estratégicos],tbl_ejes_estrategicos[Cod_Eje],"",0) -> EE.1 | G16: =_xlfn.XLOOKUP(Tabla3[[#This Row],[Resultado Estratégico Institucional]],Tabla13[RE Concatenado],Tabla13[RE],"",0) -> RE1.6 | H16: EE.1 - Desarrollo y fortalecimiento de las redes integradas de servicios de salud, fundamentada en el Modelo de Atención | I16: RE1.6 - Incrementado el acceso oportuno a servicios de salud de calidad, aumentando el acceso a servicios preventivos de 2.23% de la población prioritaria en 2023 al 5.24% en 2028 en todas las regiones del país. | J16: 1.6.1 Los estudiantes de los centros educativos en las jurisdicciones de los SRS Metropolitano (Santo Domingo Este y Oeste) y SRS Norcentral (Santiago) reciben seguimiento continuo a la implementación de la iniciativa de salud escolar, asegurando la promoción de la salud, prevención de enfermedades y bienestar integral. | P16: Primer Nivel
B17: =IF('Formulario PPGR1'!$H17="","",CONCATENATE('Formulario PPGR1'!$C17,".",'Formulario PPGR1'!$D17,".",'Formulario PPGR1'!$E17,".",#REF!)) -> #REF! | C17: =IF('Formulario PPGR1'!$H17="","",#REF!) -> #REF! | D17: =IF('Formulario PPGR1'!$H17="","",#REF!) -> #REF! | E17: =IF('Formulario PPGR1'!$H17="","",#REF!) -> #REF! | F17: =_xlfn.XLOOKUP($H17,tbl_ejes_estrategicos[Ejes Estratégicos],tbl_ejes_estrategicos[Cod_Eje],"",0) -> EE.1 | G17: =_xlfn.XLOOKUP(Tabla3[[#This Row],[Resultado Estratégico Institucional]],Tabla13[RE Concatenado],Tabla13[RE],"",0) -> RE1.6 | H17: EE.1 - Desarrollo y fortalecimiento de las redes integradas de servicios de salud, fundamentada en el Modelo de Atención | I17: RE1.6 - Incrementado el acceso oportuno a servicios de salud de calidad, aumentando el acceso a servicios preventivos de 2.23% de la población prioritaria en 2023 al 5.24% en 2028 en todas las regiones del país. | J17: 1.6.2 Mujeres en edad fértil de población prioritaria recibe acceso oportuno a servicios preventivos de salud a través de campañas y exámenes de detección de cáncer cervicouterino | P17: Primer Nivel
B18: =IF('Formulario PPGR1'!$H18="","",CONCATENATE('Formulario PPGR1'!$C18,".",'Formulario PPGR1'!$D18,".",'Formulario PPGR1'!$E18,".",#REF!)) -> #REF! | C18: =IF('Formulario PPGR1'!$H18="","",#REF!) -> #REF! | D18: =IF('Formulario PPGR1'!$H18="","",#REF!) -> #REF! | E18: =IF('Formulario PPGR1'!$H18="","",#REF!) -> #REF! | F18: =_xlfn.XLOOKUP($H18,tbl_ejes_estrategicos[Ejes Estratégicos],tbl_ejes_estrategicos[Cod_Eje],"",0) -> EE.1 | G18: =_xlfn.XLOOKUP(Tabla3[[#This Row],[Resultado Estratégico Institucional]],Tabla13[RE Concatenado],Tabla13[RE],"",0) -> RE1.6 | H18: EE.1 - Desarrollo y fortalecimiento de las redes integradas de servicios de salud, fundamentada en el Modelo de Atención | I18: RE1.6 - Incrementado el acceso oportuno a servicios de salud de calidad, aumentando el acceso a servicios preventivos de 2.23% de la población prioritaria en 2023 al 5.24% en 2028 en todas las regiones del país. | J18: 1.6.3 Hombres >40 años de población prioritaria recibe acceso oportuno a servicios preventivos de salud a través de campañas y exámenes de detección de cáncer de próstata | P18: Primer Nivel
B19: =IF('Formulario PPGR1'!$H19="","",CONCATENATE('Formulario PPGR1'!$C19,".",'Formulario PPGR1'!$D19,".",'Formulario PPGR1'!$E19,".",#REF!)) -> #REF! | C19: =IF('Formulario PPGR1'!$H19="","",#REF!) -> #REF! | D19: =IF('Formulario PPGR1'!$H19="","",#REF!) -> #REF! | E19: =IF('Formulario PPGR1'!$H19="","",#REF!) -> #REF! | F19: =_xlfn.XLOOKUP($H19,tbl_ejes_estrategicos[Ejes Estratégicos],tbl_ejes_estrategicos[Cod_Eje],"",0) -> EE.1 | G19: =_xlfn.XLOOKUP(Tabla3[[#This Row],[Resultado Estratégico Institucional]],Tabla13[RE Concatenado],Tabla13[RE],"",0) -> RE1.6 | H19: EE.1 - Desarrollo y fortalecimiento de las redes integradas de servicios de salud, fundamentada en el Modelo de Atención | I19: RE1.6 - Incrementado el acceso oportuno a servicios de salud de calidad, aumentando el acceso a servicios preventivos de 2.23% de la población prioritaria en 2023 al 5.24% en 2028 en todas las regiones del país. | J19: 1.6.4 Los pacientes del sistema público de salud reciben atención segura y de calidad mediante el monitoreo y evaluación de la adherencia de los establecimientos de salud a protocolos, guías de atención y demás normativas establecidas. | P19: Primer Nivel
B20: =IF('Formulario PPGR1'!$H20="","",CONCATENATE('Formulario PPGR1'!$C20,".",'Formulario PPGR1'!$D20,".",'Formulario PPGR1'!$E20,".",#REF!)) -> #REF! | C20: =IF('Formulario PPGR1'!$H20="","",#REF!) -> #REF! | D20: =IF('Formulario PPGR1'!$H20="","",#REF!) -> #REF! | E20: =IF('Formulario PPGR1'!$H20="","",#REF!) -> #REF! | F20: =_xlfn.XLOOKUP($H20,tbl_ejes_estrategicos[Ejes Estratégicos],tbl_ejes_estrategicos[Cod_Eje],"",0) -> EE.1 | G20: =_xlfn.XLOOKUP(Tabla3[[#This Row],[Resultado Estratégico Institucional]],Tabla13[RE Concatenado],Tabla13[RE],"",0) -> RE1.6 | H20: EE.1 - Desarrollo y fortalecimiento de las redes integradas de servicios de salud, fundamentada en el Modelo de Atención | I20: RE1.6 - Incrementado el acceso oportuno a servicios de salud de calidad, aumentando el acceso a servicios preventivos de 2.23% de la población prioritaria en 2023 al 5.24% en 2028 en todas las regiones del país. | J20: 1.6.5 La población usuaria recibe servicios odontológicos fortalecidos y de calidad mediante la ejecución de planes de mejora de la atención dental. | P20: Odontología | Q20: Primer Nivel Centros Hospitalarios
B21: =IF('Formulario PPGR1'!$H21="","",CONCATENATE('Formulario PPGR1'!$C21,".",'Formulario PPGR1'!$D21,".",'Formulario PPGR1'!$E21,".",#REF!)) -> #REF! | C21: =IF('Formulario PPGR1'!$H21="","",#REF!) -> #REF! | D21: =IF('Formulario PPGR1'!$H21="","",#REF!) -> #REF! | E21: =IF('Formulario PPGR1'!$H21="","",#REF!) -> #REF! | F21: =_xlfn.XLOOKUP($H21,tbl_ejes_estrategicos[Ejes Estratégicos],tbl_ejes_estrategicos[Cod_Eje],"",0) -> EE.1 | G21: =_xlfn.XLOOKUP(Tabla3[[#This Row],[Resultado Estratégico Institucional]],Tabla13[RE Concatenado],Tabla13[RE],"",0) -> RE1.6 | H21: EE.1 - Desarrollo y fortalecimiento de las redes integradas de servicios de salud, fundamentada en el Modelo de Atención | I21: RE1.6 - Incrementado el acceso oportuno a servicios de salud de calidad, aumentando el acceso a servicios preventivos de 2.23% de la población prioritaria en 2023 al 5.24% en 2028 en todas las regiones del país. | J21: 1.6.6 La población en riesgo y los pacientes con tuberculosis reciben diagnóstico, tratamiento y seguimiento oportunos, garantizando prevención, control y reducción de la transmisión de la enfermedad. | P21: Gestión Clínica | Q21: Primer Nivel Centros Hospitalarios
B22: =IF('Formulario PPGR1'!$H22="","",CONCATENATE('Formulario PPGR1'!$C22,".",'Formulario PPGR1'!$D22,".",'Formulario PPGR1'!$E22,".",#REF!)) -> #REF! | C22: =IF('Formulario PPGR1'!$H22="","",#REF!) -> #REF! | D22: =IF('Formulario PPGR1'!$H22="","",#REF!) -> #REF! | E22: =IF('Formulario PPGR1'!$H22="","",#REF!) -> #REF! | F22: =_xlfn.XLOOKUP($H22,tbl_ejes_estrategicos[Ejes Estratégicos],tbl_ejes_estrategicos[Cod_Eje],"",0) -> EE.1 | G22: =_xlfn.XLOOKUP(Tabla3[[#This Row],[Resultado Estratégico Institucional]],Tabla13[RE Concatenado],Tabla13[RE],"",0) -> RE1.6 | H22: EE.1 - Desarrollo y fortalecimiento de las redes integradas de servicios de salud, fundamentada en el Modelo de Atención | I22: RE1.6 - Incrementado el acceso oportuno a servicios de salud de calidad, aumentando el acceso a servicios preventivos de 2.23% de la población prioritaria en 2023 al 5.24% en 2028 en todas las regiones del país. | J22: 1.6.7 La población en riesgo recibe prevención, vigilancia y control de enfermedades zoonóticas, garantizando la detección temprana y la reducción de su transmisión. | P22: Gestión Clínica | Q22: Primer Nivel Centros Hospitalarios
B23: =IF('Formulario PPGR1'!$H23="","",CONCATENATE('Formulario PPGR1'!$C23,".",'Formulario PPGR1'!$D23,".",'Formulario PPGR1'!$E23,".",#REF!)) -> #REF! | C23: =IF('Formulario PPGR1'!$H23="","",#REF!) -> #REF! | D23: =IF('Formulario PPGR1'!$H23="","",#REF!) -> #REF! | E23: =IF('Formulario PPGR1'!$H23="","",#REF!) -> #REF! | F23: =_xlfn.XLOOKUP($H23,tbl_ejes_estrategicos[Ejes Estratégicos],tbl_ejes_estrategicos[Cod_Eje],"",0) -> EE.1 | G23: =_xlfn.XLOOKUP(Tabla3[[#This Row],[Resultado Estratégico Institucional]],Tabla13[RE Concatenado],Tabla13[RE],"",0) -> RE1.6 | H23: EE.1 - Desarrollo y fortalecimiento de las redes integradas de servicios de salud, fundamentada en el Modelo de Atención | I23: RE1.6 - Incrementado el acceso oportuno a servicios de salud de calidad, aumentando el acceso a servicios preventivos de 2.23% de la población prioritaria en 2023 al 5.24% en 2028 en todas las regiones del país. | J23: 1.6.8 La población en riesgo y personas con VIH reciben servicios integrales de prevención, diagnóstico, tratamiento y seguimiento, garantizando continuidad de la atención y reducción de la transmisión. | P23: Gestión Clínica | Q23: Primer Nivel Centros Hospitalarios
B24: =IF('Formulario PPGR1'!$H24="","",CONCATENATE('Formulario PPGR1'!$C24,".",'Formulario PPGR1'!$D24,".",'Formulario PPGR1'!$E24,".",#REF!)) -> #REF! | C24: =IF('Formulario PPGR1'!$H24="","",#REF!) -> #REF! | D24: =IF('Formulario PPGR1'!$H24="","",#REF!) -> #REF! | E24: =IF('Formulario PPGR1'!$H24="","",#REF!) -> #REF! | F24: =_xlfn.XLOOKUP($H24,tbl_ejes_estrategicos[Ejes Estratégicos],tbl_ejes_estrategicos[Cod_Eje],"",0) -> EE.1 | G24: =_xlfn.XLOOKUP(Tabla3[[#This Row],[Resultado Estratégico Institucional]],Tabla13[RE Concatenado],Tabla13[RE],"",0) -> RE1.7 | H24: EE.1 - Desarrollo y fortalecimiento de las redes integradas de servicios de salud, fundamentada en el Modelo de Atención | I24: RE1.7 - Aumentada la disponibilidad de medicamentos esenciales en los establecimientos de la Red Pública de Servicios de Salud, incrementando el cumplimiento promedio de abastecimiento del 88% en 2023 al 93% en 2028 en todas las regiones del país. | J24: 1.7.1 Pacientes reciben medicamentos esenciales para el tratamiento adecuado y oportuno de sus condiciones de salud. | P24: Medicamentos e Insumos | Q24: Primer Nivel Centros Hospitalarios Gestión Clínica Materno Infantil y Adolescentes
B25: =IF('Formulario PPGR1'!$H25="","",CONCATENATE('Formulario PPGR1'!$C25,".",'Formulario PPGR1'!$D25,".",'Formulario PPGR1'!$E25,".",#REF!)) -> #REF! | C25: =IF('Formulario PPGR1'!$H25="","",#REF!) -> #REF! | D25: =IF('Formulario PPGR1'!$H25="","",#REF!) -> #REF! | E25: =IF('Formulario PPGR1'!$H25="","",#REF!) -> #REF! | F25: =_xlfn.XLOOKUP($H25,tbl_ejes_estrategicos[Ejes Estratégicos],tbl_ejes_estrategicos[Cod_Eje],"",0) -> EE.1 | G25: =_xlfn.XLOOKUP(Tabla3[[#This Row],[Resultado Estratégico Institucional]],Tabla13[RE Concatenado],Tabla13[RE],"",0) -> RE1.8 | H25: EE.1 - Desarrollo y fortalecimiento de las redes integradas de servicios de salud, fundamentada en el Modelo de Atención | I25: RE1.8 - Superadas las deficiencias en la organización e implementación de las Redes Integradas de Servicios de Salud (RISS) beneficiando a toda la población que utiliza los servicios de salud de la Red Pública, aumentando del 38% en 2023 al 50% en 2028 en todo el territorio nacional. | J25: 1.8.1 La población asignada al Primer Nivel de Atención recibe un mayor volumen de servicios de salud, asegurando accesibilidad, cobertura y continuidad en la atención. | P25: Primer Nivel
B26: =IF('Formulario PPGR1'!$H26="","",CONCATENATE('Formulario PPGR1'!$C26,".",'Formulario PPGR1'!$D26,".",'Formulario PPGR1'!$E26,".",#REF!)) -> #REF! | C26: =IF('Formulario PPGR1'!$H26="","",#REF!) -> #REF! | D26: =IF('Formulario PPGR1'!$H26="","",#REF!) -> #REF! | E26: =IF('Formulario PPGR1'!$H26="","",#REF!) -> #REF! | F26: =_xlfn.XLOOKUP($H26,tbl_ejes_estrategicos[Ejes Estratégicos],tbl_ejes_estrategicos[Cod_Eje],"",0) -> EE.1 | G26: =_xlfn.XLOOKUP(Tabla3[[#This Row],[Resultado Estratégico Institucional]],Tabla13[RE Concatenado],Tabla13[RE],"",0) -> RE1.8 | H26: EE.1 - Desarrollo y fortalecimiento de las redes integradas de servicios de salud, fundamentada en el Modelo de Atención | I26: RE1.8 - Superadas las deficiencias en la organización e implementación de las Redes Integradas de Servicios de Salud (RISS) beneficiando a toda la población que utiliza los servicios de salud de la Red Pública, aumentando del 38% en 2023 al 50% en 2028 en todo el territorio nacional. | J26: 1.8.2 La población recibe acceso equitativo a servicios de salud, incluidos los de emergencia, de calidad, seguros, integrales, continuos e inclusivos, mediante redes integradas que incorporan mejora continua de procesos y avances tecnológicos. | P26: Centros Hospitalarios
B27: =IF('Formulario PPGR1'!$H27="","",CONCATENATE('Formulario PPGR1'!$C27,".",'Formulario PPGR1'!$D27,".",'Formulario PPGR1'!$E27,".",#REF!)) -> #REF! | C27: =IF('Formulario PPGR1'!$H27="","",#REF!) -> #REF! | D27: =IF('Formulario PPGR1'!$H27="","",#REF!) -> #REF! | E27: =IF('Formulario PPGR1'!$H27="","",#REF!) -> #REF! | F27: =_xlfn.XLOOKUP($H27,tbl_ejes_estrategicos[Ejes Estratégicos],tbl_ejes_estrategicos[Cod_Eje],"",0) -> EE.1 | G27: =_xlfn.XLOOKUP(Tabla3[[#This Row],[Resultado Estratégico Institucional]],Tabla13[RE Concatenado],Tabla13[RE],"",0) -> RE1.8 | H27: EE.1 - Desarrollo y fortalecimiento de las redes integradas de servicios de salud, fundamentada en el Modelo de Atención | I27: RE1.8 - Superadas las deficiencias en la organización e implementación de las Redes Integradas de Servicios de Salud (RISS) beneficiando a toda la población que utiliza los servicios de salud de la Red Pública, aumentando del 38% en 2023 al 50% en 2028 en todo el territorio nacional. | J27: 1.8.3 La población usuaria recibe servicios hospitalarios fortalecidos, integrales y de calidad mediante la mejora continua de procesos y servicios, la optimización de la gestión y el fortalecimiento de la infraestructura, el equipamiento y las capacidades del personal. | P27: Centros Hospitalarios
B28: =IF('Formulario PPGR1'!$H28="","",CONCATENATE('Formulario PPGR1'!$C28,".",'Formulario PPGR1'!$D28,".",'Formulario PPGR1'!$E28,".",#REF!)) -> #REF! | C28: =IF('Formulario PPGR1'!$H28="","",#REF!) -> #REF! | D28: =IF('Formulario PPGR1'!$H28="","",#REF!) -> #REF! | E28: =IF('Formulario PPGR1'!$H28="","",#REF!) -> #REF! | F28: =_xlfn.XLOOKUP($H28,tbl_ejes_estrategicos[Ejes Estratégicos],tbl_ejes_estrategicos[Cod_Eje],"",0) -> EE.1 | G28: =_xlfn.XLOOKUP(Tabla3[[#This Row],[Resultado Estratégico Institucional]],Tabla13[RE Concatenado],Tabla13[RE],"",0) -> RE1.9 | H28: EE.1 - Desarrollo y fortalecimiento de las redes integradas de servicios de salud, fundamentada en el Modelo de Atención | I28: RE1.9 - Fortalecida la implementación del Modelo de Atención en Salud beneficiando a la población usuaria del primer nivel de atención, incrementando la adscripción del 7% en 2023 al 80% en 2028, en todas las regiones del país. | J28: 1.9.1 Población prioritaria adscrita al Primer Nivel de Atención para recibir atención integral | P28: Primer Nivel
B29: =IF('Formulario PPGR1'!$H29="","",CONCATENATE('Formulario PPGR1'!$C29,".",'Formulario PPGR1'!$D29,".",'Formulario PPGR1'!$E29,".",#REF!)) -> #REF! | C29: =IF('Formulario PPGR1'!$H29="","",#REF!) -> #REF! | D29: =IF('Formulario PPGR1'!$H29="","",#REF!) -> #REF! | E29: =IF('Formulario PPGR1'!$H29="","",#REF!) -> #REF! | F29: =_xlfn.XLOOKUP($H29,tbl_ejes_estrategicos[Ejes Estratégicos],tbl_ejes_estrategicos[Cod_Eje],"",0) -> EE.1 | G29: =_xlfn.XLOOKUP(Tabla3[[#This Row],[Resultado Estratégico Institucional]],Tabla13[RE Concatenado],Tabla13[RE],"",0) -> RE1.10 | H29: EE.1 - Desarrollo y fortalecimiento de las redes integradas de servicios de salud, fundamentada en el Modelo de Atención | I29: RE1.10 - Mejorada la distribución y presencia del Primer Nivel de Atención respecto a la sectorización, incrementando la presencia del Primer Nivel del 70% en 2023 al 71% en 2028 en todas las regiones del territorio nacional. | J29: 1.10.1 Población de zonas rurales y vulnerables recibe acceso mejorado a atención primaria de salud a través de una distribución más eficiente de recursos. | P29: Primer Nivel | Q29: Administrativo Financiero
B30: =IF('Formulario PPGR1'!$H30="","",CONCATENATE('Formulario PPGR1'!$C30,".",'Formulario PPGR1'!$D30,".",'Formulario PPGR1'!$E30,".",#REF!)) -> #REF! | C30: =IF('Formulario PPGR1'!$H30="","",#REF!) -> #REF! | D30: =IF('Formulario PPGR1'!$H30="","",#REF!) -> #REF! | E30: =IF('Formulario PPGR1'!$H30="","",#REF!) -> #REF! | F30: =_xlfn.XLOOKUP($H30,tbl_ejes_estrategicos[Ejes Estratégicos],tbl_ejes_estrategicos[Cod_Eje],"",0) -> EE.1 | G30: =_xlfn.XLOOKUP(Tabla3[[#This Row],[Resultado Estratégico Institucional]],Tabla13[RE Concatenado],Tabla13[RE],"",0) -> RE1.11 | H30: EE.1 - Desarrollo y fortalecimiento de las redes integradas de servicios de salud, fundamentada en el Modelo de Atención | I30: RE1.11 - Fortalecida la continuidad en la atención de las puérperas y recién nacidos, aumentando la captación oportuna del 30% en 2023 al 50% en 2028 en el Primer Nivel de Atención. | J30: 1.11.1Puérperas reciben atención continua y seguimiento postparto en el primer nivel de atención. | P30: Primer Nivel | Q30: Materno-Neonatal
B31: =IF('Formulario PPGR1'!$H31="","",CONCATENATE('Formulario PPGR1'!$C31,".",'Formulario PPGR1'!$D31,".",'Formulario PPGR1'!$E31,".",#REF!)) -> #REF! | C31: =IF('Formulario PPGR1'!$H31="","",#REF!) -> #REF! | D31: =IF('Formulario PPGR1'!$H31="","",#REF!) -> #REF! | E31: =IF('Formulario PPGR1'!$H31="","",#REF!) -> #REF! | F31: =_xlfn.XLOOKUP($H31,tbl_ejes_estrategicos[Ejes Estratégicos],tbl_ejes_estrategicos[Cod_Eje],"",0) -> EE.1 | G31: =_xlfn.XLOOKUP(Tabla3[[#This Row],[Resultado Estratégico Institucional]],Tabla13[RE Concatenado],Tabla13[RE],"",0) -> RE1.11 | H31: EE.1 - Desarrollo y fortalecimiento de las redes integradas de servicios de salud, fundamentada en el Modelo de Atención | I31: RE1.11 - Fortalecida la continuidad en la atención de las puérperas y recién nacidos, aumentando la captación oportuna del 30% en 2023 al 50% en 2028 en el Primer Nivel de Atención. | J31: 1.11.2 Recién nacidos reciben atención continua y seguimiento postparto en el primer nivel de atención. | P31: Primer Nivel | Q31: Materno-Neonatal
B32: =IF('Formulario PPGR1'!$H32="","",CONCATENATE('Formulario PPGR1'!$C32,".",'Formulario PPGR1'!$D32,".",'Formulario PPGR1'!$E32,".",#REF!)) -> #REF! | C32: =IF('Formulario PPGR1'!$H32="","",#REF!) -> #REF! | D32: =IF('Formulario PPGR1'!$H32="","",#REF!) -> #REF! | E32: =IF('Formulario PPGR1'!$H32="","",#REF!) -> #REF! | F32: =_xlfn.XLOOKUP($H32,tbl_ejes_estrategicos[Ejes Estratégicos],tbl_ejes_estrategicos[Cod_Eje],"",0) -> EE.1 | G32: =_xlfn.XLOOKUP(Tabla3[[#This Row],[Resultado Estratégico Institucional]],Tabla13[RE Concatenado],Tabla13[RE],"",0) -> RE1.12 | H32: EE.1 - Desarrollo y fortalecimiento de las redes integradas de servicios de salud, fundamentada en el Modelo de Atención | I32: RE1.12 - Superadas las deficiencias en la organización e implementación de las Redes Integradas de Servicios de Salud (RISS) beneficiando a toda la población que utiliza los servicios de salud de la Red Pública, aumentando del 38% en 2023 al 50% en 2028 en todo el territorio nacional. | J32: 1.12.1 La población usuaria de los servicios de salud se beneficia de la disponibilidad oportuna de recursos financieros, gracias a que los establecimientos de salud (EES) ejecutan su presupuesto de manera eficiente, transparente y orientada a garantizar servicios de calidad. | P32: Administartivo-Financiero
B33: =IF('Formulario PPGR1'!$H33="","",CONCATENATE('Formulario PPGR1'!$C33,".",'Formulario PPGR1'!$D33,".",'Formulario PPGR1'!$E33,".",#REF!)) -> #REF! | C33: =IF('Formulario PPGR1'!$H33="","",#REF!) -> #REF! | D33: =IF('Formulario PPGR1'!$H33="","",#REF!) -> #REF! | E33: =IF('Formulario PPGR1'!$H33="","",#REF!) -> #REF! | F33: =_xlfn.XLOOKUP($H33,tbl_ejes_estrategicos[Ejes Estratégicos],tbl_ejes_estrategicos[Cod_Eje],"",0) -> EE.1 | G33: =_xlfn.XLOOKUP(Tabla3[[#This Row],[Resultado Estratégico Institucional]],Tabla13[RE Concatenado],Tabla13[RE],"",0) -> RE1.12 | H33: EE.1 - Desarrollo y fortalecimiento de las redes integradas de servicios de salud, fundamentada en el Modelo de Atención | I33: RE1.12 - Superadas las deficiencias en la organización e implementación de las Redes Integradas de Servicios de Salud (RISS) beneficiando a toda la población que utiliza los servicios de salud de la Red Pública, aumentando del 38% en 2023 al 50% en 2028 en todo el territorio nacional. | J33: 1.12.2 La población usuaria recibe atención continua y coordinada mediante la articulación efectiva de los procesos de referencia y contrarreferencia en la red de salud. | P33: Atención a los Usuarios | Q33: Gestión Clínica
B34: =IF('Formulario PPGR1'!$H34="","",CONCATENATE('Formulario PPGR1'!$C34,".",'Formulario PPGR1'!$D34,".",'Formulario PPGR1'!$E34,".",#REF!)) -> #REF! | C34: =IF('Formulario PPGR1'!$H34="","",#REF!) -> #REF! | D34: =IF('Formulario PPGR1'!$H34="","",#REF!) -> #REF! | E34: =IF('Formulario PPGR1'!$H34="","",#REF!) -> #REF! | F34: =_xlfn.XLOOKUP($H34,tbl_ejes_estrategicos[Ejes Estratégicos],tbl_ejes_estrategicos[Cod_Eje],"",0) -> EE.1 | G34: =_xlfn.XLOOKUP(Tabla3[[#This Row],[Resultado Estratégico Institucional]],Tabla13[RE Concatenado],Tabla13[RE],"",0) -> RE1.12 | H34: EE.1 - Desarrollo y fortalecimiento de las redes integradas de servicios de salud, fundamentada en el Modelo de Atención | I34: RE1.12 - Superadas las deficiencias en la organización e implementación de las Redes Integradas de Servicios de Salud (RISS) beneficiando a toda la población que utiliza los servicios de salud de la Red Pública, aumentando del 38% en 2023 al 50% en 2028 en todo el territorio nacional. | J34: 1.12.3 La población usuaria recibe acceso a una cartera de servicios de salud integral, oportuna y de calidad, que responde a sus necesidades sanitarias. | P34: Gestión Clínica | Q34: Atención a Usuarios
B35: =IF('Formulario PPGR1'!$H35="","",CONCATENATE('Formulario PPGR1'!$C35,".",'Formulario PPGR1'!$D35,".",'Formulario PPGR1'!$E35,".",#REF!)) -> #REF! | C35: =IF('Formulario PPGR1'!$H35="","",#REF!) -> #REF! | D35: =IF('Formulario PPGR1'!$H35="","",#REF!) -> #REF! | E35: =IF('Formulario PPGR1'!$H35="","",#REF!) -> #REF! | F35: =_xlfn.XLOOKUP($H35,tbl_ejes_estrategicos[Ejes Estratégicos],tbl_ejes_estrategicos[Cod_Eje],"",0) -> EE.2 | G35: =_xlfn.XLOOKUP(Tabla3[[#This Row],[Resultado Estratégico Institucional]],Tabla13[RE Concatenado],Tabla13[RE],"",0) -> RE2.1 | H35: EE.2 - Fortalecimiento del desarrollo y la gestión de los recursos humanos | I35: RE2.1 - Reducida la escasez de recursos humanos de salud, aumentando un 12% en el 2028 la dotación de personal en establecimientos públicos del país. | J35: 2.1.1 El personal del SNS recibe desarrollo de competencias (técnicas y blandas), evaluación del desempeño y gestión de seguridad y salud en el trabajo, con procesos efectivos de relaciones laborales, para mejorar el desempeño, el bienestar y el cumplimiento normativo en toda la red. | P35: Recursos Humanos
B36: =IF('Formulario PPGR1'!$H36="","",CONCATENATE('Formulario PPGR1'!$C36,".",'Formulario PPGR1'!$D36,".",'Formulario PPGR1'!$E36,".",#REF!)) -> #REF! | C36: =IF('Formulario PPGR1'!$H36="","",#REF!) -> #REF! | D36: =IF('Formulario PPGR1'!$H36="","",#REF!) -> #REF! | E36: =IF('Formulario PPGR1'!$H36="","",#REF!) -> #REF! | F36: =_xlfn.XLOOKUP($H36,tbl_ejes_estrategicos[Ejes Estratégicos],tbl_ejes_estrategicos[Cod_Eje],"",0) -> EE.2 | G36: =_xlfn.XLOOKUP(Tabla3[[#This Row],[Resultado Estratégico Institucional]],Tabla13[RE Concatenado],Tabla13[RE],"",0) -> RE2.2 | H36: EE.2 - Fortalecimiento del desarrollo y la gestión de los recursos humanos | I36: RE2.2 - Incrementada la eficacia de los procesos de contratación y retención de recursos humanos de salud en establecimientos públicos, reduciendo vacantes y mejorando la dotación de personal. | J36: 2.2.2. Las autoridades y gestores del SNS disponen de un análisis actualizado de la demanda de recursos humanos por nivel de atención, que permite dimensionar dotaciones, planificar reclutamiento y formación, y mejorar la distribución del personal según necesidades poblacionales. | P36: Recursos Humanos | Q36: Primer Nivel Centros Hospitalarios
B37: =IF('Formulario PPGR1'!$H37="","",CONCATENATE('Formulario PPGR1'!$C37,".",'Formulario PPGR1'!$D37,".",'Formulario PPGR1'!$E37,".",#REF!)) -> #REF! | C37: =IF('Formulario PPGR1'!$H37="","",#REF!) -> #REF! | D37: =IF('Formulario PPGR1'!$H37="","",#REF!) -> #REF! | E37: =IF('Formulario PPGR1'!$H37="","",#REF!) -> #REF! | F37: =_xlfn.XLOOKUP($H37,tbl_ejes_estrategicos[Ejes Estratégicos],tbl_ejes_estrategicos[Cod_Eje],"",0) -> EE.3 | G37: =_xlfn.XLOOKUP(Tabla3[[#This Row],[Resultado Estratégico Institucional]],Tabla13[RE Concatenado],Tabla13[RE],"",0) -> RE3.1 | H37: EE.3 - Fortalecimiento institucional | I37: RE3.1 - Fortalecida la capacidad institucional para aumentar el acceso a servicios públicos de calidad mediante la optimización de procesos, empoderamiento del talento humano, articulación efectiva, incorporación de tecnologías de la información y comunicación, modernización de la infraestructura física y equipamiento adecuado. | J37: 3.1.1 Los Centros de Atención y Servicios (CEAS) y las Oficinas Regionales de Salud (ORS) reciben el Formulario de Levantamiento de Necesidades de Cooperación No Reembolsable como instrumento estandarizado, para identificar y priorizar requerimientos vinculados a cooperación y asistencia técnica. | P37: Planificación
B38: =IF('Formulario PPGR1'!$H38="","",CONCATENATE('Formulario PPGR1'!$C38,".",'Formulario PPGR1'!$D38,".",'Formulario PPGR1'!$E38,".",#REF!)) -> #REF! | C38: =IF('Formulario PPGR1'!$H38="","",#REF!) -> #REF! | D38: =IF('Formulario PPGR1'!$H38="","",#REF!) -> #REF! | E38: =IF('Formulario PPGR1'!$H38="","",#REF!) -> #REF! | F38: =_xlfn.XLOOKUP($H38,tbl_ejes_estrategicos[Ejes Estratégicos],tbl_ejes_estrategicos[Cod_Eje],"",0) -> EE.3 | G38: =_xlfn.XLOOKUP(Tabla3[[#This Row],[Resultado Estratégico Institucional]],Tabla13[RE Concatenado],Tabla13[RE],"",0) -> RE3.1 | H38: EE.3 - Fortalecimiento institucional | I38: RE3.1 - Fortalecida la capacidad institucional para aumentar el acceso a servicios públicos de calidad mediante la optimización de procesos, empoderamiento del talento humano, articulación efectiva, incorporación de tecnologías de la información y comunicación, modernización de la infraestructura física y equipamiento adecuado. | J38: 3.1.2 La ciudadanía y los colaboradores reciben información y orientación mediante estrategias de comunicación y campañas inclusivas, fortaleciendo la confianza, aceptación institucional, coordinación interna y promoviendo la transformación del SNS hacia una red pública integrada y centrada en el paciente. | P38: Comunicaciones
B39: =IF('Formulario PPGR1'!$H39="","",CONCATENATE('Formulario PPGR1'!$C39,".",'Formulario PPGR1'!$D39,".",'Formulario PPGR1'!$E39,".",#REF!)) -> #REF! | C39: =IF('Formulario PPGR1'!$H39="","",#REF!) -> #REF! | D39: =IF('Formulario PPGR1'!$H39="","",#REF!) -> #REF! | E39: =IF('Formulario PPGR1'!$H39="","",#REF!) -> #REF! | F39: =_xlfn.XLOOKUP($H39,tbl_ejes_estrategicos[Ejes Estratégicos],tbl_ejes_estrategicos[Cod_Eje],"",0) -> EE.3 | G39: =_xlfn.XLOOKUP(Tabla3[[#This Row],[Resultado Estratégico Institucional]],Tabla13[RE Concatenado],Tabla13[RE],"",0) -> RE3.1 | H39: EE.3 - Fortalecimiento institucional | I39: RE3.1 - Fortalecida la capacidad institucional para aumentar el acceso a servicios públicos de calidad mediante la optimización de procesos, empoderamiento del talento humano, articulación efectiva, incorporación de tecnologías de la información y comunicación, modernización de la infraestructura física y equipamiento adecuado. | J39: 3.1.3 Personal y población usuaria reciben beneficios del PAI-RSI mediante iniciativas que promueven eficiencia energética, gestión de residuos, uso racional del agua y sensibilización ambiental en Sede Central y SRS. | P39: Comunicaciones
B40: =IF('Formulario PPGR1'!$H40="","",CONCATENATE('Formulario PPGR1'!$C40,".",'Formulario PPGR1'!$D40,".",'Formulario PPGR1'!$E40,".",#REF!)) -> #REF! | C40: =IF('Formulario PPGR1'!$H40="","",#REF!) -> #REF! | D40: =IF('Formulario PPGR1'!$H40="","",#REF!) -> #REF! | E40: =IF('Formulario PPGR1'!$H40="","",#REF!) -> #REF! | F40: =_xlfn.XLOOKUP($H40,tbl_ejes_estrategicos[Ejes Estratégicos],tbl_ejes_estrategicos[Cod_Eje],"",0) -> EE.3 | G40: =_xlfn.XLOOKUP(Tabla3[[#This Row],[Resultado Estratégico Institucional]],Tabla13[RE Concatenado],Tabla13[RE],"",0) -> RE3.1 | H40: EE.3 - Fortalecimiento institucional | I40: RE3.1 - Fortalecida la capacidad institucional para aumentar el acceso a servicios públicos de calidad mediante la optimización de procesos, empoderamiento del talento humano, articulación efectiva, incorporación de tecnologías de la información y comunicación, modernización de la infraestructura física y equipamiento adecuado. | J40: 3.1.4 Los Servicios Regionales de Salud (SRS) reciben procesos estandarizados de gestión y seguimiento de casos litigiosos, asegurando eficiencia, transparencia y resolución oportuna de los procedimientos legales. | P40: Jurídica
B41: =IF('Formulario PPGR1'!$H41="","",CONCATENATE('Formulario PPGR1'!$C41,".",'Formulario PPGR1'!$D41,".",'Formulario PPGR1'!$E41,".",#REF!)) -> #REF! | C41: =IF('Formulario PPGR1'!$H41="","",#REF!) -> #REF! | D41: =IF('Formulario PPGR1'!$H41="","",#REF!) -> #REF! | E41: =IF('Formulario PPGR1'!$H41="","",#REF!) -> #REF! | F41: =_xlfn.XLOOKUP($H41,tbl_ejes_estrategicos[Ejes Estratégicos],tbl_ejes_estrategicos[Cod_Eje],"",0) -> EE.3 | G41: =_xlfn.XLOOKUP(Tabla3[[#This Row],[Resultado Estratégico Institucional]],Tabla13[RE Concatenado],Tabla13[RE],"",0) -> RE3.1 | H41: EE.3 - Fortalecimiento institucional | I41: RE3.1 - Fortalecida la capacidad institucional para aumentar el acceso a servicios públicos de calidad mediante la optimización de procesos, empoderamiento del talento humano, articulación efectiva, incorporación de tecnologías de la información y comunicación, modernización de la infraestructura física y equipamiento adecuado. | J41: 3.1.5 Personal y usuarios del SNS reciben servicios tecnológicos confiables | P41: Tecnología | Q41: Primer Nivel Centros Hospitalarios | V41: Automatización Tecnológica
B42: =IF('Formulario PPGR1'!$H42="","",CONCATENATE('Formulario PPGR1'!$C42,".",'Formulario PPGR1'!$D42,".",'Formulario PPGR1'!$E42,".",#REF!)) -> #REF! | C42: =IF('Formulario PPGR1'!$H42="","",#REF!) -> #REF! | D42: =IF('Formulario PPGR1'!$H42="","",#REF!) -> #REF! | E42: =IF('Formulario PPGR1'!$H42="","",#REF!) -> #REF! | F42: =_xlfn.XLOOKUP($H42,tbl_ejes_estrategicos[Ejes Estratégicos],tbl_ejes_estrategicos[Cod_Eje],"",0) -> EE.3 | G42: =_xlfn.XLOOKUP(Tabla3[[#This Row],[Resultado Estratégico Institucional]],Tabla13[RE Concatenado],Tabla13[RE],"",0) -> RE3.1 | H42: EE.3 - Fortalecimiento institucional | I42: RE3.1 - Fortalecida la capacidad institucional para aumentar el acceso a servicios públicos de calidad mediante la optimización de procesos, empoderamiento del talento humano, articulación efectiva, incorporación de tecnologías de la información y comunicación, modernización de la infraestructura física y equipamiento adecuado. | J42: 3.1.6 La población usuaria recibe servicios seguros y de calidad mediante el fortalecimiento del modelo institucional de gestión y monitoreo de la calidad, con estándares, indicadores, auditorías y acciones de mejora continua en todas las unidades. | P42: Planificación
B43: =IF('Formulario PPGR1'!$H43="","",CONCATENATE('Formulario PPGR1'!$C43,".",'Formulario PPGR1'!$D43,".",'Formulario PPGR1'!$E43,".",#REF!)) -> #REF! | C43: =IF('Formulario PPGR1'!$H43="","",#REF!) -> #REF! | D43: =IF('Formulario PPGR1'!$H43="","",#REF!) -> #REF! | E43: =IF('Formulario PPGR1'!$H43="","",#REF!) -> #REF! | F43: =_xlfn.XLOOKUP($H43,tbl_ejes_estrategicos[Ejes Estratégicos],tbl_ejes_estrategicos[Cod_Eje],"",0) -> EE.3 | G43: =_xlfn.XLOOKUP(Tabla3[[#This Row],[Resultado Estratégico Institucional]],Tabla13[RE Concatenado],Tabla13[RE],"",0) -> RE3.1 | H43: EE.3 - Fortalecimiento institucional | I43: RE3.1 - Fortalecida la capacidad institucional para aumentar el acceso a servicios públicos de calidad mediante la optimización de procesos, empoderamiento del talento humano, articulación efectiva, incorporación de tecnologías de la información y comunicación, modernización de la infraestructura física y equipamiento adecuado. | J43: 3.1.7 Los establecimientos de la red SNS disponen de bienes oportunos, custodiados y en condiciones óptimas mediante el fortalecimiento del Sistema de Administración de Bienes: registro e inventario, control y trazabilidad, mantenimiento, distribución y bajas, con enfoque de ciclo de vida y transparencia. | P43: Administrativo-Financiero
B44: =IF('Formulario PPGR1'!$H44="","",CONCATENATE('Formulario PPGR1'!$C44,".",'Formulario PPGR1'!$D44,".",'Formulario PPGR1'!$E44,".",#REF!)) -> #REF! | C44: =IF('Formulario PPGR1'!$H44="","",#REF!) -> #REF! | D44: =IF('Formulario PPGR1'!$H44="","",#REF!) -> #REF! | E44: =IF('Formulario PPGR1'!$H44="","",#REF!) -> #REF! | F44: =_xlfn.XLOOKUP($H44,tbl_ejes_estrategicos[Ejes Estratégicos],tbl_ejes_estrategicos[Cod_Eje],"",0) -> EE.3 | G44: =_xlfn.XLOOKUP(Tabla3[[#This Row],[Resultado Estratégico Institucional]],Tabla13[RE Concatenado],Tabla13[RE],"",0) -> RE3.1 | H44: EE.3 - Fortalecimiento institucional | I44: RE3.1 - Fortalecida la capacidad institucional para aumentar el acceso a servicios públicos de calidad mediante la optimización de procesos, empoderamiento del talento humano, articulación efectiva, incorporación de tecnologías de la información y comunicación, modernización de la infraestructura física y equipamiento adecuado. | J44: 3.1.8 Las Direcciones Regionales y establecimientos del SRS disponen de un sistema institucional de archivo mejorado que asegura organización, conservación y acceso oportuno documentos, mediante estandarización de la gestión documental, digitalización, trazabilidad, control y seguridad de la información. | P44: Administrativo-Financiero
B45: =IF('Formulario PPGR1'!$H45="","",CONCATENATE('Formulario PPGR1'!$C45,".",'Formulario PPGR1'!$D45,".",'Formulario PPGR1'!$E45,".",#REF!)) -> #REF! | C45: =IF('Formulario PPGR1'!$H45="","",#REF!) -> #REF! | D45: =IF('Formulario PPGR1'!$H45="","",#REF!) -> #REF! | E45: =IF('Formulario PPGR1'!$H45="","",#REF!) -> #REF! | F45: =_xlfn.XLOOKUP($H45,tbl_ejes_estrategicos[Ejes Estratégicos],tbl_ejes_estrategicos[Cod_Eje],"",0) -> EE.3 | G45: =_xlfn.XLOOKUP(Tabla3[[#This Row],[Resultado Estratégico Institucional]],Tabla13[RE Concatenado],Tabla13[RE],"",0) -> RE3.2 | H45: EE.3 - Fortalecimiento institucional | I45: RE3.2 - Incrementada la satisfacción de usuarios y la calidad percibida de los servicios públicos | J45: 3.2.1 Los pacientes reciben cuidados seguros y de calidad mediante la continuidad en la implementación y aplicación de los siete estándares de calidad de los servicios de enfermería. | P45: Enfermería | Q45: Primer Nivel Centros Hospitalarios | V45: Cultura de Servicios y Gestión de Usuarios
B46: =IF('Formulario PPGR1'!$H46="","",CONCATENATE('Formulario PPGR1'!$C46,".",'Formulario PPGR1'!$D46,".",'Formulario PPGR1'!$E46,".",#REF!)) -> #REF! | C46: =IF('Formulario PPGR1'!$H46="","",#REF!) -> #REF! | D46: =IF('Formulario PPGR1'!$H46="","",#REF!) -> #REF! | E46: =IF('Formulario PPGR1'!$H46="","",#REF!) -> #REF! | F46: =_xlfn.XLOOKUP($H46,tbl_ejes_estrategicos[Ejes Estratégicos],tbl_ejes_estrategicos[Cod_Eje],"",0) -> EE.3 | G46: =_xlfn.XLOOKUP(Tabla3[[#This Row],[Resultado Estratégico Institucional]],Tabla13[RE Concatenado],Tabla13[RE],"",0) -> RE3.2 | H46: EE.3 - Fortalecimiento institucional | I46: RE3.2 - Incrementada la satisfacción de usuarios y la calidad percibida de los servicios públicos | J46: 3.2.2 La población usuaria y los clínicos reciben diagnósticos confiables y oportunos mediante el fortalecimiento de la red del SNS: monitoreo y evaluación continua de la calidad para guiar decisiones, habilitación/acreditación de establecimientos y cumplimiento de estándares de seguridad, asegurando acceso eficiente a servicios de calidad. | P46: Laboratorios Clínicos e Imágenes | V46: Fortalecimiento de la Veeduría y participación social
B47: =IF('Formulario PPGR1'!$H47="","",CONCATENATE('Formulario PPGR1'!$C47,".",'Formulario PPGR1'!$D47,".",'Formulario PPGR1'!$E47,".",#REF!)) -> #REF! | C47: =IF('Formulario PPGR1'!$H47="","",#REF!) -> #REF! | D47: =IF('Formulario PPGR1'!$H47="","",#REF!) -> #REF! | E47: =IF('Formulario PPGR1'!$H47="","",#REF!) -> #REF! | F47: =_xlfn.XLOOKUP($H47,tbl_ejes_estrategicos[Ejes Estratégicos],tbl_ejes_estrategicos[Cod_Eje],"",0) -> EE.3 | G47: =_xlfn.XLOOKUP(Tabla3[[#This Row],[Resultado Estratégico Institucional]],Tabla13[RE Concatenado],Tabla13[RE],"",0) -> RE3.2 | H47: EE.3 - Fortalecimiento institucional | I47: RE3.2 - Incrementada la satisfacción de usuarios y la calidad percibida de los servicios públicos | J47: 3.2.3 Establecimientos de salud garantizan un entorno de atención seguro y confiable para los usuarios, conforme a estándares nacionales e internacionales | P47: Calidad de los Servicios de Salud | Q47: Primer Nivel Centros Hospitalarios
B48: =IF('Formulario PPGR1'!$H48="","",CONCATENATE('Formulario PPGR1'!$C48,".",'Formulario PPGR1'!$D48,".",'Formulario PPGR1'!$E48,".",#REF!)) -> #REF! | C48: =IF('Formulario PPGR1'!$H48="","",#REF!) -> #REF! | D48: =IF('Formulario PPGR1'!$H48="","",#REF!) -> #REF! | E48: =IF('Formulario PPGR1'!$H48="","",#REF!) -> #REF! | F48: =_xlfn.XLOOKUP($H48,tbl_ejes_estrategicos[Ejes Estratégicos],tbl_ejes_estrategicos[Cod_Eje],"",0) -> EE.3 | G48: =_xlfn.XLOOKUP(Tabla3[[#This Row],[Resultado Estratégico Institucional]],Tabla13[RE Concatenado],Tabla13[RE],"",0) -> RE3.3 | H48: EE.3 - Fortalecimiento institucional | I48: RE3.3 - Cumplidos los indicadores de gestión pública institucional, garantizando disponibilidad oportuna de la información para la toma de decisiones. | J48: 3.3.1 Los usuarios de los sistemas de información en salud se benefician de datos confiables y oportunos, mediante la gestión, verificación y aseguramiento de la calidad de la información registrada y reportada. | P48: Gestión de la Información | Q48: Primer Nivel Centros Hospitalarios Materno Infantil y Adolecentes Gestión Clínica
B49: =IF('Formulario PPGR1'!$H49="","",CONCATENATE('Formulario PPGR1'!$C49,".",'Formulario PPGR1'!$D49,".",'Formulario PPGR1'!$E49,".",#REF!)) -> #REF! | C49: =IF('Formulario PPGR1'!$H49="","",#REF!) -> #REF! | D49: =IF('Formulario PPGR1'!$H49="","",#REF!) -> #REF! | E49: =IF('Formulario PPGR1'!$H49="","",#REF!) -> #REF! | F49: =_xlfn.XLOOKUP($H49,tbl_ejes_estrategicos[Ejes Estratégicos],tbl_ejes_estrategicos[Cod_Eje],"",0) -> EE.3 | G49: =_xlfn.XLOOKUP(Tabla3[[#This Row],[Resultado Estratégico Institucional]],Tabla13[RE Concatenado],Tabla13[RE],"",0) -> RE3.5 | H49: EE.3 - Fortalecimiento institucional | I49: RE3.5 - Atendidas las solicitudes de información recibidas en los plazos establecidos, con reportes de cumplimiento mensual y mecanismos de retroalimentación al usuario. | J49: 3.5.1 La ciudadanía y los usuarios del SNS acceden a información pública y mecanismos de participación (consultas, veedurías y control social), fortaleciendo la transparencia, la rendición de cuentas y la mejora continua de los servicios. | P49: Oficina de Acceso a la Información
B50: =IF('Formulario PPGR1'!$H50="","",CONCATENATE('Formulario PPGR1'!$C50,".",'Formulario PPGR1'!$D50,".",'Formulario PPGR1'!$E50,".",#REF!)) -> #REF! | C50: =IF('Formulario PPGR1'!$H50="","",#REF!) -> #REF! | D50: =IF('Formulario PPGR1'!$H50="","",#REF!) -> #REF! | E50: =IF('Formulario PPGR1'!$H50="","",#REF!) -> #REF! | F50: =_xlfn.XLOOKUP($H50,tbl_ejes_estrategicos[Ejes Estratégicos],tbl_ejes_estrategicos[Cod_Eje],"",0) -> EE.3 | G50: =_xlfn.XLOOKUP(Tabla3[[#This Row],[Resultado Estratégico Institucional]],Tabla13[RE Concatenado],Tabla13[RE],"",0) -> RE3.6 | H50: EE.3 - Fortalecimiento institucional | I50: RE3.6 - Registradas y procesadas en el Sistema Electrónico de Compras Públicas las adquisiciones y contrataciones institucionales y de la Red Pública. | J50: 3.6.1 Los establecimientos de la red y unidades usuarias del SNS disponen oportunamente de bienes y servicios esenciales mediante la eficientización de la gestión de compras y contrataciones, asegurando planificación, transparencia, competencia y ahorro. | P50: Administartivo-Financiero | Q50: Planificación
B51: =IF('Formulario PPGR1'!$H51="","",CONCATENATE('Formulario PPGR1'!$C51,".",'Formulario PPGR1'!$D51,".",'Formulario PPGR1'!$E51,".",#REF!)) -> #REF! | C51: =IF('Formulario PPGR1'!$H51="","",#REF!) -> #REF! | D51: =IF('Formulario PPGR1'!$H51="","",#REF!) -> #REF! | E51: =IF('Formulario PPGR1'!$H51="","",#REF!) -> #REF! | F51: =_xlfn.XLOOKUP($H51,tbl_ejes_estrategicos[Ejes Estratégicos],tbl_ejes_estrategicos[Cod_Eje],"",0) -> EE.3 | G51: =_xlfn.XLOOKUP(Tabla3[[#This Row],[Resultado Estratégico Institucional]],Tabla13[RE Concatenado],Tabla13[RE],"",0) -> RE3.8 | H51: EE.3 - Fortalecimiento institucional | I51: RE3.8 - Implementados y operativos los controles internos definidos por las NOBACI, con revisiones de cumplimiento semestrales y planes de mejora continua. | J51: 3.8.1 Los establecimientos de la red y las unidades gestoras del SNS reciben fortalecimiento de la gestión financiera mediante la fiscalización del gasto, la evaluación del control interno, el seguimiento de indicadores financieros y la regularización de anticipos según su naturaleza, asegurando uso eficiente, transparente y oportuno de los recursos. | P51: Fiscalización | Q51: Adminsitrativo-Financiero Planificación
B52: =IF('Formulario PPGR1'!$H52="","",CONCATENATE('Formulario PPGR1'!$C52,".",'Formulario PPGR1'!$D52,".",'Formulario PPGR1'!$E52,".",#REF!)) -> #REF! | C52: =IF('Formulario PPGR1'!$H52="","",#REF!) -> #REF! | D52: =IF('Formulario PPGR1'!$H52="","",#REF!) -> #REF! | E52: =IF('Formulario PPGR1'!$H52="","",#REF!) -> #REF! | F52: =_xlfn.XLOOKUP($H52,tbl_ejes_estrategicos[Ejes Estratégicos],tbl_ejes_estrategicos[Cod_Eje],"",0) -> EE.3 | G52: =_xlfn.XLOOKUP(Tabla3[[#This Row],[Resultado Estratégico Institucional]],Tabla13[RE Concatenado],Tabla13[RE],"",0) -> RE3.9 | H52: EE.3 - Fortalecimiento institucional | I52: RE3.9 - Instalaciones físicas remodeladas y equipadas conforme a estándares de centros de salud incrementando su capacidad resolutiva. | J52: 3.9.1 La población usuaria del SNS se beneficia de la mejora de la infraestructura y equipamiento de la red de salud, mediante la implementación de programas de readecuación, construcción y equipamiento de hospitales y centros de primer nivel de atención. | P52: Infraestructura | Q52: Primer Nivel Centros Hospitalarios
B53: =IF('Formulario PPGR1'!$H53="","",CONCATENATE('Formulario PPGR1'!$C53,".",'Formulario PPGR1'!$D53,".",'Formulario PPGR1'!$E53,".",#REF!)) -> #REF! | C53: =IF('Formulario PPGR1'!$H53="","",#REF!) -> #REF! | D53: =IF('Formulario PPGR1'!$H53="","",#REF!) -> #REF! | E53: =IF('Formulario PPGR1'!$H53="","",#REF!) -> #REF! | F53: =_xlfn.XLOOKUP($H53,tbl_ejes_estrategicos[Ejes Estratégicos],tbl_ejes_estrategicos[Cod_Eje],"",0) -> EE.3 | G53: =_xlfn.XLOOKUP(Tabla3[[#This Row],[Resultado Estratégico Institucional]],Tabla13[RE Concatenado],Tabla13[RE],"",0) -> RE3.9 | H53: EE.3 - Fortalecimiento institucional | I53: RE3.9 - Instalaciones físicas remodeladas y equipadas conforme a estándares de centros de salud incrementando su capacidad resolutiva. | J53: 3.9.2 La población usuaria del SNS se beneficia de servicios continuos y seguros gracias a la implementación del plan de mantenimiento preventivo y correctivo de infraestructuras y equipos médicos en toda la red. | P53: Infraestructura | Q53: Administrativo
B54: =IF('Formulario PPGR1'!$H54="","",CONCATENATE('Formulario PPGR1'!$C54,".",'Formulario PPGR1'!$D54,".",'Formulario PPGR1'!$E54,".",#REF!)) -> #REF! | C54: =IF('Formulario PPGR1'!$H54="","",#REF!) -> #REF! | D54: =IF('Formulario PPGR1'!$H54="","",#REF!) -> #REF! | E54: =IF('Formulario PPGR1'!$H54="","",#REF!) -> #REF! | F54: =_xlfn.XLOOKUP($H54,tbl_ejes_estrategicos[Ejes Estratégicos],tbl_ejes_estrategicos[Cod_Eje],"",0) -> EE.3 | G54: =_xlfn.XLOOKUP(Tabla3[[#This Row],[Resultado Estratégico Institucional]],Tabla13[RE Concatenado],Tabla13[RE],"",0) -> RE3.9 | H54: EE.3 - Fortalecimiento institucional | I54: RE3.9 - Instalaciones físicas remodeladas y equipadas conforme a estándares de centros de salud incrementando su capacidad resolutiva. | J54: 3.9.3 Establecimientos de salud logran y sostienen su habilitación conforme a la normativa vigente | P54: Calidad de los servicios de Salud | Q54: Primer Nivel Centros Hospitalarios
B55: =IF('Formulario PPGR1'!$H55="","",CONCATENATE('Formulario PPGR1'!$C55,".",'Formulario PPGR1'!$D55,".",'Formulario PPGR1'!$E55,".",#REF!)) -> #REF! | C55: =IF('Formulario PPGR1'!$H55="","",#REF!) -> #REF! | D55: =IF('Formulario PPGR1'!$H55="","",#REF!) -> #REF! | E55: =IF('Formulario PPGR1'!$H55="","",#REF!) -> #REF! | F55: =_xlfn.XLOOKUP($H55,tbl_ejes_estrategicos[Ejes Estratégicos],tbl_ejes_estrategicos[Cod_Eje],"",0) -> EE.3 | G55: =_xlfn.XLOOKUP(Tabla3[[#This Row],[Resultado Estratégico Institucional]],Tabla13[RE Concatenado],Tabla13[RE],"",0) -> RE3.10 | H55: EE.3 - Fortalecimiento institucional | I55: RE3.10 - Implementado un sistema integral de medición y gestión de la satisfacción de usuarios, con reportes trimestrales y planes de mejora continua para elevar la calidad percibida de los servicios públicos. | J55: 3.10.1 Personas usuarias de los servicios públicos reciben acceso oportuno y eficiente a servicios públicos de calidad | P55: Atención a los Usuarios | Q55: Primer Nivel
B56: =IF('Formulario PPGR1'!$H56="","",CONCATENATE('Formulario PPGR1'!$C56,".",'Formulario PPGR1'!$D56,".",'Formulario PPGR1'!$E56,".",#REF!)) | C56: =IF('Formulario PPGR1'!$H56="","",#REF!) | D56: =IF('Formulario PPGR1'!$H56="","",#REF!) | E56: =IF('Formulario PPGR1'!$H56="","",#REF!) | F56: =_xlfn.XLOOKUP($H56,tbl_ejes_estrategicos[Ejes Estratégicos],tbl_ejes_estrategicos[Cod_Eje],"",0) | G56: =_xlfn.XLOOKUP(Tabla3[[#This Row],[Resultado Estratégico Institucional]],Tabla13[RE Concatenado],Tabla13[RE],"",0)

Sheet Formulario PPGR2
H2: ='Formulario PPGR1'!I2 -> Servicio Nacional de Salud
H3: ='Formulario PPGR1'!I3 -> Dirección de Planificación y Desarrollo | Z3: =IF('Formulario PPGR1'!$L$3="SNS - Dirección Central","ls_Departamento","Ls_DepartamentosSRS") -> Ls_DepartamentosSRS
H4: =+'Formulario PPGR1'!I4 -> Plan Operativo Anual
H5: Identificación de actividades
H6: Servicio Nacional de Salud
B8: ID_Dependendencia | C8: POA | D8: SRS | E8: AREA | F8: TIPO | G8: Productos | H8: Código | I8: Actividades Programables Presupuestables | J8: Ene | K8: Feb | L8: Mar | M8: Abr | N8: May | O8: Jun | P8: Jul | Q8: Ago | R8: Sep | S8: Oct | T8: Nov | U8: Dic | V8: Total de Acciones | W8: Medio de Verificación 1 | X8: Medio de Verificación 2 | Y8: Medio de Verificación 3 | Z8: Responsable
B9: =IF('Formulario PPGR2'!$G9="","",CONCATENATE('Formulario PPGR2'!$C9,".",'Formulario PPGR2'!$D9,".",'Formulario PPGR2'!$E9,".",'Formulario PPGR2'!$F9)) -> #REF! | D9: =IF('Formulario PPGR2'!$G9="","",'Formulario PPGR1'!#REF!) -> #REF! | E9: =IF('Formulario PPGR2'!$G9="","",'Formulario PPGR1'!#REF!) -> #REF! | F9: =IF('Formulario PPGR2'!$G9="","",'Formulario PPGR1'!#REF!) -> #REF! | G9: 1.1.1 Niños, niñas y Adolescentes reciben atención médica y servicios de salud basado en protocolos nacionales e internacionales. | H9: 1.1.1.01 | I9: Seguimiento para el fortalecimiento de la Estrategia Canguro . | J9: 1 | K9: 1 | L9: 1 | M9: 1 | N9: 2 | O9: 1 | P9: 1 | Q9: 1 | R9: 2 | S9: 1 | T9: 1 | U9: 1 | V9: =SUM('Formulario PPGR2'!$J9:$U9) -> 14 | W9: Reporte | X9: Informe | Y9: Reporte de supervisión PMC (ver cronograma de visitas)/ Informe Análisis de Indicadores (mayo, septiembre) | Z9: Materno Infantil y Adolescentes
B10: =IF('Formulario PPGR2'!$G10="","",CONCATENATE('Formulario PPGR2'!$C10,".",'Formulario PPGR2'!$D10,".",'Formulario PPGR2'!$E10,".",'Formulario PPGR2'!$F10)) -> #REF! | D10: =IF('Formulario PPGR2'!$G10="","",'Formulario PPGR1'!#REF!) -> #REF! | E10: =IF('Formulario PPGR2'!$G10="","",'Formulario PPGR1'!#REF!) -> #REF! | F10: =IF('Formulario PPGR2'!$G10="","",'Formulario PPGR1'!#REF!) -> #REF! | G10: 1.1.1 Niños, niñas y Adolescentes reciben atención médica y servicios de salud basado en protocolos nacionales e internacionales. | H10: 1.1.1.02 | I10: Análisis de la mortalidad postneonatal, infantil y en la primera infancia por SRS | M10: 1 | P10: 1 | S10: 1 | V10: =SUM('Formulario PPGR2'!$J10:$U10) -> 3 | W10: Informe | Z10: Materno Infantil y Adolescentes
B11: =IF('Formulario PPGR2'!$G11="","",CONCATENATE('Formulario PPGR2'!$C11,".",'Formulario PPGR2'!$D11,".",'Formulario PPGR2'!$E11,".",'Formulario PPGR2'!$F11)) -> #REF! | D11: =IF('Formulario PPGR2'!$G11="","",'Formulario PPGR1'!#REF!) -> #REF! | E11: =IF('Formulario PPGR2'!$G11="","",'Formulario PPGR1'!#REF!) -> #REF! | F11: =IF('Formulario PPGR2'!$G11="","",'Formulario PPGR1'!#REF!) -> #REF! | G11: 1.1.1 Niños, niñas y Adolescentes reciben atención médica y servicios de salud basado en protocolos nacionales e internacionales. | H11: 1.1.1.03 | I11: Seguimiento a la Sala Situacional IA | L11: 1 | O11: 1 | R11: 1 | U11: 1 | V11: =SUM('Formulario PPGR2'!$J11:$U11) -> 4 | W11: Minuta | X11: Reporte | Z11: Materno Infantil y Adolescentes
B12: =IF('Formulario PPGR2'!$G12="","",CONCATENATE('Formulario PPGR2'!$C12,".",'Formulario PPGR2'!$D12,".",'Formulario PPGR2'!$E12,".",'Formulario PPGR2'!$F12)) -> #REF! | D12: =IF('Formulario PPGR2'!$G12="","",'Formulario PPGR1'!#REF!) -> #REF! | E12: =IF('Formulario PPGR2'!$G12="","",'Formulario PPGR1'!#REF!) -> #REF! | F12: =IF('Formulario PPGR2'!$G12="","",'Formulario PPGR1'!#REF!) -> #REF! | G12: 1.1.1 Niños, niñas y Adolescentes reciben atención médica y servicios de salud basado en protocolos nacionales e internacionales. | H12: 1.1.1.04 | I12: Elaboración e implementación del plan para el fortalecimiento de los servicios pediatricos. | J12: 1 | M12: 1 | P12: 1 | S12: 1 | V12: =SUM('Formulario PPGR2'!$J12:$U12) -> 4 | W12: Plan | Y12: Plan (elaboración enero) Seguimiento (abril, julio, octubre) | Z12: Materno Infantil y Adolescentes
B13: =IF('Formulario PPGR2'!$G13="","",CONCATENATE('Formulario PPGR2'!$C13,".",'Formulario PPGR2'!$D13,".",'Formulario PPGR2'!$E13,".",'Formulario PPGR2'!$F13)) -> #REF! | D13: =IF('Formulario PPGR2'!$G13="","",'Formulario PPGR1'!#REF!) -> #REF! | E13: =IF('Formulario PPGR2'!$G13="","",'Formulario PPGR1'!#REF!) -> #REF! | F13: =IF('Formulario PPGR2'!$G13="","",'Formulario PPGR1'!#REF!) -> #REF! | G13: 1.1.1 Niños, niñas y Adolescentes reciben atención médica y servicios de salud basado en protocolos nacionales e internacionales. | H13: 1.1.1.05 | I13: Seguimiento a la intervención para el fortalecimiento en la atención niños asistidos por violencia en CEAS y CPN (Socialización guias y protocolos, reporte de casos) | L13: 1 | O13: 1 | R13: 1 | U13: 1 | V13: =SUM('Formulario PPGR2'!$J13:$U13) -> 4 | W13: Listado de participación | X13: Reporte | Y13: Socialización (Listado de participantes/ Agenda) Reporte casos (Formulario para reporte de casos) | Z13: Materno Infantil y Adolescentes
B14: =IF('Formulario PPGR2'!$G14="","",CONCATENATE('Formulario PPGR2'!$C14,".",'Formulario PPGR2'!$D14,".",'Formulario PPGR2'!$E14,".",'Formulario PPGR2'!$F14)) -> #REF! | D14: =IF('Formulario PPGR2'!$G14="","",'Formulario PPGR1'!#REF!) -> #REF! | E14: =IF('Formulario PPGR2'!$G14="","",'Formulario PPGR1'!#REF!) -> #REF! | F14: =IF('Formulario PPGR2'!$G14="","",'Formulario PPGR1'!#REF!) -> #REF! | G14: 1.1.1 Niños, niñas y Adolescentes reciben atención médica y servicios de salud basado en protocolos nacionales e internacionales. | H14: 1.1.1.06 | I14: Seguimiento a la atención en salud en menores de 5 años en CPNA seleccionados | L14: 1 | O14: 1 | R14: 1 | U14: 1 | V14: =SUM('Formulario PPGR2'!$J14:$U14) -> 4 | W14: Informe | X14: Reporte | Z14: Materno Infantil y Adolescentes
B15: =IF('Formulario PPGR2'!$G15="","",CONCATENATE('Formulario PPGR2'!$C15,".",'Formulario PPGR2'!$D15,".",'Formulario PPGR2'!$E15,".",'Formulario PPGR2'!$F15)) -> #REF! | D15: =IF('Formulario PPGR2'!$G15="","",'Formulario PPGR1'!#REF!) -> #REF! | E15: =IF('Formulario PPGR2'!$G15="","",'Formulario PPGR1'!#REF!) -> #REF! | F15: =IF('Formulario PPGR2'!$G15="","",'Formulario PPGR1'!#REF!) -> #REF! | G15: 1.1.1 Niños, niñas y Adolescentes reciben atención médica y servicios de salud basado en protocolos nacionales e internacionales. | H15: 1.1.1.07 | I15: Capitaciones de anticonceptivos al personal de la Unidades de Atención Integral y las Consultas Diferenciadas para adolescentes | L15: 1 | O15: 1 | R15: 1 | U15: 1 | V15: =SUM('Formulario PPGR2'!$J15:$U15) -> 4 | W15: Listado de participación | X15: Agenda | Z15: Materno Infantil y Adolescentes
B16: =IF('Formulario PPGR2'!$G16="","",CONCATENATE('Formulario PPGR2'!$C16,".",'Formulario PPGR2'!$D16,".",'Formulario PPGR2'!$E16,".",'Formulario PPGR2'!$F16)) -> #REF! | D16: =IF('Formulario PPGR2'!$G16="","",'Formulario PPGR1'!#REF!) -> #REF! | E16: =IF('Formulario PPGR2'!$G16="","",'Formulario PPGR1'!#REF!) -> #REF! | F16: =IF('Formulario PPGR2'!$G16="","",'Formulario PPGR1'!#REF!) -> #REF! | G16: 1.1.1 Niños, niñas y Adolescentes reciben atención médica y servicios de salud basado en protocolos nacionales e internacionales. | H16: 1.1.1.08 | I16: Reunión con CEAS priorizados para revisión de Indicadores | L16: 1 | O16: 1 | R16: 1 | U16: 1 | V16: =SUM('Formulario PPGR2'!$J16:$U16) -> 4 | W16: Minuta | X16: Listado de participación | Z16: Materno Infantil y Adolescentes
B17: =IF('Formulario PPGR2'!$G17="","",CONCATENATE('Formulario PPGR2'!$C17,".",'Formulario PPGR2'!$D17,".",'Formulario PPGR2'!$E17,".",'Formulario PPGR2'!$F17)) -> #REF! | D17: =IF('Formulario PPGR2'!$G17="","",'Formulario PPGR1'!#REF!) -> #REF! | E17: =IF('Formulario PPGR2'!$G17="","",'Formulario PPGR1'!#REF!) -> #REF! | F17: =IF('Formulario PPGR2'!$G17="","",'Formulario PPGR1'!#REF!) -> #REF! | G17: 1.1.1 Niños, niñas y Adolescentes reciben atención médica y servicios de salud basado en protocolos nacionales e internacionales. | H17: 1.1.1.09 | I17: Seguimiento al fortalecimiento de las Unidades de Atención Integrales en Salud para personas Adolescentes | J17: 1 | K17: 1 | L17: 1 | M17: 1 | N17: 1 | O17: 1 | P17: 1 | Q17: 1 | R17: 1 | S17: 1 | T17: 1 | U17: 1 | V17: =SUM('Formulario PPGR2'!$J17:$U17) -> 12 | W17: Informe | X17: Listado de participación | Y17: Informe/ Listado de participación (ver cronograma de visitas) | Z17: Materno Infantil y Adolescentes
B18: =IF('Formulario PPGR2'!$G18="","",CONCATENATE('Formulario PPGR2'!$C18,".",'Formulario PPGR2'!$D18,".",'Formulario PPGR2'!$E18,".",'Formulario PPGR2'!$F18)) -> #REF! | D18: =IF('Formulario PPGR2'!$G18="","",'Formulario PPGR1'!#REF!) -> #REF! | E18: =IF('Formulario PPGR2'!$G18="","",'Formulario PPGR1'!#REF!) -> #REF! | F18: =IF('Formulario PPGR2'!$G18="","",'Formulario PPGR1'!#REF!) -> #REF! | G18: 1.1.1 Niños, niñas y Adolescentes reciben atención médica y servicios de salud basado en protocolos nacionales e internacionales. | H18: 1.1.1.10 | I18: Seguimiento al fortalecimiento de las Consultas Diferenciadas en los CEAS | L18: 1 | O18: 1 | R18: 1 | U18: 1 | V18: =SUM('Formulario PPGR2'!$J18:$U18) -> 4 | W18: Informe | X18: Listado de participación | Z18: Materno Infantil y Adolescentes
B19: =IF('Formulario PPGR2'!$G19="","",CONCATENATE('Formulario PPGR2'!$C19,".",'Formulario PPGR2'!$D19,".",'Formulario PPGR2'!$E19,".",'Formulario PPGR2'!$F19)) -> #REF! | C19: =IF('Formulario PPGR2'!$G19="","",'Formulario PPGR1'!#REF!) -> #REF! | D19: =IF('Formulario PPGR2'!$G19="","",'Formulario PPGR1'!#REF!) -> #REF! | E19: =IF('Formulario PPGR2'!$G19="","",'Formulario PPGR1'!#REF!) -> #REF! | F19: =IF('Formulario PPGR2'!$G19="","",'Formulario PPGR1'!#REF!) -> #REF! | G19: 1.1.1 Niños, niñas y Adolescentes reciben atención médica y servicios de salud basado en protocolos nacionales e internacionales. | H19: 1.1.1.11 | I19: Socialización de las Guías Nacionales de Atención Integral a la Salud de Adolescentes por SRS | J19: 1 | M19: 1 | P19: 1 | S19: 1 | V19: =SUM('Formulario PPGR2'!$J19:$U19) -> 4 | W19: Listado de participación | X19: Agenda | Z19: Materno Infantil y Adolescentes
B20: =IF('Formulario PPGR2'!$G20="","",CONCATENATE('Formulario PPGR2'!$C20,".",'Formulario PPGR2'!$D20,".",'Formulario PPGR2'!$E20,".",'Formulario PPGR2'!$F20)) -> #REF! | D20: =IF('Formulario PPGR2'!$G20="","",'Formulario PPGR1'!#REF!) -> #REF! | E20: =IF('Formulario PPGR2'!$G20="","",'Formulario PPGR1'!#REF!) -> #REF! | F20: =IF('Formulario PPGR2'!$G20="","",'Formulario PPGR1'!#REF!) -> #REF! | G20: 1.1.1 Niños, niñas y Adolescentes reciben atención médica y servicios de salud basado en protocolos nacionales e internacionales. | H20: 1.1.1.12 | I20: Análisis de la Planificación familiar en Adolescentes | J20: 1 | M20: 1 | P20: 1 | S20: 1 | V20: =SUM('Formulario PPGR2'!$J20:$U20) -> 4 | W20: Informe | X20: Reporte | Z20: Materno Infantil y Adolescentes
B21: =IF('Formulario PPGR2'!$G21="","",CONCATENATE('Formulario PPGR2'!$C21,".",'Formulario PPGR2'!$D21,".",'Formulario PPGR2'!$E21,".",'Formulario PPGR2'!$F21)) -> #REF! | C21: =IF('Formulario PPGR2'!$G21="","",'Formulario PPGR1'!#REF!) -> #REF! | D21: =IF('Formulario PPGR2'!$G21="","",'Formulario PPGR1'!#REF!) -> #REF! | E21: =IF('Formulario PPGR2'!$G21="","",'Formulario PPGR1'!#REF!) -> #REF! | F21: =IF('Formulario PPGR2'!$G21="","",'Formulario PPGR1'!#REF!) -> #REF! | G21: 1.2.1 Gestantes reciben atención médica y servicios de salud materna basados en protocolos y normas nacionales e internacionales. | H21: 1.2.1.01 | I21: Seguimiento regional de la Morbilidad Materna Extrema de los CEAS | K21: 1 | L21: 1 | M21: 1 | N21: 1 | O21: 1 | P21: 1 | Q21: 1 | R21: 1 | S21: 1 | T21: 1 | V21: =SUM('Formulario PPGR2'!$J21:$U21) -> 10 | W21: Informe | Z21: Materno Infantil y Adolescentes
B22: =IF('Formulario PPGR2'!$G22="","",CONCATENATE('Formulario PPGR2'!$C22,".",'Formulario PPGR2'!$D22,".",'Formulario PPGR2'!$E22,".",'Formulario PPGR2'!$F22)) -> #REF! | C22: =IF('Formulario PPGR2'!$G22="","",'Formulario PPGR1'!#REF!) -> #REF! | D22: =IF('Formulario PPGR2'!$G22="","",'Formulario PPGR1'!#REF!) -> #REF! | E22: =IF('Formulario PPGR2'!$G22="","",'Formulario PPGR1'!#REF!) -> #REF! | F22: =IF('Formulario PPGR2'!$G22="","",'Formulario PPGR1'!#REF!) -> #REF! | G22: 1.2.1 Gestantes reciben atención médica y servicios de salud materna basados en protocolos y normas nacionales e internacionales. | H22: 1.2.1.02 | I22: Análisis de los indicadores Maternos Neonatales de la Sala Situacional de los CEAS | L22: 1 | O22: 1 | R22: 1 | U22: 1 | V22: =SUM('Formulario PPGR2'!$J22:$U22) -> 4 | W22: Informe | Y22: Plantilla estandarizada | Z22: Materno Infantil y Adolescentes
B23: =IF('Formulario PPGR2'!$G23="","",CONCATENATE('Formulario PPGR2'!$C23,".",'Formulario PPGR2'!$D23,".",'Formulario PPGR2'!$E23,".",'Formulario PPGR2'!$F23)) -> #REF! | C23: =IF('Formulario PPGR2'!$G23="","",'Formulario PPGR1'!#REF!) -> #REF! | D23: =IF('Formulario PPGR2'!$G23="","",'Formulario PPGR1'!#REF!) -> #REF! | E23: =IF('Formulario PPGR2'!$G23="","",'Formulario PPGR1'!#REF!) -> #REF! | F23: =IF('Formulario PPGR2'!$G23="","",'Formulario PPGR1'!#REF!) -> #REF! | G23: 1.2.1 Gestantes reciben atención médica y servicios de salud materna basados en protocolos y normas nacionales e internacionales. | H23: 1.2.1.03 | I23: Seguimiento a la implementacion de la Estrategia Código Rojo en los CEAS priorizados. | M23: 1 | Q23: 1 | U23: 1 | V23: =SUM('Formulario PPGR2'!$J23:$U23) -> 3 | W23: Informe | X23: Listado de participación | Z23: Materno Infantil y Adolescentes
B24: =IF('Formulario PPGR2'!$G24="","",CONCATENATE('Formulario PPGR2'!$C24,".",'Formulario PPGR2'!$D24,".",'Formulario PPGR2'!$E24,".",'Formulario PPGR2'!$F24)) -> #REF! | C24: =IF('Formulario PPGR2'!$G24="","",'Formulario PPGR1'!#REF!) -> #REF! | D24: =IF('Formulario PPGR2'!$G24="","",'Formulario PPGR1'!#REF!) -> #REF! | E24: =IF('Formulario PPGR2'!$G24="","",'Formulario PPGR1'!#REF!) -> #REF! | F24: =IF('Formulario PPGR2'!$G24="","",'Formulario PPGR1'!#REF!) -> #REF! | G24: 1.2.1 Gestantes reciben atención médica y servicios de salud materna basados en protocolos y normas nacionales e internacionales. | H24: 1.2.1.04 | I24: Seguimiento al tamizaje de infecciones vaginales y urinarias en la embarazada en los CEAS priorizados (SRS Ozama y Cibao Norte) | L24: 1 | O24: 1 | S24: 1 | V24: =SUM('Formulario PPGR2'!$J24:$U24) -> 3 | W24: Informe | Z24: Materno Infantil y Adolescentes
B25: =IF('Formulario PPGR2'!$G25="","",CONCATENATE('Formulario PPGR2'!$C25,".",'Formulario PPGR2'!$D25,".",'Formulario PPGR2'!$E25,".",'Formulario PPGR2'!$F25)) -> #REF! | D25: =IF('Formulario PPGR2'!$G25="","",'Formulario PPGR1'!#REF!) -> #REF! | E25: =IF('Formulario PPGR2'!$G25="","",'Formulario PPGR1'!#REF!) -> #REF! | F25: =IF('Formulario PPGR2'!$G25="","",'Formulario PPGR1'!#REF!) -> #REF! | G25: 1.2.1 Gestantes reciben atención médica y servicios de salud materna basados en protocolos y normas nacionales e internacionales. | H25: 1.2.1.05 | I25: Adecuación de la Elaboracion de los planes de mejora de la metodología de Observación de la Práctica Clínica (OPC) según los resultados del monitoreo de calidad de los servicios en los CEAS priorizados | N25: 1 | S25: 1 | V25: =SUM('Formulario PPGR2'!$J25:$U25) -> 2 | W25: Plan | X25: Listado de participación | Z25: Materno Infantil y Adolescentes
B26: =IF('Formulario PPGR2'!$G26="","",CONCATENATE('Formulario PPGR2'!$C26,".",'Formulario PPGR2'!$D26,".",'Formulario PPGR2'!$E26,".",'Formulario PPGR2'!$F26)) -> #REF! | D26: =IF('Formulario PPGR2'!$G26="","",'Formulario PPGR1'!#REF!) -> #REF! | E26: =IF('Formulario PPGR2'!$G26="","",'Formulario PPGR1'!#REF!) -> #REF! | F26: =IF('Formulario PPGR2'!$G26="","",'Formulario PPGR1'!#REF!) -> #REF! | G26: 1.2.1 Gestantes reciben atención médica y servicios de salud materna basados en protocolos y normas nacionales e internacionales. | H26: 1.2.1.06 | I26: Seguimiento a la Planificación Post Evento Obstétrico en los CEAS priorizados | M26: 1 | Q26: 1 | T26: 1 | V26: =SUM('Formulario PPGR2'!$J26:$U26) -> 3 | W26: Informe | Z26: Materno Infantil y Adolescentes
B27: =IF('Formulario PPGR2'!$G27="","",CONCATENATE('Formulario PPGR2'!$C27,".",'Formulario PPGR2'!$D27,".",'Formulario PPGR2'!$E27,".",'Formulario PPGR2'!$F27)) -> #REF! | D27: =IF('Formulario PPGR2'!$G27="","",'Formulario PPGR1'!#REF!) -> #REF! | E27: =IF('Formulario PPGR2'!$G27="","",'Formulario PPGR1'!#REF!) -> #REF! | F27: =IF('Formulario PPGR2'!$G27="","",'Formulario PPGR1'!#REF!) -> #REF! | G27: 1.2.1 Gestantes reciben atención médica y servicios de salud materna basados en protocolos y normas nacionales e internacionales. | H27: 1.2.1.07 | I27: Monitoreo al apego a protocolo de atencion en consulta prenatal en los CEAS priorizados. | N27: 1 | S27: 1 | V27: =SUM('Formulario PPGR2'!$J27:$U27) -> 2 | W27: Informe | X27: Listado de participación | Z27: Materno Infantil y Adolescentes
B28: =IF('Formulario PPGR2'!$G28="","",CONCATENATE('Formulario PPGR2'!$C28,".",'Formulario PPGR2'!$D28,".",'Formulario PPGR2'!$E28,".",'Formulario PPGR2'!$F28)) -> #REF! | D28: =IF('Formulario PPGR2'!$G28="","",'Formulario PPGR1'!#REF!) -> #REF! | E28: =IF('Formulario PPGR2'!$G28="","",'Formulario PPGR1'!#REF!) -> #REF! | F28: =IF('Formulario PPGR2'!$G28="","",'Formulario PPGR1'!#REF!) -> #REF! | G28: 1.1.2 Recién nacidos reciben atención medica y servicios de salud neonatal basados en protocolos y normas nacionales e internacionales | H28: 1.2.2.01 | I28: Seguimiento a las acciones de cada uno de los equipos de control de infecciones asociadas a la atención en salud (IAAS) en la UCIN de los 8 hospitales donde se implementa la estrategia. | N28: 1 | T28: 1 | V28: =SUM('Formulario PPGR2'!$J28:$U28) -> 2 | W28: Informe | X28: Listado de participación | Y28: Ozama, Valdesia, Cibao Sur, Cibao Norte, Yuma | Z28: Materno Infantil y Adolescentes
B29: =IF('Formulario PPGR2'!$G29="","",CONCATENATE('Formulario PPGR2'!$C29,".",'Formulario PPGR2'!$D29,".",'Formulario PPGR2'!$E29,".",'Formulario PPGR2'!$F29)) -> #REF! | D29: =IF('Formulario PPGR2'!$G29="","",'Formulario PPGR1'!#REF!) -> #REF! | E29: =IF('Formulario PPGR2'!$G29="","",'Formulario PPGR1'!#REF!) -> #REF! | F29: =IF('Formulario PPGR2'!$G29="","",'Formulario PPGR1'!#REF!) -> #REF! | G29: 1.1.2 Recién nacidos reciben atención medica y servicios de salud neonatal basados en protocolos y normas nacionales e internacionales | H29: 1.2.2.02 | I29: Supervisar la realización de capacitaciónes por los equipos de IAAS, en limpieza y desinfección en las unidades neonatales. | M29: 1 | Q29: 1 | T29: 1 | V29: =SUM('Formulario PPGR2'!$J29:$U29) -> 3 | W29: Agenda | X29: Listado de participación | Y29: Ozama, Valdesia, Cibao Sur, Cibao Norte, Yuma | Z29: Materno Infantil y Adolescentes
B30: =IF('Formulario PPGR2'!$G30="","",CONCATENATE('Formulario PPGR2'!$C30,".",'Formulario PPGR2'!$D30,".",'Formulario PPGR2'!$E30,".",'Formulario PPGR2'!$F30)) -> #REF! | D30: =IF('Formulario PPGR2'!$G30="","",'Formulario PPGR1'!#REF!) -> #REF! | E30: =IF('Formulario PPGR2'!$G30="","",'Formulario PPGR1'!#REF!) -> #REF! | F30: =IF('Formulario PPGR2'!$G30="","",'Formulario PPGR1'!#REF!) -> #REF! | G30: 1.1.2 Recién nacidos reciben atención medica y servicios de salud neonatal basados en protocolos y normas nacionales e internacionales | H30: 1.2.2.03 | I30: Análisis de la información recolectada por los equipos de IAAS a través del sistema de vigilancia epidemiológica (hospitales: Maternidad Nuestra Señora de la Altagracia, Materno Infantil San Lorenzo de los Mina , Materno Dr. Reynaldo Almanzar, Maternidad Presidente Estrella Ureña) | M30: 1 | S30: 1 | V30: =SUM('Formulario PPGR2'!$J30:$U30) -> 2 | W30: Informe | Y30: Ozama, Cibao Norte | Z30: Materno Infantil y Adolescentes
B31: =IF('Formulario PPGR2'!$G31="","",CONCATENATE('Formulario PPGR2'!$C31,".",'Formulario PPGR2'!$D31,".",'Formulario PPGR2'!$E31,".",'Formulario PPGR2'!$F31)) -> #REF! | D31: =IF('Formulario PPGR2'!$G31="","",'Formulario PPGR1'!#REF!) -> #REF! | E31: =IF('Formulario PPGR2'!$G31="","",'Formulario PPGR1'!#REF!) -> #REF! | F31: =IF('Formulario PPGR2'!$G31="","",'Formulario PPGR1'!#REF!) -> #REF! | G31: 1.1.2 Recién nacidos reciben atención medica y servicios de salud neonatal basados en protocolos y normas nacionales e internacionales | H31: 1.2.2.04 | I31: Seguimiento de la ejecución de la vigilanica sanitaria del agua en las UCIN del SNS | O31: 1 | U31: 1 | V31: =SUM('Formulario PPGR2'!$J31:$U31) -> 2 | W31: Informe | Y31: Todos los SRS | Z31: Materno Infantil y Adolescentes
B32: =IF('Formulario PPGR2'!$G32="","",CONCATENATE('Formulario PPGR2'!$C32,".",'Formulario PPGR2'!$D32,".",'Formulario PPGR2'!$E32,".",'Formulario PPGR2'!$F32)) -> #REF! | D32: =IF('Formulario PPGR2'!$G32="","",'Formulario PPGR1'!#REF!) -> #REF! | E32: =IF('Formulario PPGR2'!$G32="","",'Formulario PPGR1'!#REF!) -> #REF! | F32: =IF('Formulario PPGR2'!$G32="","",'Formulario PPGR1'!#REF!) -> #REF! | G32: 1.1.2 Recién nacidos reciben atención medica y servicios de salud neonatal basados en protocolos y normas nacionales e internacionales | H32: 1.2.2.05 | I32: Reporte de los casos Hemorragia Pulmonar en las UCIN (número de casos, edad gestacional, condición al egreso, ecocardiograma, registro de canalización umbilical y si recibio tratamiento para Ductus | M32: 1 | Q32: 1 | V32: =SUM('Formulario PPGR2'!$J32:$U32) -> 2 | W32: Reporte | Y32: Ozama, Cibao Norte | Z32: Materno Infantil y Adolescentes
B33: =IF('Formulario PPGR2'!$G33="","",CONCATENATE('Formulario PPGR2'!$C33,".",'Formulario PPGR2'!$D33,".",'Formulario PPGR2'!$E33,".",'Formulario PPGR2'!$F33)) -> #REF! | D33: =IF('Formulario PPGR2'!$G33="","",'Formulario PPGR1'!#REF!) -> #REF! | E33: =IF('Formulario PPGR2'!$G33="","",'Formulario PPGR1'!#REF!) -> #REF! | F33: =IF('Formulario PPGR2'!$G33="","",'Formulario PPGR1'!#REF!) -> #REF! | G33: 1.1.2 Recién nacidos reciben atención medica y servicios de salud neonatal basados en protocolos y normas nacionales e internacionales | H33: 1.2.2.06 | I33: Monitoreo del registro en línea del Certificado de Nacido Vivo en los CEAS | M33: 1 | P33: 1 | S33: 1 | V33: =SUM('Formulario PPGR2'!$J33:$U33) -> 3 | W33: Reporte | Y33: Todos los SRS | Z33: Materno Infantil y Adolescentes
B34: =IF('Formulario PPGR2'!$G34="","",CONCATENATE('Formulario PPGR2'!$C34,".",'Formulario PPGR2'!$D34,".",'Formulario PPGR2'!$E34,".",'Formulario PPGR2'!$F34)) -> #REF! | D34: =IF('Formulario PPGR2'!$G34="","",'Formulario PPGR1'!#REF!) -> #REF! | E34: =IF('Formulario PPGR2'!$G34="","",'Formulario PPGR1'!#REF!) -> #REF! | F34: =IF('Formulario PPGR2'!$G34="","",'Formulario PPGR1'!#REF!) -> #REF! | G34: 1.1.2 Recién nacidos reciben atención medica y servicios de salud neonatal basados en protocolos y normas nacionales e internacionales | H34: 1.2.2.07 | I34: Seguimiento a la expansión de los Programas Canguro | M34: 1 | P34: 1 | S34: 1 | V34: =SUM('Formulario PPGR2'!$J34:$U34) -> 3 | W34: Informe | Y34: Todos los SRS | Z34: Materno Infantil y Adolescentes
B35: =IF('Formulario PPGR2'!$G35="","",CONCATENATE('Formulario PPGR2'!$C35,".",'Formulario PPGR2'!$D35,".",'Formulario PPGR2'!$E35,".",'Formulario PPGR2'!$F35)) -> #REF! | D35: =IF('Formulario PPGR2'!$G35="","",'Formulario PPGR1'!#REF!) -> #REF! | E35: =IF('Formulario PPGR2'!$G35="","",'Formulario PPGR1'!#REF!) -> #REF! | F35: =IF('Formulario PPGR2'!$G35="","",'Formulario PPGR1'!#REF!) -> #REF! | G35: 1.5.1 La población con riesgo o diagnóstico de hipertensión y diabetes recibe servicios integrales de prevención, diagnóstico, manejo y seguimiento de enfermedades crónicas no transmisibles, fortalecidos mediante la implementación del enfoque HEARTS. | H35: 1.5.1.01 | I35: Seguimiento a personas de riesgo mayores de 18 años para la prevensión de hipertensión y diabetes (Tamizaje) por Área de Salud | O35: 1 | U35: 1 | V35: =SUM('Formulario PPGR2'!$J35:$U35) -> 2 | W35: Informe | Z35: Primer Nivel
B36: =IF('Formulario PPGR2'!$G36="","",CONCATENATE('Formulario PPGR2'!$C36,".",'Formulario PPGR2'!$D36,".",'Formulario PPGR2'!$E36,".",'Formulario PPGR2'!$F36)) -> #REF! | D36: =IF('Formulario PPGR2'!$G36="","",'Formulario PPGR1'!#REF!) -> #REF! | E36: =IF('Formulario PPGR2'!$G36="","",'Formulario PPGR1'!#REF!) -> #REF! | F36: =IF('Formulario PPGR2'!$G36="","",'Formulario PPGR1'!#REF!) -> #REF! | G36: 1.5.1 La población con riesgo o diagnóstico de hipertensión y diabetes recibe servicios integrales de prevención, diagnóstico, manejo y seguimiento de enfermedades crónicas no transmisibles, fortalecidos mediante la implementación del enfoque HEARTS. | H36: 1.5.1.02 | I36: Seguimiento a pacientes con hipertensión y diabetes por Área de Salud | L36: 1 | O36: 1 | R36: 1 | U36: 1 | V36: =SUM('Formulario PPGR2'!$J36:$U36) -> 4 | W36: Informe | Z36: Primer Nivel
B37: =IF('Formulario PPGR2'!$G37="","",CONCATENATE('Formulario PPGR2'!$C37,".",'Formulario PPGR2'!$D37,".",'Formulario PPGR2'!$E37,".",'Formulario PPGR2'!$F37)) -> #REF! | D37: =IF('Formulario PPGR2'!$G37="","",'Formulario PPGR1'!#REF!) -> #REF! | E37: =IF('Formulario PPGR2'!$G37="","",'Formulario PPGR1'!#REF!) -> #REF! | F37: =IF('Formulario PPGR2'!$G37="","",'Formulario PPGR1'!#REF!) -> #REF! | G37: 1.5.1 La población con riesgo o diagnóstico de hipertensión y diabetes recibe servicios integrales de prevención, diagnóstico, manejo y seguimiento de enfermedades crónicas no transmisibles, fortalecidos mediante la implementación del enfoque HEARTS. | H37: 1.5.1.03 | I37: Capacitación al personal de salud en los módulos de la Estrategia HEARTS por Área de Salud | N37: 1 | T37: 1 | V37: =SUM('Formulario PPGR2'!$J37:$U37) -> 2 | W37: Listado de participación | X37: Agenda | Y37: Informe | Z37: Primer Nivel
B38: =IF('Formulario PPGR2'!$G38="","",CONCATENATE('Formulario PPGR2'!$C38,".",'Formulario PPGR2'!$D38,".",'Formulario PPGR2'!$E38,".",'Formulario PPGR2'!$F38)) -> #REF! | D38: =IF('Formulario PPGR2'!$G38="","",'Formulario PPGR1'!#REF!) -> #REF! | E38: =IF('Formulario PPGR2'!$G38="","",'Formulario PPGR1'!#REF!) -> #REF! | F38: =IF('Formulario PPGR2'!$G38="","",'Formulario PPGR1'!#REF!) -> #REF! | G38: 1.5.1 La población con riesgo o diagnóstico de hipertensión y diabetes recibe servicios integrales de prevención, diagnóstico, manejo y seguimiento de enfermedades crónicas no transmisibles, fortalecidos mediante la implementación del enfoque HEARTS. | H38: 1.5.1.04 | I38: Evaluación interna de la implementación de la Estrategia Hearts por Área de Salud | O38: 1 | U38: 1 | V38: =SUM('Formulario PPGR2'!$J38:$U38) -> 2 | W38: Informe | Z38: Primer Nivel
B39: =IF('Formulario PPGR2'!$G39="","",CONCATENATE('Formulario PPGR2'!$C39,".",'Formulario PPGR2'!$D39,".",'Formulario PPGR2'!$E39,".",'Formulario PPGR2'!$F39)) -> #REF! | D39: =IF('Formulario PPGR2'!$G39="","",'Formulario PPGR1'!#REF!) -> #REF! | E39: =IF('Formulario PPGR2'!$G39="","",'Formulario PPGR1'!#REF!) -> #REF! | F39: =IF('Formulario PPGR2'!$G39="","",'Formulario PPGR1'!#REF!) -> #REF! | G39: 1.5.2 Las víctimas de violencia de género e intrafamiliar reciben atención integral, oportuna y segura en los servicios de salud. | H39: 1.5.2.01 | I39: Mesas de trabajo intersectorial para la atención a violencia de género e intrafamiliar en salud. | K39: 1 | N39: 1 | Q39: 1 | T39: 1 | V39: =SUM('Formulario PPGR2'!$J39:$U39) -> 4 | W39: Listado de participación | X39: Minuta | Z39: Atención Violencia de Género
B40: =IF('Formulario PPGR2'!$G40="","",CONCATENATE('Formulario PPGR2'!$C40,".",'Formulario PPGR2'!$D40,".",'Formulario PPGR2'!$E40,".",'Formulario PPGR2'!$F40)) -> #REF! | D40: =IF('Formulario PPGR2'!$G40="","",'Formulario PPGR1'!#REF!) -> #REF! | E40: =IF('Formulario PPGR2'!$G40="","",'Formulario PPGR1'!#REF!) -> #REF! | F40: =IF('Formulario PPGR2'!$G40="","",'Formulario PPGR1'!#REF!) -> #REF! | G40: 1.5.2 Las víctimas de violencia de género e intrafamiliar reciben atención integral, oportuna y segura en los servicios de salud. | H40: 1.5.2.02 | I40: Visitas de supervisión a los CEAS Regionales, Especializados y de Referencia para el debido seguimiento al protocolo y correcto abordaje a los pacientes victimas de violencia de género e intrafamiliar | K40: 2 | L40: 2 | M40: 2 | N40: 2 | O40: 2 | P40: 2 | Q40: 2 | R40: 2 | S40: 2 | T40: 2 | V40: =SUM('Formulario PPGR2'!$J40:$U40) -> 20 | W40: Listado de participación | X40: Informe | Z40: Atención Violencia de Género
B41: =IF('Formulario PPGR2'!$G41="","",CONCATENATE('Formulario PPGR2'!$C41,".",'Formulario PPGR2'!$D41,".",'Formulario PPGR2'!$E41,".",'Formulario PPGR2'!$F41)) -> #REF! | D41: =IF('Formulario PPGR2'!$G41="","",'Formulario PPGR1'!#REF!) -> #REF! | E41: =IF('Formulario PPGR2'!$G41="","",'Formulario PPGR1'!#REF!) -> #REF! | F41: =IF('Formulario PPGR2'!$G41="","",'Formulario PPGR1'!#REF!) -> #REF! | G41: 1.5.2 Las víctimas de violencia de género e intrafamiliar reciben atención integral, oportuna y segura en los servicios de salud. | H41: 1.5.2.03 | I41: Monitoreo de estadísticas de los casos reportados de violencia de género e intrafamiliar. | K41: 1 | L41: 1 | M41: 1 | N41: 1 | O41: 1 | P41: 1 | Q41: 1 | R41: 1 | S41: 1 | T41: 1 | V41: =SUM('Formulario PPGR2'!$J41:$U41) -> 10 | W41: Informe | Z41: Atención Violencia de Género
B42: =IF('Formulario PPGR2'!$G42="","",CONCATENATE('Formulario PPGR2'!$C42,".",'Formulario PPGR2'!$D42,".",'Formulario PPGR2'!$E42,".",'Formulario PPGR2'!$F42)) -> #REF! | D42: =IF('Formulario PPGR2'!$G42="","",'Formulario PPGR1'!#REF!) -> #REF! | E42: =IF('Formulario PPGR2'!$G42="","",'Formulario PPGR1'!#REF!) -> #REF! | F42: =IF('Formulario PPGR2'!$G42="","",'Formulario PPGR1'!#REF!) -> #REF! | G42: 1.5.2 Las víctimas de violencia de género e intrafamiliar reciben atención integral, oportuna y segura en los servicios de salud. | H42: 1.5.2.04 | I42: Taller al personal de salud sobre el flujograma de atención de casos de violencia de genero e intrafamiliar. | L42: 1 | O42: 1 | R42: 1 | V42: =SUM('Formulario PPGR2'!$J42:$U42) -> 3 | W42: Listado de participación | X42: Agenda | Z42: Atención Violencia de Género
B43: =IF('Formulario PPGR2'!$G43="","",CONCATENATE('Formulario PPGR2'!$C43,".",'Formulario PPGR2'!$D43,".",'Formulario PPGR2'!$E43,".",'Formulario PPGR2'!$F43)) -> #REF! | D43: =IF('Formulario PPGR2'!$G43="","",'Formulario PPGR1'!#REF!) -> #REF! | E43: =IF('Formulario PPGR2'!$G43="","",'Formulario PPGR1'!#REF!) -> #REF! | F43: =IF('Formulario PPGR2'!$G43="","",'Formulario PPGR1'!#REF!) -> #REF! | G43: 1.5.2 Las víctimas de violencia de género e intrafamiliar reciben atención integral, oportuna y segura en los servicios de salud. | H43: 1.5.2.05 | I43: Taller al personal de salud para la prevención y atención de casos de violencia en niños, niñas y adolescentes y violencia intrafamiliar. | L43: 1 | O43: 1 | R43: 1 | V43: =SUM('Formulario PPGR2'!$J43:$U43) -> 3 | W43: Listado de participación | X43: Agenda | Z43: Atención Violencia de Género
B44: =IF('Formulario PPGR2'!$G44="","",CONCATENATE('Formulario PPGR2'!$C44,".",'Formulario PPGR2'!$D44,".",'Formulario PPGR2'!$E44,".",'Formulario PPGR2'!$F44)) -> #REF! | D44: =IF('Formulario PPGR2'!$G44="","",'Formulario PPGR1'!#REF!) -> #REF! | E44: =IF('Formulario PPGR2'!$G44="","",'Formulario PPGR1'!#REF!) -> #REF! | F44: =IF('Formulario PPGR2'!$G44="","",'Formulario PPGR1'!#REF!) -> #REF! | G44: 1.5.4 La población usuaria recibe servicios de salud mental integrales y oportunos, que promueven el bienestar psicológico, la prevención de trastornos y la atención a personas en crisis. | H44: 1.5.4.01 | I44: Visitas de supervisión con el objetivo de identificar brechas en la atención de salud mental, con el fin de desarrollar planes de mejora para fortalecer los servicios. | L44: 1 | M44: 1 | N44: 1 | O44: 1 | P44: 1 | Q44: 1 | R44: 1 | S44: 1 | T44: 1 | V44: =SUM('Formulario PPGR2'!$J44:$U44) -> 9 | W44: Listado de participación | X44: Informe | Z44: Salud Mental
B45: =IF('Formulario PPGR2'!$G45="","",CONCATENATE('Formulario PPGR2'!$C45,".",'Formulario PPGR2'!$D45,".",'Formulario PPGR2'!$E45,".",'Formulario PPGR2'!$F45)) -> #REF! | D45: =IF('Formulario PPGR2'!$G45="","",'Formulario PPGR1'!#REF!) -> #REF! | E45: =IF('Formulario PPGR2'!$G45="","",'Formulario PPGR1'!#REF!) -> #REF! | F45: =IF('Formulario PPGR2'!$G45="","",'Formulario PPGR1'!#REF!) -> #REF! | G45: 1.5.4 La población usuaria recibe servicios de salud mental integrales y oportunos, que promueven el bienestar psicológico, la prevención de trastornos y la atención a personas en crisis. | H45: 1.5.4.02 | I45: Visitas de supervisión a las Unidades de Intervención en Crisis en funcionamiento en la región. | M45: 1 | P45: 1 | S45: 1 | V45: =SUM('Formulario PPGR2'!$J45:$U45) -> 3 | W45: Listado de participación | X45: Informe | Z45: Salud Mental
B46: =IF('Formulario PPGR2'!$G46="","",CONCATENATE('Formulario PPGR2'!$C46,".",'Formulario PPGR2'!$D46,".",'Formulario PPGR2'!$E46,".",'Formulario PPGR2'!$F46)) -> #REF! | D46: =IF('Formulario PPGR2'!$G46="","",'Formulario PPGR1'!#REF!) -> #REF! | E46: =IF('Formulario PPGR2'!$G46="","",'Formulario PPGR1'!#REF!) -> #REF! | F46: =IF('Formulario PPGR2'!$G46="","",'Formulario PPGR1'!#REF!) -> #REF! | G46: 1.5.4 La población usuaria recibe servicios de salud mental integrales y oportunos, que promueven el bienestar psicológico, la prevención de trastornos y la atención a personas en crisis. | H46: 1.5.4.03 | I46: Mesas de trabajo con el personal de salud mental con el objetivo de socializar y dar seguimiento a los planes de mejoras. | L46: 1 | R46: 1 | V46: =SUM('Formulario PPGR2'!$J46:$U46) -> 2 | W46: Listado de participación | X46: Minuta | Z46: Salud Mental
B47: =IF('Formulario PPGR2'!$G47="","",CONCATENATE('Formulario PPGR2'!$C47,".",'Formulario PPGR2'!$D47,".",'Formulario PPGR2'!$E47,".",'Formulario PPGR2'!$F47)) -> #REF! | D47: =IF('Formulario PPGR2'!$G47="","",'Formulario PPGR1'!#REF!) -> #REF! | E47: =IF('Formulario PPGR2'!$G47="","",'Formulario PPGR1'!#REF!) -> #REF! | F47: =IF('Formulario PPGR2'!$G47="","",'Formulario PPGR1'!#REF!) -> #REF! | G47: 1.5.4 La población usuaria recibe servicios de salud mental integrales y oportunos, que promueven el bienestar psicológico, la prevención de trastornos y la atención a personas en crisis. | H47: 1.5.4.04 | I47: Ampliación de la estrategia mhGAP de Atención Primaria, con enfoque prioritario en los Servicios Regionales Cibao Norte, Valdesia y Ozama. | N47: 1 | V47: =SUM('Formulario PPGR2'!$J47:$U47) -> 1 | W47: Listado de participación | X47: Informe | Z47: Salud Mental
B48: =IF('Formulario PPGR2'!$G48="","",CONCATENATE('Formulario PPGR2'!$C48,".",'Formulario PPGR2'!$D48,".",'Formulario PPGR2'!$E48,".",'Formulario PPGR2'!$F48)) -> #REF! | D48: =IF('Formulario PPGR2'!$G48="","",'Formulario PPGR1'!#REF!) -> #REF! | E48: =IF('Formulario PPGR2'!$G48="","",'Formulario PPGR1'!#REF!) -> #REF! | F48: =IF('Formulario PPGR2'!$G48="","",'Formulario PPGR1'!#REF!) -> #REF! | G48: 1.5.4 La población usuaria recibe servicios de salud mental integrales y oportunos, que promueven el bienestar psicológico, la prevención de trastornos y la atención a personas en crisis. | H48: 1.5.4.05 | I48: Taller de Prevención y Detección Temprana del Suicidio en lso SRS Noroeste, Nordeste, Valdesia y Yuma | R48: 1 | V48: =SUM('Formulario PPGR2'!$J48:$U48) -> 1 | W48: Listado de participación | X48: Agenda | Z48: Salud Mental
B49: =IF('Formulario PPGR2'!$G49="","",CONCATENATE('Formulario PPGR2'!$C49,".",'Formulario PPGR2'!$D49,".",'Formulario PPGR2'!$E49,".",'Formulario PPGR2'!$F49)) -> #REF! | C49: =IF('Formulario PPGR2'!$G49="","",'Formulario PPGR1'!#REF!) -> #REF! | D49: =IF('Formulario PPGR2'!$G49="","",'Formulario PPGR1'!#REF!) -> #REF! | E49: =IF('Formulario PPGR2'!$G49="","",'Formulario PPGR1'!#REF!) -> #REF! | F49: =IF('Formulario PPGR2'!$G49="","",'Formulario PPGR1'!#REF!) -> #REF! | G49: 1.6.1 Los estudiantes de los centros educativos en las jurisdicciones de los SRS Metropolitano (Santo Domingo Este y Oeste) y SRS Norcentral (Santiago) reciben seguimiento continuo a la implementación de la iniciativa de salud escolar, asegurando la promoción de la salud, prevención de enfermedades y bienestar integral. | H49: 1.6.1.01 | I49: Seguimiento a la Implementación de la iniciativa de salud escolar por Área de Salud en los SRS Metropolitano (Santo Domingo Este y Oeste) y SRS Norcentral (Santiago) | L49: 1 | O49: 1 | R49: 1 | U49: 1 | V49: =SUM('Formulario PPGR2'!$J49:$U49) -> 4 | W49: Informe | Z49: Primer Nivel
B50: =IF('Formulario PPGR2'!$G50="","",CONCATENATE('Formulario PPGR2'!$C50,".",'Formulario PPGR2'!$D50,".",'Formulario PPGR2'!$E50,".",'Formulario PPGR2'!$F50)) -> #REF! | D50: =IF('Formulario PPGR2'!$G50="","",'Formulario PPGR1'!#REF!) -> #REF! | E50: =IF('Formulario PPGR2'!$G50="","",'Formulario PPGR1'!#REF!) -> #REF! | F50: =IF('Formulario PPGR2'!$G50="","",'Formulario PPGR1'!#REF!) -> #REF! | G50: 1.6.2 Mujeres en edad fértil de población prioritaria recibe acceso oportuno a servicios preventivos de salud a través de campañas y exámenes de detección de cáncer cervicouterino | H50: 1.6.2.01 | I50: Seguimiento y reporte de las acciones para la detección temprana de cáncer cervicouterino en el PNA por Área de Salud | L50: 1 | O50: 1 | R50: 1 | U50: 1 | V50: =SUM('Formulario PPGR2'!$J50:$U50) -> 4 | W50: Informe | Z50: Primer Nivel
B51: =IF('Formulario PPGR2'!$G51="","",CONCATENATE('Formulario PPGR2'!$C51,".",'Formulario PPGR2'!$D51,".",'Formulario PPGR2'!$E51,".",'Formulario PPGR2'!$F51)) -> #REF! | D51: =IF('Formulario PPGR2'!$G51="","",'Formulario PPGR1'!#REF!) -> #REF! | E51: =IF('Formulario PPGR2'!$G51="","",'Formulario PPGR1'!#REF!) -> #REF! | F51: =IF('Formulario PPGR2'!$G51="","",'Formulario PPGR1'!#REF!) -> #REF! | G51: 1.6.3 Hombres >40 años de población prioritaria recibe acceso oportuno a servicios preventivos de salud a través de campañas y exámenes de detección de cáncer de próstata | H51: 1.6.3.01 | I51: Seguimiento y reporte de las acciones para la detección temprana de cáncer próstata en el PNA por Área de Salud | L51: 1 | O51: 1 | R51: 1 | U51: 1 | V51: =SUM('Formulario PPGR2'!$J51:$U51) -> 4 | W51: Informe | Z51: Primer Nivel
B52: =IF('Formulario PPGR2'!$G52="","",CONCATENATE('Formulario PPGR2'!$C52,".",'Formulario PPGR2'!$D52,".",'Formulario PPGR2'!$E52,".",'Formulario PPGR2'!$F52)) -> #REF! | D52: =IF('Formulario PPGR2'!$G52="","",'Formulario PPGR1'!#REF!) -> #REF! | E52: =IF('Formulario PPGR2'!$G52="","",'Formulario PPGR1'!#REF!) -> #REF! | F52: =IF('Formulario PPGR2'!$G52="","",'Formulario PPGR1'!#REF!) -> #REF! | G52: 1.6.4 Los pacientes del sistema público de salud reciben atención segura y de calidad mediante el monitoreo y evaluación de la adherencia de los establecimientos de salud a protocolos, guías de atención y demás normativas establecidas. | H52: 1.6.4.01 | I52: Monitoreo al cumplimiento de las UNAPS de los procedimientos y protocolos de atención establecidos por Área de Salud | L52: 1 | O52: 1 | R52: 1 | U52: 1 | V52: =SUM('Formulario PPGR2'!$J52:$U52) -> 4 | W52: Informe | X52: Listado de participación | Y52: Instrumento que represente la muestra de la ejecución del monitoreo por Área de Salud | Z52: Primer Nivel
B53: =IF('Formulario PPGR2'!$G53="","",CONCATENATE('Formulario PPGR2'!$C53,".",'Formulario PPGR2'!$D53,".",'Formulario PPGR2'!$E53,".",'Formulario PPGR2'!$F53)) -> #REF! | D53: =IF('Formulario PPGR2'!$G53="","",'Formulario PPGR1'!#REF!) -> #REF! | E53: =IF('Formulario PPGR2'!$G53="","",'Formulario PPGR1'!#REF!) -> #REF! | F53: =IF('Formulario PPGR2'!$G53="","",'Formulario PPGR1'!#REF!) -> #REF! | G53: 1.6.5 La población usuaria recibe servicios odontológicos fortalecidos y de calidad mediante la ejecución de planes de mejora de la atención dental. | H53: 1.6.5.01 | I53: Seguimiento a las capacitaciones a los RRHH de las áreas de odontología de acuerdo a las necesidades. | L53: 1 | O53: 1 | R53: 1 | V53: =SUM('Formulario PPGR2'!$J53:$U53) -> 3 | W53: Listado de participación | X53: Plan | Z53: Odontología
B54: =IF('Formulario PPGR2'!$G54="","",CONCATENATE('Formulario PPGR2'!$C54,".",'Formulario PPGR2'!$D54,".",'Formulario PPGR2'!$E54,".",'Formulario PPGR2'!$F54)) -> #REF! | D54: =IF('Formulario PPGR2'!$G54="","",'Formulario PPGR1'!#REF!) -> #REF! | E54: =IF('Formulario PPGR2'!$G54="","",'Formulario PPGR1'!#REF!) -> #REF! | F54: =IF('Formulario PPGR2'!$G54="","",'Formulario PPGR1'!#REF!) -> #REF! | G54: 1.6.5 La población usuaria recibe servicios odontológicos fortalecidos y de calidad mediante la ejecución de planes de mejora de la atención dental. | H54: 1.6.5.02 | I54: Seguimiento al desarrollo e implementación del plan de acciones para el acondicionamiento de infraestructura, mantenimiento de equipos y equipamiento de las áreas de odontología EES | L54: 1 | O54: 1 | R54: 1 | T54: 1 | V54: =SUM('Formulario PPGR2'!$J54:$U54) -> 4 | W54: Informe | Z54: Odontología
B55: =IF('Formulario PPGR2'!$G55="","",CONCATENATE('Formulario PPGR2'!$C55,".",'Formulario PPGR2'!$D55,".",'Formulario PPGR2'!$E55,".",'Formulario PPGR2'!$F55)) -> #REF! | D55: =IF('Formulario PPGR2'!$G55="","",'Formulario PPGR1'!#REF!) -> #REF! | E55: =IF('Formulario PPGR2'!$G55="","",'Formulario PPGR1'!#REF!) -> #REF! | F55: =IF('Formulario PPGR2'!$G55="","",'Formulario PPGR1'!#REF!) -> #REF! | G55: 1.6.5 La población usuaria recibe servicios odontológicos fortalecidos y de calidad mediante la ejecución de planes de mejora de la atención dental. | H55: 1.6.5.03 | I55: Monitoreo y evaluación de los servicios odontológicos | M55: 1 | P55: 1 | S55: 1 | V55: =SUM('Formulario PPGR2'!$J55:$U55) -> 3 | W55: Informe | Z55: Odontología
B56: =IF('Formulario PPGR2'!$G56="","",CONCATENATE('Formulario PPGR2'!$C56,".",'Formulario PPGR2'!$D56,".",'Formulario PPGR2'!$E56,".",'Formulario PPGR2'!$F56)) -> #REF! | D56: =IF('Formulario PPGR2'!$G56="","",'Formulario PPGR1'!#REF!) -> #REF! | E56: =IF('Formulario PPGR2'!$G56="","",'Formulario PPGR1'!#REF!) -> #REF! | F56: =IF('Formulario PPGR2'!$G56="","",'Formulario PPGR1'!#REF!) -> #REF! | G56: 1.6.5 La población usuaria recibe servicios odontológicos fortalecidos y de calidad mediante la ejecución de planes de mejora de la atención dental. | H56: 1.6.5.04 | I56: Seguimiento del desarrollo del programa Restableciendo Sonrisas | K56: 1 | P56: 1 | V56: =SUM('Formulario PPGR2'!$J56:$U56) -> 2 | W56: Informe | Z56: Odontología
B57: =IF('Formulario PPGR2'!$G57="","",CONCATENATE('Formulario PPGR2'!$C57,".",'Formulario PPGR2'!$D57,".",'Formulario PPGR2'!$E57,".",'Formulario PPGR2'!$F57)) -> #REF! | D57: =IF('Formulario PPGR2'!$G57="","",'Formulario PPGR1'!#REF!) -> #REF! | E57: =IF('Formulario PPGR2'!$G57="","",'Formulario PPGR1'!#REF!) -> #REF! | F57: =IF('Formulario PPGR2'!$G57="","",'Formulario PPGR1'!#REF!) -> #REF! | G57: 1.6.5 La población usuaria recibe servicios odontológicos fortalecidos y de calidad mediante la ejecución de planes de mejora de la atención dental. | H57: 1.6.5.05 | I57: Seguimiento del desarrollo del Programa Comunidad /Escuela libre de caries | M57: 1 | Q57: 1 | U57: 1 | V57: =SUM('Formulario PPGR2'!$J57:$U57) -> 3 | W57: Informe | Z57: Odontología
B58: =IF('Formulario PPGR2'!$G58="","",CONCATENATE('Formulario PPGR2'!$C58,".",'Formulario PPGR2'!$D58,".",'Formulario PPGR2'!$E58,".",'Formulario PPGR2'!$F58)) -> #REF! | D58: =IF('Formulario PPGR2'!$G58="","",'Formulario PPGR1'!#REF!) -> #REF! | E58: =IF('Formulario PPGR2'!$G58="","",'Formulario PPGR1'!#REF!) -> #REF! | F58: =IF('Formulario PPGR2'!$G58="","",'Formulario PPGR1'!#REF!) -> #REF! | G58: 1.6.5 La población usuaria recibe servicios odontológicos fortalecidos y de calidad mediante la ejecución de planes de mejora de la atención dental. | H58: 1.6.5.06 | I58: Seguimiento del desarrollo del Programa Fomento de la Salud bucal. | M58: 1 | Q58: 1 | S58: 1 | V58: =SUM('Formulario PPGR2'!$J58:$U58) -> 3 | W58: Informe | Z58: Odontología
B59: =IF('Formulario PPGR2'!$G59="","",CONCATENATE('Formulario PPGR2'!$C59,".",'Formulario PPGR2'!$D59,".",'Formulario PPGR2'!$E59,".",'Formulario PPGR2'!$F59)) -> #REF! | D59: =IF('Formulario PPGR2'!$G59="","",'Formulario PPGR1'!#REF!) -> #REF! | E59: =IF('Formulario PPGR2'!$G59="","",'Formulario PPGR1'!#REF!) -> #REF! | F59: =IF('Formulario PPGR2'!$G59="","",'Formulario PPGR1'!#REF!) -> #REF! | G59: 1.6.6 La población en riesgo y los pacientes con tuberculosis reciben diagnóstico, tratamiento y seguimiento oportunos, garantizando prevención, control y reducción de la transmisión de la enfermedad. | H59: 1.6.6.01 | I59: Visitas de supervisión y auditoría al Sistema de Información Operacional y Epidemiológico de TB (SIOE) en 10 EES priorizados para fortalecimiento de la calidad del dato. | K59: 10 | L59: 10 | M59: 10 | N59: 10 | O59: 10 | P59: 10 | Q59: 10 | R59: 10 | S59: 10 | T59: 10 | V59: =SUM('Formulario PPGR2'!$J59:$U59) -> 100 | W59: Listado de participación | X59: Informe | Z59: Gestión Clínica
B60: =IF('Formulario PPGR2'!$G60="","",CONCATENATE('Formulario PPGR2'!$C60,".",'Formulario PPGR2'!$D60,".",'Formulario PPGR2'!$E60,".",'Formulario PPGR2'!$F60)) -> #REF! | D60: =IF('Formulario PPGR2'!$G60="","",'Formulario PPGR1'!#REF!) -> #REF! | E60: =IF('Formulario PPGR2'!$G60="","",'Formulario PPGR1'!#REF!) -> #REF! | F60: =IF('Formulario PPGR2'!$G60="","",'Formulario PPGR1'!#REF!) -> #REF! | G60: 1.6.6 La población en riesgo y los pacientes con tuberculosis reciben diagnóstico, tratamiento y seguimiento oportunos, garantizando prevención, control y reducción de la transmisión de la enfermedad. | H60: 1.6.6.02 | I60: Reporte de las intervenciones de adherencia PoR 41 (visitas domiciliarias, Consultas Psicológicas y entrega de TDO a domicilio) realizadas en los ESS de la Región. | J60: 1 | K60: 1 | L60: 1 | M60: 1 | N60: 1 | O60: 1 | P60: 1 | Q60: 1 | R60: 1 | S60: 1 | T60: 1 | U60: 1 | V60: =SUM('Formulario PPGR2'!$J60:$U60) -> 12 | W60: Reporte | Z60: Gestión Clínica
B61: =IF('Formulario PPGR2'!$G61="","",CONCATENATE('Formulario PPGR2'!$C61,".",'Formulario PPGR2'!$D61,".",'Formulario PPGR2'!$E61,".",'Formulario PPGR2'!$F61)) -> #REF! | D61: =IF('Formulario PPGR2'!$G61="","",'Formulario PPGR1'!#REF!) -> #REF! | E61: =IF('Formulario PPGR2'!$G61="","",'Formulario PPGR1'!#REF!) -> #REF! | F61: =IF('Formulario PPGR2'!$G61="","",'Formulario PPGR1'!#REF!) -> #REF! | G61: 1.6.6 La población en riesgo y los pacientes con tuberculosis reciben diagnóstico, tratamiento y seguimiento oportunos, garantizando prevención, control y reducción de la transmisión de la enfermedad. | H61: 1.6.6.03 | I61: Reporte a la aplicación de las Terapia Preventiva de Tuberculosis (TPT) en la región de acuerdo a los protocolos en los SAIs y servicios de TB en menores de 18 años y embarazadas. | J61: 2 | L61: 2 | N61: 2 | P61: 2 | R61: 2 | T61: 2 | V61: =SUM('Formulario PPGR2'!$J61:$U61) -> 12 | W61: Listado de participación | X61: Reporte | Z61: Gestión Clínica
B62: =IF('Formulario PPGR2'!$G62="","",CONCATENATE('Formulario PPGR2'!$C62,".",'Formulario PPGR2'!$D62,".",'Formulario PPGR2'!$E62,".",'Formulario PPGR2'!$F62)) -> #REF! | D62: =IF('Formulario PPGR2'!$G62="","",'Formulario PPGR1'!#REF!) -> #REF! | E62: =IF('Formulario PPGR2'!$G62="","",'Formulario PPGR1'!#REF!) -> #REF! | F62: =IF('Formulario PPGR2'!$G62="","",'Formulario PPGR1'!#REF!) -> #REF! | G62: 1.6.6 La población en riesgo y los pacientes con tuberculosis reciben diagnóstico, tratamiento y seguimiento oportunos, garantizando prevención, control y reducción de la transmisión de la enfermedad. | H62: 1.6.6.04 | I62: Reunión con la Unidad Técnica Regional (UTR) para monitorear el cumplimiento de los protocolos establecidos por la OMS para el manejo de los pacientes Drogoresistentes. | J62: 1 | K62: 1 | L62: 1 | M62: 1 | N62: 1 | O62: 1 | P62: 1 | Q62: 1 | R62: 1 | S62: 1 | T62: 1 | U62: 1 | V62: =SUM('Formulario PPGR2'!$J62:$U62) -> 12 | W62: Listado de participación | X62: Minuta | Z62: Gestión Clínica
B63: =IF('Formulario PPGR2'!$G63="","",CONCATENATE('Formulario PPGR2'!$C63,".",'Formulario PPGR2'!$D63,".",'Formulario PPGR2'!$E63,".",'Formulario PPGR2'!$F63)) -> #REF! | D63: =IF('Formulario PPGR2'!$G63="","",'Formulario PPGR1'!#REF!) -> #REF! | E63: =IF('Formulario PPGR2'!$G63="","",'Formulario PPGR1'!#REF!) -> #REF! | F63: =IF('Formulario PPGR2'!$G63="","",'Formulario PPGR1'!#REF!) -> #REF! | G63: 1.6.6 La población en riesgo y los pacientes con tuberculosis reciben diagnóstico, tratamiento y seguimiento oportunos, garantizando prevención, control y reducción de la transmisión de la enfermedad. | H63: 1.6.6.05 | I63: Reunión con los pediatras pertenecientes a la Red Nacional de Pediatría para seguimiento de casos de TB Infantil en la región. | K63: 1 | N63: 1 | Q63: 1 | T63: 1 | V63: =SUM('Formulario PPGR2'!$J63:$U63) -> 4 | W63: Listado de participación | X63: Minuta | Z63: Gestión Clínica
B64: =IF('Formulario PPGR2'!$G64="","",CONCATENATE('Formulario PPGR2'!$C64,".",'Formulario PPGR2'!$D64,".",'Formulario PPGR2'!$E64,".",'Formulario PPGR2'!$F64)) -> #REF! | D64: =IF('Formulario PPGR2'!$G64="","",'Formulario PPGR1'!#REF!) -> #REF! | E64: =IF('Formulario PPGR2'!$G64="","",'Formulario PPGR1'!#REF!) -> #REF! | F64: =IF('Formulario PPGR2'!$G64="","",'Formulario PPGR1'!#REF!) -> #REF! | G64: 1.6.6 La población en riesgo y los pacientes con tuberculosis reciben diagnóstico, tratamiento y seguimiento oportunos, garantizando prevención, control y reducción de la transmisión de la enfermedad. | H64: 1.6.6.06 | I64: Mesa de Trabajo con Coordinación de laboratorio e imágenes, medicamentos regional y Primer Nivel para planificación de actividades relacionada a Tuberculosis en la región . | J64: 1 | L64: 1 | N64: 1 | P64: 1 | R64: 1 | T64: 1 | V64: =SUM('Formulario PPGR2'!$J64:$U64) -> 6 | W64: Listado de participación | X64: Minuta | Z64: Gestión Clínica
B65: =IF('Formulario PPGR2'!$G65="","",CONCATENATE('Formulario PPGR2'!$C65,".",'Formulario PPGR2'!$D65,".",'Formulario PPGR2'!$E65,".",'Formulario PPGR2'!$F65)) -> #REF! | D65: =IF('Formulario PPGR2'!$G65="","",'Formulario PPGR1'!#REF!) -> #REF! | E65: =IF('Formulario PPGR2'!$G65="","",'Formulario PPGR1'!#REF!) -> #REF! | F65: =IF('Formulario PPGR2'!$G65="","",'Formulario PPGR1'!#REF!) -> #REF! | G65: 1.6.6 La población en riesgo y los pacientes con tuberculosis reciben diagnóstico, tratamiento y seguimiento oportunos, garantizando prevención, control y reducción de la transmisión de la enfermedad. | H65: 1.6.6.07 | I65: Mesa de trabajo con Materno Infantil y Hospitales para correcto manejo del los protocolos de TB en las embarazadas y aplicación de Terapia Preventiva para Tuberculosis (TPT). | J65: 1 | M65: 1 | P65: 1 | S65: 1 | V65: =SUM('Formulario PPGR2'!$J65:$U65) -> 4 | W65: Listado de participación | X65: Minuta | Z65: Gestión Clínica
B66: =IF('Formulario PPGR2'!$G66="","",CONCATENATE('Formulario PPGR2'!$C66,".",'Formulario PPGR2'!$D66,".",'Formulario PPGR2'!$E66,".",'Formulario PPGR2'!$F66)) -> #REF! | D66: =IF('Formulario PPGR2'!$G66="","",'Formulario PPGR1'!#REF!) -> #REF! | E66: =IF('Formulario PPGR2'!$G66="","",'Formulario PPGR1'!#REF!) -> #REF! | F66: =IF('Formulario PPGR2'!$G66="","",'Formulario PPGR1'!#REF!) -> #REF! | G66: 1.6.6 La población en riesgo y los pacientes con tuberculosis reciben diagnóstico, tratamiento y seguimiento oportunos, garantizando prevención, control y reducción de la transmisión de la enfermedad. | H66: 1.6.6.08 | I66: Capacitación y actualización (Algoritmos, TB-DR, TB/VIH,TPT, TB Infantil y TB-Diabetes) al personal de salud para el fortalecimiento del programa de Tuberculosis. | L66: 1 | O66: 2 | R66: 2 | U66: 1 | V66: =SUM('Formulario PPGR2'!$J66:$U66) -> 6 | W66: Listado de participación | X66: Agenda | Z66: Gestión Clínica
B67: =IF('Formulario PPGR2'!$G67="","",CONCATENATE('Formulario PPGR2'!$C67,".",'Formulario PPGR2'!$D67,".",'Formulario PPGR2'!$E67,".",'Formulario PPGR2'!$F67)) -> #REF! | D67: =IF('Formulario PPGR2'!$G67="","",'Formulario PPGR1'!#REF!) -> #REF! | E67: =IF('Formulario PPGR2'!$G67="","",'Formulario PPGR1'!#REF!) -> #REF! | F67: =IF('Formulario PPGR2'!$G67="","",'Formulario PPGR1'!#REF!) -> #REF! | G67: 1.6.7 La población en riesgo recibe prevención, vigilancia y control de enfermedades zoonóticas, garantizando la detección temprana y la reducción de su transmisión. | H67: 1.6.7.01 | I67: Seguimiento a la implementación del programa de malaria. | K67: 1 | M67: 1 | O67: 1 | Q67: 1 | S67: 1 | V67: =SUM('Formulario PPGR2'!$J67:$U67) -> 5 | W67: Listado de participación | X67: Informe | Z67: Gestión Clínica
B68: =IF('Formulario PPGR2'!$G68="","",CONCATENATE('Formulario PPGR2'!$C68,".",'Formulario PPGR2'!$D68,".",'Formulario PPGR2'!$E68,".",'Formulario PPGR2'!$F68)) -> #REF! | D68: =IF('Formulario PPGR2'!$G68="","",'Formulario PPGR1'!#REF!) -> #REF! | E68: =IF('Formulario PPGR2'!$G68="","",'Formulario PPGR1'!#REF!) -> #REF! | F68: =IF('Formulario PPGR2'!$G68="","",'Formulario PPGR1'!#REF!) -> #REF! | G68: 1.6.7 La población en riesgo recibe prevención, vigilancia y control de enfermedades zoonóticas, garantizando la detección temprana y la reducción de su transmisión. | H68: 1.6.7.02 | I68: Seguimiento a las enfermedades zoonoticas en los centros de salud. | J68: 1 | N68: 1 | R68: 1 | V68: =SUM('Formulario PPGR2'!$J68:$U68) -> 3 | W68: Listado de participación | X68: Informe | Z68: Gestión Clínica
B69: =IF('Formulario PPGR2'!$G69="","",CONCATENATE('Formulario PPGR2'!$C69,".",'Formulario PPGR2'!$D69,".",'Formulario PPGR2'!$E69,".",'Formulario PPGR2'!$F69)) -> #REF! | D69: =IF('Formulario PPGR2'!$G69="","",'Formulario PPGR1'!#REF!) -> #REF! | E69: =IF('Formulario PPGR2'!$G69="","",'Formulario PPGR1'!#REF!) -> #REF! | F69: =IF('Formulario PPGR2'!$G69="","",'Formulario PPGR1'!#REF!) -> #REF! | G69: 1.6.7 La población en riesgo recibe prevención, vigilancia y control de enfermedades zoonóticas, garantizando la detección temprana y la reducción de su transmisión. | H69: 1.6.7.03 | I69: Capacitación en el manejo y control de zoonosis en centros de salud de primer nivel de atención. | L69: 1 | S69: 1 | V69: =SUM('Formulario PPGR2'!$J69:$U69) -> 2 | W69: Listado de participación | X69: Informe | Z69: Gestión Clínica
B70: =IF('Formulario PPGR2'!$G70="","",CONCATENATE('Formulario PPGR2'!$C70,".",'Formulario PPGR2'!$D70,".",'Formulario PPGR2'!$E70,".",'Formulario PPGR2'!$F70)) -> #REF! | D70: =IF('Formulario PPGR2'!$G70="","",'Formulario PPGR1'!#REF!) -> #REF! | E70: =IF('Formulario PPGR2'!$G70="","",'Formulario PPGR1'!#REF!) -> #REF! | F70: =IF('Formulario PPGR2'!$G70="","",'Formulario PPGR1'!#REF!) -> #REF! | G70: 1.6.8 La población en riesgo y personas con VIH reciben servicios integrales de prevención, diagnóstico, tratamiento y seguimiento, garantizando continuidad de la atención y reducción de la transmisión. | H70: 1.6.8.01 | I70: Reuniones de seguimiento al cumplimiento de indicadores del PoR 42 (SRS Ozama, Valdesia, Cibao Norte, Cibao Nordeste, Enriquillo, Yuma, Higuamo, El Valle, Cibao Noroeste, Cibao Sur) | K70: 1 | O70: 1 | R70: 1 | U70: 1 | V70: =SUM('Formulario PPGR2'!$J70:$U70) -> 4 | W70: Listado de participación | X70: Minuta | Z70: Gestión Clínica
B71: =IF('Formulario PPGR2'!$G71="","",CONCATENATE('Formulario PPGR2'!$C71,".",'Formulario PPGR2'!$D71,".",'Formulario PPGR2'!$E71,".",'Formulario PPGR2'!$F71)) -> #REF! | D71: =IF('Formulario PPGR2'!$G71="","",'Formulario PPGR1'!#REF!) -> #REF! | E71: =IF('Formulario PPGR2'!$G71="","",'Formulario PPGR1'!#REF!) -> #REF! | F71: =IF('Formulario PPGR2'!$G71="","",'Formulario PPGR1'!#REF!) -> #REF! | G71: 1.6.8 La población en riesgo y personas con VIH reciben servicios integrales de prevención, diagnóstico, tratamiento y seguimiento, garantizando continuidad de la atención y reducción de la transmisión. | H71: 1.6.8.02 | I71: Supervisión de las Intervenciones Implementadas para el Fortalecimiento de la Adherencia por el Personal del Programa 42. | J71: 1 | N71: 1 | Q71: 1 | T71: 1 | V71: =SUM('Formulario PPGR2'!$J71:$U71) -> 4 | W71: Listado de participación | X71: Informe | Z71: Gestión Clínica
B72: =IF('Formulario PPGR2'!$G72="","",CONCATENATE('Formulario PPGR2'!$C72,".",'Formulario PPGR2'!$D72,".",'Formulario PPGR2'!$E72,".",'Formulario PPGR2'!$F72)) -> #REF! | D72: =IF('Formulario PPGR2'!$G72="","",'Formulario PPGR1'!#REF!) -> #REF! | E72: =IF('Formulario PPGR2'!$G72="","",'Formulario PPGR1'!#REF!) -> #REF! | F72: =IF('Formulario PPGR2'!$G72="","",'Formulario PPGR1'!#REF!) -> #REF! | G72: 1.6.8 La población en riesgo y personas con VIH reciben servicios integrales de prevención, diagnóstico, tratamiento y seguimiento, garantizando continuidad de la atención y reducción de la transmisión. | H72: 1.6.8.03 | I72: Taller de intercambio de buenas prácticas en las intervenciones realizadas por el personal de los Servicios de Atención Integral. | Q72: 1 | V72: =SUM('Formulario PPGR2'!$J72:$U72) -> 1 | W72: Listado de participación | X72: Agenda | Z72: Gestión Clínica
B73: =IF('Formulario PPGR2'!$G73="","",CONCATENATE('Formulario PPGR2'!$C73,".",'Formulario PPGR2'!$D73,".",'Formulario PPGR2'!$E73,".",'Formulario PPGR2'!$F73)) -> #REF! | D73: =IF('Formulario PPGR2'!$G73="","",'Formulario PPGR1'!#REF!) -> #REF! | E73: =IF('Formulario PPGR2'!$G73="","",'Formulario PPGR1'!#REF!) -> #REF! | F73: =IF('Formulario PPGR2'!$G73="","",'Formulario PPGR1'!#REF!) -> #REF! | G73: 1.6.8 La población en riesgo y personas con VIH reciben servicios integrales de prevención, diagnóstico, tratamiento y seguimiento, garantizando continuidad de la atención y reducción de la transmisión. | H73: 1.6.8.04 | I73: Mesas de trabajo con el personal de los Servicios de Atención Integral para seguimiento al cumplimiento de indicadores de la cascada 95-95-95 del Programa de VIH. | K73: 1 | O73: 1 | R73: 1 | U73: 1 | V73: =SUM('Formulario PPGR2'!$J73:$U73) -> 4 | W73: Listado de participación | X73: Minuta | Z73: Gestión Clínica
B74: =IF('Formulario PPGR2'!$G74="","",CONCATENATE('Formulario PPGR2'!$C74,".",'Formulario PPGR2'!$D74,".",'Formulario PPGR2'!$E74,".",'Formulario PPGR2'!$F74)) -> #REF! | D74: =IF('Formulario PPGR2'!$G74="","",'Formulario PPGR1'!#REF!) -> #REF! | E74: =IF('Formulario PPGR2'!$G74="","",'Formulario PPGR1'!#REF!) -> #REF! | F74: =IF('Formulario PPGR2'!$G74="","",'Formulario PPGR1'!#REF!) -> #REF! | G74: 1.6.8 La población en riesgo y personas con VIH reciben servicios integrales de prevención, diagnóstico, tratamiento y seguimiento, garantizando continuidad de la atención y reducción de la transmisión. | H74: 1.6.8.05 | I74: Seguimiento a la implementación del plan de integración de los servicios de VIH en los EES de las provincias priorizadas | O74: 1 | U74: 1 | V74: =SUM('Formulario PPGR2'!$J74:$U74) -> 2 | W74: Listado de participación | X74: Informe | Y74: Hospital Regional Ing. Luis L. Bogaert, Hospital Materno Infantil Jose Francisco Peña Gómez, Hospital Don Julio Moronta, Hospital Municipal Dr. José Fausto Ovalles, CDX Mao | Z74: Gestión Clínica
B75: =IF('Formulario PPGR2'!$G75="","",CONCATENATE('Formulario PPGR2'!$C75,".",'Formulario PPGR2'!$D75,".",'Formulario PPGR2'!$E75,".",'Formulario PPGR2'!$F75)) -> #REF! | D75: =IF('Formulario PPGR2'!$G75="","",'Formulario PPGR1'!#REF!) -> #REF! | E75: =IF('Formulario PPGR2'!$G75="","",'Formulario PPGR1'!#REF!) -> #REF! | F75: =IF('Formulario PPGR2'!$G75="","",'Formulario PPGR1'!#REF!) -> #REF! | G75: 1.6.8 La población en riesgo y personas con VIH reciben servicios integrales de prevención, diagnóstico, tratamiento y seguimiento, garantizando continuidad de la atención y reducción de la transmisión. | H75: 1.6.8.06 | I75: Visitas de supervisión Áreas de Consejería para pruebas VIH, de EES priorizados para verificar entrega y registro oportuno de pre y post consejería en el SIRENP | L75: 2 | O75: 2 | R75: 2 | V75: =SUM('Formulario PPGR2'!$J75:$U75) -> 6 | W75: Listado de participación | X75: Informe | Y75: Establecimientos que realizan pruebas de VIH de la red pública | Z75: Gestión Clínica
B76: =IF('Formulario PPGR2'!$G76="","",CONCATENATE('Formulario PPGR2'!$C76,".",'Formulario PPGR2'!$D76,".",'Formulario PPGR2'!$E76,".",'Formulario PPGR2'!$F76)) -> #REF! | D76: =IF('Formulario PPGR2'!$G76="","",'Formulario PPGR1'!#REF!) -> #REF! | E76: =IF('Formulario PPGR2'!$G76="","",'Formulario PPGR1'!#REF!) -> #REF! | F76: =IF('Formulario PPGR2'!$G76="","",'Formulario PPGR1'!#REF!) -> #REF! | G76: 1.6.8 La población en riesgo y personas con VIH reciben servicios integrales de prevención, diagnóstico, tratamiento y seguimiento, garantizando continuidad de la atención y reducción de la transmisión. | H76: 1.6.8.07 | I76: Visita de supervisión de la estrategia de prevención de Profilaxis Pre Exposición al VIH (PrEP) en los establecimientos de salud seleccionados | L76: 1 | O76: 1 | R76: 1 | V76: =SUM('Formulario PPGR2'!$J76:$U76) -> 3 | W76: Listado de participación | X76: Informe | Y76: SRS Ozama, Cibao Norte, Cibao Nordeste, Enriquillo, Yuma, Higuamo, El Valle, Cibao Noroeste, Cibao Sur | Z76: Gestión Clínica
B77: =IF('Formulario PPGR2'!$G77="","",CONCATENATE('Formulario PPGR2'!$C77,".",'Formulario PPGR2'!$D77,".",'Formulario PPGR2'!$E77,".",'Formulario PPGR2'!$F77)) -> #REF! | D77: =IF('Formulario PPGR2'!$G77="","",'Formulario PPGR1'!#REF!) -> #REF! | E77: =IF('Formulario PPGR2'!$G77="","",'Formulario PPGR1'!#REF!) -> #REF! | F77: =IF('Formulario PPGR2'!$G77="","",'Formulario PPGR1'!#REF!) -> #REF! | G77: 1.6.8 La población en riesgo y personas con VIH reciben servicios integrales de prevención, diagnóstico, tratamiento y seguimiento, garantizando continuidad de la atención y reducción de la transmisión. | H77: 1.6.8.08 | I77: Taller de Profilaxis Post Exposición al VIH, PPE | P77: 1 | V77: =SUM('Formulario PPGR2'!$J77:$U77) -> 1 | W77: Listado de participación | X77: Agenda | Z77: Gestión Clínica
B78: =IF('Formulario PPGR2'!$G78="","",CONCATENATE('Formulario PPGR2'!$C78,".",'Formulario PPGR2'!$D78,".",'Formulario PPGR2'!$E78,".",'Formulario PPGR2'!$F78)) -> #REF! | D78: =IF('Formulario PPGR2'!$G78="","",'Formulario PPGR1'!#REF!) -> #REF! | E78: =IF('Formulario PPGR2'!$G78="","",'Formulario PPGR1'!#REF!) -> #REF! | F78: =IF('Formulario PPGR2'!$G78="","",'Formulario PPGR1'!#REF!) -> #REF! | G78: 1.6.8 La población en riesgo y personas con VIH reciben servicios integrales de prevención, diagnóstico, tratamiento y seguimiento, garantizando continuidad de la atención y reducción de la transmisión. | H78: 1.6.8.09 | I78: Visita de supervisión de la estrategia de prevención de Profilaxis Post Exposición al VIH (PPE) en los establecimientos de salud seleccionados | K78: 1 | M78: 1 | N78: 1 | P78: 1 | Q78: 1 | T78: 1 | U78: 1 | V78: =SUM('Formulario PPGR2'!$J78:$U78) -> 7 | W78: Listado de participación | X78: Informe | Z78: Gestión Clínica
B79: =IF('Formulario PPGR2'!$G79="","",CONCATENATE('Formulario PPGR2'!$C79,".",'Formulario PPGR2'!$D79,".",'Formulario PPGR2'!$E79,".",'Formulario PPGR2'!$F79)) -> #REF! | D79: =IF('Formulario PPGR2'!$G79="","",'Formulario PPGR1'!#REF!) -> #REF! | E79: =IF('Formulario PPGR2'!$G79="","",'Formulario PPGR1'!#REF!) -> #REF! | F79: =IF('Formulario PPGR2'!$G79="","",'Formulario PPGR1'!#REF!) -> #REF! | G79: 1.6.8 La población en riesgo y personas con VIH reciben servicios integrales de prevención, diagnóstico, tratamiento y seguimiento, garantizando continuidad de la atención y reducción de la transmisión. | H79: 1.6.8.10 | I79: Visitas de seguimiento para el fortalecimiento de los Servicios de Infecciones de Transmisión Sexual (ITS) de los puestos centinelas esblecidos (SRS Ozama, Cibao Norte, Yuma, Cibao Sur), Santo Domingo, Puerto Plata, La Romana, La Vega | L79: 1 | N79: 1 | Q79: 1 | T79: 1 | V79: =SUM('Formulario PPGR2'!$J79:$U79) -> 4 | W79: Listado de participación | X79: Informe | Y79: Centro Sanitario de Santo Domingo e IDCP, Hospital Ricardo Limardo, Clínica de Familia La Romana, Hospital Regional Luis Morillo King | Z79: Gestión Clínica
B80: =IF('Formulario PPGR2'!$G80="","",CONCATENATE('Formulario PPGR2'!$C80,".",'Formulario PPGR2'!$D80,".",'Formulario PPGR2'!$E80,".",'Formulario PPGR2'!$F80)) -> #REF! | D80: =IF('Formulario PPGR2'!$G80="","",'Formulario PPGR1'!#REF!) -> #REF! | E80: =IF('Formulario PPGR2'!$G80="","",'Formulario PPGR1'!#REF!) -> #REF! | F80: =IF('Formulario PPGR2'!$G80="","",'Formulario PPGR1'!#REF!) -> #REF! | G80: 1.6.8 La población en riesgo y personas con VIH reciben servicios integrales de prevención, diagnóstico, tratamiento y seguimiento, garantizando continuidad de la atención y reducción de la transmisión. | H80: 1.6.8.11 | I80: Auditoria de la calidad de los datos en los puestos centinelas establecidos (SRS Ozama, Cibao Norte, Yuma, Cibao Sur), Santo Domingo, Puerto Plata, La Romana, La Vega | N80: 1 | S80: 1 | V80: =SUM('Formulario PPGR2'!$J80:$U80) -> 2 | W80: Listado de participación | X80: Informe | Y80: Centro Sanitario de Santo Domingo e IDCP, Hospital Ricardo Limardo, Clínica de Familia La Romana, Hospital Regional Luis Morillo King | Z80: Gestión Clínica
B81: =IF('Formulario PPGR2'!$G81="","",CONCATENATE('Formulario PPGR2'!$C81,".",'Formulario PPGR2'!$D81,".",'Formulario PPGR2'!$E81,".",'Formulario PPGR2'!$F81)) -> #REF! | D81: =IF('Formulario PPGR2'!$G81="","",'Formulario PPGR1'!#REF!) -> #REF! | E81: =IF('Formulario PPGR2'!$G81="","",'Formulario PPGR1'!#REF!) -> #REF! | F81: =IF('Formulario PPGR2'!$G81="","",'Formulario PPGR1'!#REF!) -> #REF! | G81: 1.6.8 La población en riesgo y personas con VIH reciben servicios integrales de prevención, diagnóstico, tratamiento y seguimiento, garantizando continuidad de la atención y reducción de la transmisión. | H81: 1.6.8.12 | I81: Supervisión para la mejora de la calidad de los datos y el registro oportuno en el sistema de Registro Nominal de Pruebas de VIH (SIRENP) para el seguimiento de VIH, Hepatitis B y C, Sífilis | K81: 1 | O81: 1 | S81: 1 | V81: =SUM('Formulario PPGR2'!$J81:$U81) -> 3 | W81: Listado de participación | X81: Informe | Z81: Gestión Clínica
B82: =IF('Formulario PPGR2'!$G82="","",CONCATENATE('Formulario PPGR2'!$C82,".",'Formulario PPGR2'!$D82,".",'Formulario PPGR2'!$E82,".",'Formulario PPGR2'!$F82)) -> #REF! | D82: =IF('Formulario PPGR2'!$G82="","",'Formulario PPGR1'!#REF!) -> #REF! | E82: =IF('Formulario PPGR2'!$G82="","",'Formulario PPGR1'!#REF!) -> #REF! | F82: =IF('Formulario PPGR2'!$G82="","",'Formulario PPGR1'!#REF!) -> #REF! | G82: 1.7.1 Pacientes reciben medicamentos esenciales para el tratamiento adecuado y oportuno de sus condiciones de salud. | H82: 1.7.1.01 | I82: Elaboración y difusión del Boletín Regional de Información Estratégica del SUGEMI. | J82: 1 | M82: 1 | P82: 1 | S82: 1 | V82: =SUM('Formulario PPGR2'!$J82:$U82) -> 4 | W82: Boletin | Y82: Cada SRS reportará un Boletín a principio de cada trimestre, consolidando las informaciones de cierre del trimestre previo. | Z82: Medicamentos e Insumos
B83: =IF('Formulario PPGR2'!$G83="","",CONCATENATE('Formulario PPGR2'!$C83,".",'Formulario PPGR2'!$D83,".",'Formulario PPGR2'!$E83,".",'Formulario PPGR2'!$F83)) -> #REF! | D83: =IF('Formulario PPGR2'!$G83="","",'Formulario PPGR1'!#REF!) -> #REF! | E83: =IF('Formulario PPGR2'!$G83="","",'Formulario PPGR1'!#REF!) -> #REF! | F83: =IF('Formulario PPGR2'!$G83="","",'Formulario PPGR1'!#REF!) -> #REF! | G83: 1.7.1 Pacientes reciben medicamentos esenciales para el tratamiento adecuado y oportuno de sus condiciones de salud. | H83: 1.7.1.02 | I83: Identificación y convocatoria de CEAS que requieran capacitación de estimación y programación de medicamentos e insumos de uso general para el 2027. | J83: 1 | V83: =SUM('Formulario PPGR2'!$J83:$U83) -> 1 | W83: Reporte | Y83: Correo remitido a la DMI con el listado de CEAS a participar en los talleres de capacitación. Cada ADM debe remitir a la DMI a mas tardar el 31 de enero 2026 el listado de participantes para el taller de capacitación. | Z83: Medicamentos e Insumos
B84: =IF('Formulario PPGR2'!$G84="","",CONCATENATE('Formulario PPGR2'!$C84,".",'Formulario PPGR2'!$D84,".",'Formulario PPGR2'!$E84,".",'Formulario PPGR2'!$F84)) -> #REF! | D84: =IF('Formulario PPGR2'!$G84="","",'Formulario PPGR1'!#REF!) -> #REF! | E84: =IF('Formulario PPGR2'!$G84="","",'Formulario PPGR1'!#REF!) -> #REF! | F84: =IF('Formulario PPGR2'!$G84="","",'Formulario PPGR1'!#REF!) -> #REF! | G84: 1.7.1 Pacientes reciben medicamentos esenciales para el tratamiento adecuado y oportuno de sus condiciones de salud. | H84: 1.7.1.03 | I84: Taller para la consolidación de la programación de medicamentos e insumos de uso general de los CEAS para el 2027. | N84: 1 | V84: =SUM('Formulario PPGR2'!$J84:$U84) -> 1 | W84: Listado de participación | X84: Agenda | Y84: Cada SRS realizará UN (1) taller con sus CEAS correspondientes. | Z84: Medicamentos e Insumos
B85: =IF('Formulario PPGR2'!$G85="","",CONCATENATE('Formulario PPGR2'!$C85,".",'Formulario PPGR2'!$D85,".",'Formulario PPGR2'!$E85,".",'Formulario PPGR2'!$F85)) -> #REF! | D85: =IF('Formulario PPGR2'!$G85="","",'Formulario PPGR1'!#REF!) -> #REF! | E85: =IF('Formulario PPGR2'!$G85="","",'Formulario PPGR1'!#REF!) -> #REF! | F85: =IF('Formulario PPGR2'!$G85="","",'Formulario PPGR1'!#REF!) -> #REF! | G85: 1.7.1 Pacientes reciben medicamentos esenciales para el tratamiento adecuado y oportuno de sus condiciones de salud. | H85: 1.7.1.04 | I85: Remisión mensual a la DMI del formulario SUGEMI-2 de los CEAS de su Región y Almacén Regional con datos de despacho de PROMESE/CAL. | J85: 1 | K85: 1 | L85: 1 | M85: 1 | N85: 1 | O85: 1 | P85: 1 | Q85: 1 | R85: 1 | S85: 1 | T85: 1 | U85: 1 | V85: =SUM('Formulario PPGR2'!$J85:$U85) -> 12 | W85: Reporte | Y85: Correo a la DMI con los SUGEMI-2 adjuntos o reporte de SALMI según aplique Cada SRS enviará a la DMI correo con SUGEMI-2 de los CEAS y Almacén Regional adjunto. | Z85: Medicamentos e Insumos
B86: =IF('Formulario PPGR2'!$G86="","",CONCATENATE('Formulario PPGR2'!$C86,".",'Formulario PPGR2'!$D86,".",'Formulario PPGR2'!$E86,".",'Formulario PPGR2'!$F86)) -> #REF! | D86: =IF('Formulario PPGR2'!$G86="","",'Formulario PPGR1'!#REF!) -> #REF! | E86: =IF('Formulario PPGR2'!$G86="","",'Formulario PPGR1'!#REF!) -> #REF! | F86: =IF('Formulario PPGR2'!$G86="","",'Formulario PPGR1'!#REF!) -> #REF! | G86: 1.7.1 Pacientes reciben medicamentos esenciales para el tratamiento adecuado y oportuno de sus condiciones de salud. | H86: 1.7.1.05 | I86: Remisión mensual a la DMI del formulario SUGEMI-2 de Pedido General y SUGEMI-2 de Programas en la fecha establecida en los SRS. | J86: 1 | K86: 1 | L86: 1 | M86: 1 | N86: 1 | O86: 1 | P86: 1 | Q86: 1 | R86: 1 | S86: 1 | T86: 1 | U86: 1 | V86: =SUM('Formulario PPGR2'!$J86:$U86) -> 12 | W86: Reporte | Y86: Correo a la DMI con los SUGEMI-2 adjuntos o reporte de SALMI según aplique Cada SRS debe remtir estos SUGEMI-2 o reporte de SALMI a la DMI del 25-30 de cada mes, sin retraso. | Z86: Medicamentos e Insumos
B87: =IF('Formulario PPGR2'!$G87="","",CONCATENATE('Formulario PPGR2'!$C87,".",'Formulario PPGR2'!$D87,".",'Formulario PPGR2'!$E87,".",'Formulario PPGR2'!$F87)) -> #REF! | D87: =IF('Formulario PPGR2'!$G87="","",'Formulario PPGR1'!#REF!) -> #REF! | E87: =IF('Formulario PPGR2'!$G87="","",'Formulario PPGR1'!#REF!) -> #REF! | F87: =IF('Formulario PPGR2'!$G87="","",'Formulario PPGR1'!#REF!) -> #REF! | G87: 1.7.1 Pacientes reciben medicamentos esenciales para el tratamiento adecuado y oportuno de sus condiciones de salud. | H87: 1.7.1.06 | I87: Visita de supervisión de la gestión de suministro de los medicamentos de programas de Salud Colectiva (VIH, TB, PF) en los Establecimientos de Salud seleccionados. | L87: 1 | O87: 1 | R87: 1 | T87: 1 | V87: =SUM('Formulario PPGR2'!$J87:$U87) -> 4 | W87: Listado de participación | X87: Informe | Y87: Cada SRS reportará de manera trimestral un informe consolidado de las supervisiones realizadas a los EES con PSC selecionados | Z87: Medicamentos e Insumos
B88: =IF('Formulario PPGR2'!$G88="","",CONCATENATE('Formulario PPGR2'!$C88,".",'Formulario PPGR2'!$D88,".",'Formulario PPGR2'!$E88,".",'Formulario PPGR2'!$F88)) -> #REF! | D88: =IF('Formulario PPGR2'!$G88="","",'Formulario PPGR1'!#REF!) -> #REF! | E88: =IF('Formulario PPGR2'!$G88="","",'Formulario PPGR1'!#REF!) -> #REF! | F88: =IF('Formulario PPGR2'!$G88="","",'Formulario PPGR1'!#REF!) -> #REF! | G88: 1.7.1 Pacientes reciben medicamentos esenciales para el tratamiento adecuado y oportuno de sus condiciones de salud. | H88: 1.7.1.07 | I88: Visita de supervisión del cumplimiento de los procedimientos operativos del SUGEMI en los Hospitales y CPN seleccionados. | L88: 1 | O88: 1 | R88: 1 | T88: 1 | V88: =SUM('Formulario PPGR2'!$J88:$U88) -> 4 | W88: Listado de participación | X88: Informe | Y88: Cada SRS reportará de manera trimestral un informe consolidado de las supervisiones realizadas a los EES selecionados. | Z88: Medicamentos e Insumos
B89: =IF('Formulario PPGR2'!$G89="","",CONCATENATE('Formulario PPGR2'!$C89,".",'Formulario PPGR2'!$D89,".",'Formulario PPGR2'!$E89,".",'Formulario PPGR2'!$F89)) -> #REF! | D89: =IF('Formulario PPGR2'!$G89="","",'Formulario PPGR1'!#REF!) -> #REF! | E89: =IF('Formulario PPGR2'!$G89="","",'Formulario PPGR1'!#REF!) -> #REF! | F89: =IF('Formulario PPGR2'!$G89="","",'Formulario PPGR1'!#REF!) -> #REF! | G89: 1.7.1 Pacientes reciben medicamentos esenciales para el tratamiento adecuado y oportuno de sus condiciones de salud. | H89: 1.7.1.08 | I89: Seguimiento a la funcionalidad de los Comités Farmacoterapéuticos (CFT) en los CEAS de su Red. | K89: 1 | N89: 1 | Q89: 1 | T89: 1 | V89: =SUM('Formulario PPGR2'!$J89:$U89) -> 4 | W89: Informe | Y89: Informe consolidado de las minutas reportadas por cada Hospital. Minutas de reuniones de los CEAS | Z89: Medicamentos e Insumos
B90: =IF('Formulario PPGR2'!$G90="","",CONCATENATE('Formulario PPGR2'!$C90,".",'Formulario PPGR2'!$D90,".",'Formulario PPGR2'!$E90,".",'Formulario PPGR2'!$F90)) -> #REF! | D90: =IF('Formulario PPGR2'!$G90="","",'Formulario PPGR1'!#REF!) -> #REF! | E90: =IF('Formulario PPGR2'!$G90="","",'Formulario PPGR1'!#REF!) -> #REF! | F90: =IF('Formulario PPGR2'!$G90="","",'Formulario PPGR1'!#REF!) -> #REF! | G90: 1.7.1 Pacientes reciben medicamentos esenciales para el tratamiento adecuado y oportuno de sus condiciones de salud. | H90: 1.7.1.09 | I90: Reunión CFT Regional y promoción del uso racional de los medicamentos. | L90: 1 | O90: 1 | R90: 1 | U90: 1 | V90: =SUM('Formulario PPGR2'!$J90:$U90) -> 4 | W90: Listado de participación | X90: Minuta | Y90: Cada SRS convocará reunión a su CFT , tomará sus acciones de lugar y se discutirán los temas relacionados con la Cadena de Suministro de Medicamentos e Insumos. | Z90: Medicamentos e Insumos
B91: =IF('Formulario PPGR2'!$G91="","",CONCATENATE('Formulario PPGR2'!$C91,".",'Formulario PPGR2'!$D91,".",'Formulario PPGR2'!$E91,".",'Formulario PPGR2'!$F91)) -> #REF! | D91: =IF('Formulario PPGR2'!$G91="","",'Formulario PPGR1'!#REF!) -> #REF! | E91: =IF('Formulario PPGR2'!$G91="","",'Formulario PPGR1'!#REF!) -> #REF! | F91: =IF('Formulario PPGR2'!$G91="","",'Formulario PPGR1'!#REF!) -> #REF! | G91: 1.7.1 Pacientes reciben medicamentos esenciales para el tratamiento adecuado y oportuno de sus condiciones de salud. | H91: 1.7.1.10 | I91: Taller de capacitación en la Gestión de Suministro de los Programas de Salud Colectiva (VIH, TB, PF) a los EES. | O91: 1 | T91: 1 | V91: =SUM('Formulario PPGR2'!$J91:$U91) -> 2 | W91: Listado de participación | X91: Agenda | Y91: Los SRS convocarán a los EES de su red en los cuales se identifiquen oportunidades de mejora en el manejo del suministro de los PSC con el fin de capacitar al personal. | Z91: Medicamentos e Insumos
B92: =IF('Formulario PPGR2'!$G92="","",CONCATENATE('Formulario PPGR2'!$C92,".",'Formulario PPGR2'!$D92,".",'Formulario PPGR2'!$E92,".",'Formulario PPGR2'!$F92)) -> #REF! | D92: =IF('Formulario PPGR2'!$G92="","",'Formulario PPGR1'!#REF!) -> #REF! | E92: =IF('Formulario PPGR2'!$G92="","",'Formulario PPGR1'!#REF!) -> #REF! | F92: =IF('Formulario PPGR2'!$G92="","",'Formulario PPGR1'!#REF!) -> #REF! | G92: 1.7.1 Pacientes reciben medicamentos esenciales para el tratamiento adecuado y oportuno de sus condiciones de salud. | H92: 1.7.1.11 | I92: Visita de supervisión capacitante para validar el uso y funcionamiento del SALMI en los establecimientos de su red seleccionados. | L92: 1 | S92: 1 | V92: =SUM('Formulario PPGR2'!$J92:$U92) -> 2 | W92: Listado de participación | X92: Informe | Y92: Cada SRS realizará visitas de supervisión de SALMI en los establecimientos de su red que tengan instalado el sistema. | Z92: Medicamentos e Insumos
B93: =IF('Formulario PPGR2'!$G93="","",CONCATENATE('Formulario PPGR2'!$C93,".",'Formulario PPGR2'!$D93,".",'Formulario PPGR2'!$E93,".",'Formulario PPGR2'!$F93)) -> #REF! | D93: =IF('Formulario PPGR2'!$G93="","",'Formulario PPGR1'!#REF!) -> #REF! | E93: =IF('Formulario PPGR2'!$G93="","",'Formulario PPGR1'!#REF!) -> #REF! | F93: =IF('Formulario PPGR2'!$G93="","",'Formulario PPGR1'!#REF!) -> #REF! | G93: 1.8.1 La población asignada al Primer Nivel de Atención recibe un mayor volumen de servicios de salud, asegurando accesibilidad, cobertura y continuidad en la atención. | H93: 1.8.1.01 | I93: Seguimiento a la conformación y funcionamiento de los Comité Salud por Área de Salud | L93: 1 | O93: 1 | R93: 1 | U93: 1 | V93: =SUM('Formulario PPGR2'!$J93:$U93) -> 4 | W93: Informe | Y93: Matriz de comités de salud, actas de conformación y listado de reuniones del comité | Z93: Primer Nivel
B94: =IF('Formulario PPGR2'!$G94="","",CONCATENATE('Formulario PPGR2'!$C94,".",'Formulario PPGR2'!$D94,".",'Formulario PPGR2'!$E94,".",'Formulario PPGR2'!$F94)) -> #REF! | C94: =IF('Formulario PPGR2'!$G94="","",'Formulario PPGR1'!#REF!) -> #REF! | D94: =IF('Formulario PPGR2'!$G94="","",'Formulario PPGR1'!#REF!) -> #REF! | E94: =IF('Formulario PPGR2'!$G94="","",'Formulario PPGR1'!#REF!) -> #REF! | F94: =IF('Formulario PPGR2'!$G94="","",'Formulario PPGR1'!#REF!) -> #REF! | G94: 1.8.1 La población asignada al Primer Nivel de Atención recibe un mayor volumen de servicios de salud, asegurando accesibilidad, cobertura y continuidad en la atención. | H94: 1.8.1.02 | I94: Seguimiento a las Áreas de Salud para el aumento de la realización de visitas domiciliarias con énfasis en programas priorizados. | L94: 1 | O94: 1 | R94: 1 | U94: 1 | V94: =SUM('Formulario PPGR2'!$J94:$U94) -> 4 | W94: Reporte | Y94: Por área de salud/zona/CPN con el detalle de las visitas domicialirias desagregadas por pacientes crónicos, puérperas/recién nacidos, gestantes, personas con discapacidad, otros. | Z94: Primer Nivel
B95: =IF('Formulario PPGR2'!$G95="","",CONCATENATE('Formulario PPGR2'!$C95,".",'Formulario PPGR2'!$D95,".",'Formulario PPGR2'!$E95,".",'Formulario PPGR2'!$F95)) -> #REF! | C95: =IF('Formulario PPGR2'!$G95="","",'Formulario PPGR1'!#REF!) -> #REF! | D95: =IF('Formulario PPGR2'!$G95="","",'Formulario PPGR1'!#REF!) -> #REF! | E95: =IF('Formulario PPGR2'!$G95="","",'Formulario PPGR1'!#REF!) -> #REF! | F95: =IF('Formulario PPGR2'!$G95="","",'Formulario PPGR1'!#REF!) -> #REF! | G95: 1.8.1 La población asignada al Primer Nivel de Atención recibe un mayor volumen de servicios de salud, asegurando accesibilidad, cobertura y continuidad en la atención. | H95: 1.8.1.03 | I95: Seguimiento a enfermedades transmitidas por vectores y/o focos activos de malaria por Área de Salud | L95: 1 | O95: 1 | R95: 1 | U95: 1 | V95: =SUM('Formulario PPGR2'!$J95:$U95) -> 4 | W95: Informe | Z95: Primer Nivel
B96: =IF('Formulario PPGR2'!$G96="","",CONCATENATE('Formulario PPGR2'!$C96,".",'Formulario PPGR2'!$D96,".",'Formulario PPGR2'!$E96,".",'Formulario PPGR2'!$F96)) -> #REF! | C96: =IF('Formulario PPGR2'!$G96="","",'Formulario PPGR1'!#REF!) -> #REF! | D96: =IF('Formulario PPGR2'!$G96="","",'Formulario PPGR1'!#REF!) -> #REF! | E96: =IF('Formulario PPGR2'!$G96="","",'Formulario PPGR1'!#REF!) -> #REF! | F96: =IF('Formulario PPGR2'!$G96="","",'Formulario PPGR1'!#REF!) -> #REF! | G96: 1.8.1 La población asignada al Primer Nivel de Atención recibe un mayor volumen de servicios de salud, asegurando accesibilidad, cobertura y continuidad en la atención. | H96: 1.8.1.04 | I96: Seguimiento a los programas por curso de vida (niños menores de 5 años o mujeres en edad fertil o adulto mayor) por Área de Salud | L96: 1 | O96: 1 | R96: 1 | U96: 1 | V96: =SUM('Formulario PPGR2'!$J96:$U96) -> 4 | W96: Informe | Z96: Primer Nivel
B97: =IF('Formulario PPGR2'!$G97="","",CONCATENATE('Formulario PPGR2'!$C97,".",'Formulario PPGR2'!$D97,".",'Formulario PPGR2'!$E97,".",'Formulario PPGR2'!$F97)) -> #REF! | C97: =IF('Formulario PPGR2'!$G97="","",'Formulario PPGR1'!#REF!) -> #REF! | D97: =IF('Formulario PPGR2'!$G97="","",'Formulario PPGR1'!#REF!) -> #REF! | E97: =IF('Formulario PPGR2'!$G97="","",'Formulario PPGR1'!#REF!) -> #REF! | F97: =IF('Formulario PPGR2'!$G97="","",'Formulario PPGR1'!#REF!) -> #REF! | G97: 1.8.2 La población recibe acceso equitativo a servicios de salud, incluidos los de emergencia, de calidad, seguros, integrales, continuos e inclusivos, mediante redes integradas que incorporan mejora continua de procesos y avances tecnológicos. | H97: 1.8.2.01 | I97: Coordinacion para la gestion de la red de emergencias medicas de su demarcación. | P97: 1 | V97: =SUM('Formulario PPGR2'!$J97:$U97) -> 1 | W97: Listado de participación | X97: Informe | Z97: Centros Hospitalarios
B98: =IF('Formulario PPGR2'!$G98="","",CONCATENATE('Formulario PPGR2'!$C98,".",'Formulario PPGR2'!$D98,".",'Formulario PPGR2'!$E98,".",'Formulario PPGR2'!$F98)) -> #REF! | D98: =IF('Formulario PPGR2'!$G98="","",'Formulario PPGR1'!#REF!) -> #REF! | E98: =IF('Formulario PPGR2'!$G98="","",'Formulario PPGR1'!#REF!) -> #REF! | F98: =IF('Formulario PPGR2'!$G98="","",'Formulario PPGR1'!#REF!) -> #REF! | G98: 1.8.2 La población recibe acceso equitativo a servicios de salud, incluidos los de emergencia, de calidad, seguros, integrales, continuos e inclusivos, mediante redes integradas que incorporan mejora continua de procesos y avances tecnológicos. | H98: 1.8.2.02 | I98: Coordinación de la Implementación del Modelo Integrado de Atención de Emergencias y Urgencias. | O98: 1 | V98: =SUM('Formulario PPGR2'!$J98:$U98) -> 1 | W98: Reporte | Z98: Centros Hospitalarios
B99: =IF('Formulario PPGR2'!$G99="","",CONCATENATE('Formulario PPGR2'!$C99,".",'Formulario PPGR2'!$D99,".",'Formulario PPGR2'!$E99,".",'Formulario PPGR2'!$F99)) -> #REF! | D99: =IF('Formulario PPGR2'!$G99="","",'Formulario PPGR1'!#REF!) -> #REF! | E99: =IF('Formulario PPGR2'!$G99="","",'Formulario PPGR1'!#REF!) -> #REF! | F99: =IF('Formulario PPGR2'!$G99="","",'Formulario PPGR1'!#REF!) -> #REF! | G99: 1.8.2 La población recibe acceso equitativo a servicios de salud, incluidos los de emergencia, de calidad, seguros, integrales, continuos e inclusivos, mediante redes integradas que incorporan mejora continua de procesos y avances tecnológicos. | H99: 1.8.2.03 | I99: Supervisión de la Implementación de RAC-Triaje en Salas de Emergencias Centros Hospitalarios | O99: 1 | T99: 1 | V99: =SUM('Formulario PPGR2'!$J99:$U99) -> 2 | W99: Listado de participación | X99: Informe | Z99: Centros Hospitalarios
B100: =IF('Formulario PPGR2'!$G100="","",CONCATENATE('Formulario PPGR2'!$C100,".",'Formulario PPGR2'!$D100,".",'Formulario PPGR2'!$E100,".",'Formulario PPGR2'!$F100)) -> #REF! | D100: =IF('Formulario PPGR2'!$G100="","",'Formulario PPGR1'!#REF!) -> #REF! | E100: =IF('Formulario PPGR2'!$G100="","",'Formulario PPGR1'!#REF!) -> #REF! | F100: =IF('Formulario PPGR2'!$G100="","",'Formulario PPGR1'!#REF!) -> #REF! | G100: 1.8.2 La población recibe acceso equitativo a servicios de salud, incluidos los de emergencia, de calidad, seguros, integrales, continuos e inclusivos, mediante redes integradas que incorporan mejora continua de procesos y avances tecnológicos. | H100: 1.8.2.04 | I100: Supervision al llenado de historia clinica de emergencias, registro de indicadores y registro de todos los pacientes del libro de emergencias | R100: 1 | V100: =SUM('Formulario PPGR2'!$J100:$U100) -> 1 | W100: Hoja de supervisión | X100: Reporte | Z100: Centros Hospitalarios
B101: =IF('Formulario PPGR2'!$G101="","",CONCATENATE('Formulario PPGR2'!$C101,".",'Formulario PPGR2'!$D101,".",'Formulario PPGR2'!$E101,".",'Formulario PPGR2'!$F101)) -> #REF! | D101: =IF('Formulario PPGR2'!$G101="","",'Formulario PPGR1'!#REF!) -> #REF! | E101: =IF('Formulario PPGR2'!$G101="","",'Formulario PPGR1'!#REF!) -> #REF! | F101: =IF('Formulario PPGR2'!$G101="","",'Formulario PPGR1'!#REF!) -> #REF! | G101: 1.8.2 La población recibe acceso equitativo a servicios de salud, incluidos los de emergencia, de calidad, seguros, integrales, continuos e inclusivos, mediante redes integradas que incorporan mejora continua de procesos y avances tecnológicos. | H101: 1.8.2.05 | I101: Supervisión procedimiento de entrega, recibo y reposicion de carro de paro en salas de emergencias | K101: 1 | N101: 1 | Q101: 1 | T101: 1 | V101: =SUM('Formulario PPGR2'!$J101:$U101) -> 4 | W101: Informe | Z101: Centros Hospitalarios
B102: =IF('Formulario PPGR2'!$G102="","",CONCATENATE('Formulario PPGR2'!$C102,".",'Formulario PPGR2'!$D102,".",'Formulario PPGR2'!$E102,".",'Formulario PPGR2'!$F102)) -> #REF! | D102: =IF('Formulario PPGR2'!$G102="","",'Formulario PPGR1'!#REF!) -> #REF! | E102: =IF('Formulario PPGR2'!$G102="","",'Formulario PPGR1'!#REF!) -> #REF! | F102: =IF('Formulario PPGR2'!$G102="","",'Formulario PPGR1'!#REF!) -> #REF! | G102: 1.8.2 La población recibe acceso equitativo a servicios de salud, incluidos los de emergencia, de calidad, seguros, integrales, continuos e inclusivos, mediante redes integradas que incorporan mejora continua de procesos y avances tecnológicos. | H102: 1.8.2.06 | I102: Monitoreo del tablero de Indicadores de Gestión de las Salas de Emergencias de los Centros Hospitalarios. | L102: 1 | O102: 1 | R102: 1 | U102: 1 | V102: =SUM('Formulario PPGR2'!$J102:$U102) -> 4 | W102: Informe | Z102: Centros Hospitalarios
...

Sheet Formulario PPGR3
R1: Venta Servicios
I2: ='Formulario PPGR1'!I2 -> Servicio Nacional de Salud
I3: ='Formulario PPGR1'!I3 -> Dirección de Planificación y Desarrollo
I4: ='Formulario PPGR1'!I4 -> Plan Operativo Anual
I5: Identificación de necesidades de insumos
I6: ='Formulario PPGR1'!$L$3 -> R4 - SRS Cibao Noroeste
B8: ID_Dependendencia | C8: POA | D8: SRS | E8: AREA | F8: TIPO | G8: Código_Actividad | H8: Actividad | I8: Total de Actividades | J8: Insumos | K8: Descripción | L8: Unidad de Medida | M8: Cantidad de Insumos | N8: Precio Unitario | O8: Valor Total | P8: Código Presupuestario | Q8: Fuente de Financiamiento | R8: InsumoAbrev
B9: =IF('Formulario PPGR3'!$G9="","",CONCATENATE('Formulario PPGR3'!$C9,".",'Formulario PPGR3'!$D9,".",'Formulario PPGR3'!$E9,".",'Formulario PPGR3'!$F9)) -> #REF! | C9: =IF('Formulario PPGR3'!$G9="","",'Formulario PPGR1'!#REF!) -> #REF! | D9: =IF('Formulario PPGR3'!$G9="","",'Formulario PPGR1'!#REF!) -> #REF! | E9: =IF('Formulario PPGR3'!$G9="","",'Formulario PPGR1'!#REF!) -> #REF! | F9: =IF('Formulario PPGR3'!$G9="","",'Formulario PPGR1'!#REF!) -> #REF! | G9: 1.2.1.01 | H9: {=IF(Tabla1[[#This Row],[Código_Actividad]]="","",_xlfn.XLOOKUP(Tabla1[[#This Row],[Código_Actividad]],CodigoActividad,Tabla2[Actividades Programables Presupuestables],"",0))} -> #VALUE! | I9: =IFERROR(VLOOKUP('Formulario PPGR3'!$G9,'Formulario PPGR2'!$H$19:$V$286,15,FALSE),"") -> 10 | L9: =IF(Tabla1[[#This Row],[Descripción]]="","",_xlfn.XLOOKUP(Tabla1[[#This Row],[Descripción]],Tabla10[Descripción],Tabla10[Unidad de Medida],"",0)) | N9: =IF(Tabla1[[#This Row],[Descripción]]="","",_xlfn.XLOOKUP(Tabla1[[#This Row],[Descripción]],Tabla10[Descripción],Tabla10[Precio Unitario],0)) | O9: =IF(Tabla1[[#This Row],[Cantidad de Insumos]]="","",Tabla1[[#This Row],[Precio Unitario]]*Tabla1[[#This Row],[Cantidad de Insumos]]) | P9: =IF(Tabla1[[#This Row],[Descripción]]="","",_xlfn.XLOOKUP(Tabla1[[#This Row],[Descripción]],Tabla10[Descripción],Tabla10[CODIGO PRESUPUESTARIO],0)) | R9: =IF(Tabla1[[#This Row],[Insumos]]="","",_xlfn.XLOOKUP(Tabla1[[#This Row],[Insumos]],Tabla10[Insumo],Tabla10[InsumoAbrev],"",0))
B10: =IF('Formulario PPGR3'!$G10="","",CONCATENATE('Formulario PPGR3'!$C10,".",'Formulario PPGR3'!$D10,".",'Formulario PPGR3'!$E10,".",'Formulario PPGR3'!$F10)) | C10: =IF('Formulario PPGR3'!$G10="","",'Formulario PPGR1'!#REF!) | D10: =IF('Formulario PPGR3'!$G10="","",'Formulario PPGR1'!#REF!) | E10: =IF('Formulario PPGR3'!$G10="","",'Formulario PPGR1'!#REF!) | F10: =IF('Formulario PPGR3'!$G10="","",'Formulario PPGR1'!#REF!) | H10: {=IF(Tabla1[[#This Row],[Código_Actividad]]="","",_xlfn.XLOOKUP(Tabla1[[#This Row],[Código_Actividad]],CodigoActividad,Tabla2[Actividades Programables Presupuestables],"",0))} | I10: =IFERROR(VLOOKUP('Formulario PPGR3'!$G10,'Formulario PPGR2'!$H$19:$V$286,15,FALSE),"") | L10: =IF(Tabla1[[#This Row],[Descripción]]="","",_xlfn.XLOOKUP(Tabla1[[#This Row],[Descripción]],Tabla10[Descripción],Tabla10[Unidad de Medida],"",0)) | N10: =IF(Tabla1[[#This Row],[Descripción]]="","",_xlfn.XLOOKUP(Tabla1[[#This Row],[Descripción]],Tabla10[Descripción],Tabla10[Precio Unitario],0)) | O10: =IF(Tabla1[[#This Row],[Cantidad de Insumos]]="","",Tabla1[[#This Row],[Precio Unitario]]*Tabla1[[#This Row],[Cantidad de Insumos]]) | P10: =IF(Tabla1[[#This Row],[Descripción]]="","",_xlfn.XLOOKUP(Tabla1[[#This Row],[Descripción]],Tabla10[Descripción],Tabla10[CODIGO PRESUPUESTARIO],0)) | R10: =IF(Tabla1[[#This Row],[Insumos]]="","",_xlfn.XLOOKUP(Tabla1[[#This Row],[Insumos]],Tabla10[Insumo],Tabla10[InsumoAbrev],"",0))
B11: =IF('Formulario PPGR3'!$G11="","",CONCATENATE('Formulario PPGR3'!$C11,".",'Formulario PPGR3'!$D11,".",'Formulario PPGR3'!$E11,".",'Formulario PPGR3'!$F11)) | C11: =IF('Formulario PPGR3'!$G11="","",'Formulario PPGR1'!#REF!) | D11: =IF('Formulario PPGR3'!$G11="","",'Formulario PPGR1'!#REF!) | E11: =IF('Formulario PPGR3'!$G11="","",'Formulario PPGR1'!#REF!) | F11: =IF('Formulario PPGR3'!$G11="","",'Formulario PPGR1'!#REF!) | H11: {=IF(Tabla1[[#This Row],[Código_Actividad]]="","",_xlfn.XLOOKUP(Tabla1[[#This Row],[Código_Actividad]],CodigoActividad,Tabla2[Actividades Programables Presupuestables],"",0))} | I11: =IFERROR(VLOOKUP('Formulario PPGR3'!$G11,'Formulario PPGR2'!$H$19:$V$286,15,FALSE),"") | L11: =IF(Tabla1[[#This Row],[Descripción]]="","",_xlfn.XLOOKUP(Tabla1[[#This Row],[Descripción]],Tabla10[Descripción],Tabla10[Unidad de Medida],"",0)) | N11: =IF(Tabla1[[#This Row],[Descripción]]="","",_xlfn.XLOOKUP(Tabla1[[#This Row],[Descripción]],Tabla10[Descripción],Tabla10[Precio Unitario],0)) | O11: =IF(Tabla1[[#This Row],[Cantidad de Insumos]]="","",Tabla1[[#This Row],[Precio Unitario]]*Tabla1[[#This Row],[Cantidad de Insumos]]) | P11: =IF(Tabla1[[#This Row],[Descripción]]="","",_xlfn.XLOOKUP(Tabla1[[#This Row],[Descripción]],Tabla10[Descripción],Tabla10[CODIGO PRESUPUESTARIO],0)) | R11: =IF(Tabla1[[#This Row],[Insumos]]="","",_xlfn.XLOOKUP(Tabla1[[#This Row],[Insumos]],Tabla10[Insumo],Tabla10[InsumoAbrev],"",0))
B12: =IF('Formulario PPGR3'!$G12="","",CONCATENATE('Formulario PPGR3'!$C12,".",'Formulario PPGR3'!$D12,".",'Formulario PPGR3'!$E12,".",'Formulario PPGR3'!$F12)) | C12: =IF('Formulario PPGR3'!$G12="","",'Formulario PPGR1'!#REF!) | D12: =IF('Formulario PPGR3'!$G12="","",'Formulario PPGR1'!#REF!) | E12: =IF('Formulario PPGR3'!$G12="","",'Formulario PPGR1'!#REF!) | F12: =IF('Formulario PPGR3'!$G12="","",'Formulario PPGR1'!#REF!) | H12: {=IF(Tabla1[[#This Row],[Código_Actividad]]="","",_xlfn.XLOOKUP(Tabla1[[#This Row],[Código_Actividad]],CodigoActividad,Tabla2[Actividades Programables Presupuestables],"",0))} | I12: =IFERROR(VLOOKUP('Formulario PPGR3'!$G12,'Formulario PPGR2'!$H$19:$V$286,15,FALSE),"") | L12: =IF(Tabla1[[#This Row],[Descripción]]="","",_xlfn.XLOOKUP(Tabla1[[#This Row],[Descripción]],Tabla10[Descripción],Tabla10[Unidad de Medida],"",0)) | N12: =IF(Tabla1[[#This Row],[Descripción]]="","",_xlfn.XLOOKUP(Tabla1[[#This Row],[Descripción]],Tabla10[Descripción],Tabla10[Precio Unitario],0)) | O12: =IF(Tabla1[[#This Row],[Cantidad de Insumos]]="","",Tabla1[[#This Row],[Precio Unitario]]*Tabla1[[#This Row],[Cantidad de Insumos]]) | P12: =IF(Tabla1[[#This Row],[Descripción]]="","",_xlfn.XLOOKUP(Tabla1[[#This Row],[Descripción]],Tabla10[Descripción],Tabla10[CODIGO PRESUPUESTARIO],0)) | R12: =IF(Tabla1[[#This Row],[Insumos]]="","",_xlfn.XLOOKUP(Tabla1[[#This Row],[Insumos]],Tabla10[Insumo],Tabla10[InsumoAbrev],"",0))
B13: =IF('Formulario PPGR3'!$G13="","",CONCATENATE('Formulario PPGR3'!$C13,".",'Formulario PPGR3'!$D13,".",'Formulario PPGR3'!$E13,".",'Formulario PPGR3'!$F13)) | C13: =IF('Formulario PPGR3'!$G13="","",'Formulario PPGR1'!#REF!) | D13: =IF('Formulario PPGR3'!$G13="","",'Formulario PPGR1'!#REF!) | E13: =IF('Formulario PPGR3'!$G13="","",'Formulario PPGR1'!#REF!) | F13: =IF('Formulario PPGR3'!$G13="","",'Formulario PPGR1'!#REF!) | H13: {=IF(Tabla1[[#This Row],[Código_Actividad]]="","",_xlfn.XLOOKUP(Tabla1[[#This Row],[Código_Actividad]],CodigoActividad,Tabla2[Actividades Programables Presupuestables],"",0))} | I13: =IFERROR(VLOOKUP('Formulario PPGR3'!$G13,'Formulario PPGR2'!$H$19:$V$286,15,FALSE),"") | L13: =IF(Tabla1[[#This Row],[Descripción]]="","",_xlfn.XLOOKUP(Tabla1[[#This Row],[Descripción]],Tabla10[Descripción],Tabla10[Unidad de Medida],"",0)) | N13: =IF(Tabla1[[#This Row],[Descripción]]="","",_xlfn.XLOOKUP(Tabla1[[#This Row],[Descripción]],Tabla10[Descripción],Tabla10[Precio Unitario],0)) | O13: =IF(Tabla1[[#This Row],[Cantidad de Insumos]]="","",Tabla1[[#This Row],[Precio Unitario]]*Tabla1[[#This Row],[Cantidad de Insumos]]) | P13: =IF(Tabla1[[#This Row],[Descripción]]="","",_xlfn.XLOOKUP(Tabla1[[#This Row],[Descripción]],Tabla10[Descripción],Tabla10[CODIGO PRESUPUESTARIO],0)) | R13: =IF(Tabla1[[#This Row],[Insumos]]="","",_xlfn.XLOOKUP(Tabla1[[#This Row],[Insumos]],Tabla10[Insumo],Tabla10[InsumoAbrev],"",0))
B14: =IF('Formulario PPGR3'!$G14="","",CONCATENATE('Formulario PPGR3'!$C14,".",'Formulario PPGR3'!$D14,".",'Formulario PPGR3'!$E14,".",'Formulario PPGR3'!$F14)) | C14: =IF('Formulario PPGR3'!$G14="","",'Formulario PPGR1'!#REF!) | D14: =IF('Formulario PPGR3'!$G14="","",'Formulario PPGR1'!#REF!) | E14: =IF('Formulario PPGR3'!$G14="","",'Formulario PPGR1'!#REF!) | F14: =IF('Formulario PPGR3'!$G14="","",'Formulario PPGR1'!#REF!) | H14: {=IF(Tabla1[[#This Row],[Código_Actividad]]="","",_xlfn.XLOOKUP(Tabla1[[#This Row],[Código_Actividad]],CodigoActividad,Tabla2[Actividades Programables Presupuestables],"",0))} | I14: =IFERROR(VLOOKUP('Formulario PPGR3'!$G14,'Formulario PPGR2'!$H$19:$V$286,15,FALSE),"") | L14: =IF(Tabla1[[#This Row],[Descripción]]="","",_xlfn.XLOOKUP(Tabla1[[#This Row],[Descripción]],Tabla10[Descripción],Tabla10[Unidad de Medida],"",0)) | N14: =IF(Tabla1[[#This Row],[Descripción]]="","",_xlfn.XLOOKUP(Tabla1[[#This Row],[Descripción]],Tabla10[Descripción],Tabla10[Precio Unitario],0)) | O14: =IF(Tabla1[[#This Row],[Cantidad de Insumos]]="","",Tabla1[[#This Row],[Precio Unitario]]*Tabla1[[#This Row],[Cantidad de Insumos]]) | P14: =IF(Tabla1[[#This Row],[Descripción]]="","",_xlfn.XLOOKUP(Tabla1[[#This Row],[Descripción]],Tabla10[Descripción],Tabla10[CODIGO PRESUPUESTARIO],0)) | R14: =IF(Tabla1[[#This Row],[Insumos]]="","",_xlfn.XLOOKUP(Tabla1[[#This Row],[Insumos]],Tabla10[Insumo],Tabla10[InsumoAbrev],"",0))
B15: =IF('Formulario PPGR3'!$G15="","",CONCATENATE('Formulario PPGR3'!$C15,".",'Formulario PPGR3'!$D15,".",'Formulario PPGR3'!$E15,".",'Formulario PPGR3'!$F15)) | C15: =IF('Formulario PPGR3'!$G15="","",'Formulario PPGR1'!#REF!) | D15: =IF('Formulario PPGR3'!$G15="","",'Formulario PPGR1'!#REF!) | E15: =IF('Formulario PPGR3'!$G15="","",'Formulario PPGR1'!#REF!) | F15: =IF('Formulario PPGR3'!$G15="","",'Formulario PPGR1'!#REF!) | H15: {=IF(Tabla1[[#This Row],[Código_Actividad]]="","",_xlfn.XLOOKUP(Tabla1[[#This Row],[Código_Actividad]],CodigoActividad,Tabla2[Actividades Programables Presupuestables],"",0))} | I15: =IFERROR(VLOOKUP('Formulario PPGR3'!$G15,'Formulario PPGR2'!$H$19:$V$286,15,FALSE),"") | L15: =IF(Tabla1[[#This Row],[Descripción]]="","",_xlfn.XLOOKUP(Tabla1[[#This Row],[Descripción]],Tabla10[Descripción],Tabla10[Unidad de Medida],"",0)) | N15: =IF(Tabla1[[#This Row],[Descripción]]="","",_xlfn.XLOOKUP(Tabla1[[#This Row],[Descripción]],Tabla10[Descripción],Tabla10[Precio Unitario],0)) | O15: =IF(Tabla1[[#This Row],[Cantidad de Insumos]]="","",Tabla1[[#This Row],[Precio Unitario]]*Tabla1[[#This Row],[Cantidad de Insumos]]) | P15: =IF(Tabla1[[#This Row],[Descripción]]="","",_xlfn.XLOOKUP(Tabla1[[#This Row],[Descripción]],Tabla10[Descripción],Tabla10[CODIGO PRESUPUESTARIO],0)) | R15: =IF(Tabla1[[#This Row],[Insumos]]="","",_xlfn.XLOOKUP(Tabla1[[#This Row],[Insumos]],Tabla10[Insumo],Tabla10[InsumoAbrev],"",0))
B16: =IF('Formulario PPGR3'!$G16="","",CONCATENATE('Formulario PPGR3'!$C16,".",'Formulario PPGR3'!$D16,".",'Formulario PPGR3'!$E16,".",'Formulario PPGR3'!$F16)) | C16: =IF('Formulario PPGR3'!$G16="","",'Formulario PPGR1'!#REF!) | D16: =IF('Formulario PPGR3'!$G16="","",'Formulario PPGR1'!#REF!) | E16: =IF('Formulario PPGR3'!$G16="","",'Formulario PPGR1'!#REF!) | F16: =IF('Formulario PPGR3'!$G16="","",'Formulario PPGR1'!#REF!) | H16: {=IF(Tabla1[[#This Row],[Código_Actividad]]="","",_xlfn.XLOOKUP(Tabla1[[#This Row],[Código_Actividad]],CodigoActividad,Tabla2[Actividades Programables Presupuestables],"",0))} | I16: =IFERROR(VLOOKUP('Formulario PPGR3'!$G16,'Formulario PPGR2'!$H$19:$V$286,15,FALSE),"") | L16: =IF(Tabla1[[#This Row],[Descripción]]="","",_xlfn.XLOOKUP(Tabla1[[#This Row],[Descripción]],Tabla10[Descripción],Tabla10[Unidad de Medida],"",0)) | N16: =IF(Tabla1[[#This Row],[Descripción]]="","",_xlfn.XLOOKUP(Tabla1[[#This Row],[Descripción]],Tabla10[Descripción],Tabla10[Precio Unitario],0)) | O16: =IF(Tabla1[[#This Row],[Cantidad de Insumos]]="","",Tabla1[[#This Row],[Precio Unitario]]*Tabla1[[#This Row],[Cantidad de Insumos]]) | P16: =IF(Tabla1[[#This Row],[Descripción]]="","",_xlfn.XLOOKUP(Tabla1[[#This Row],[Descripción]],Tabla10[Descripción],Tabla10[CODIGO PRESUPUESTARIO],0)) | R16: =IF(Tabla1[[#This Row],[Insumos]]="","",_xlfn.XLOOKUP(Tabla1[[#This Row],[Insumos]],Tabla10[Insumo],Tabla10[InsumoAbrev],"",0))
B17: =IF('Formulario PPGR3'!$G17="","",CONCATENATE('Formulario PPGR3'!$C17,".",'Formulario PPGR3'!$D17,".",'Formulario PPGR3'!$E17,".",'Formulario PPGR3'!$F17)) | C17: =IF('Formulario PPGR3'!$G17="","",'Formulario PPGR1'!#REF!) | D17: =IF('Formulario PPGR3'!$G17="","",'Formulario PPGR1'!#REF!) | E17: =IF('Formulario PPGR3'!$G17="","",'Formulario PPGR1'!#REF!) | F17: =IF('Formulario PPGR3'!$G17="","",'Formulario PPGR1'!#REF!) | H17: {=IF(Tabla1[[#This Row],[Código_Actividad]]="","",_xlfn.XLOOKUP(Tabla1[[#This Row],[Código_Actividad]],CodigoActividad,Tabla2[Actividades Programables Presupuestables],"",0))} | I17: =IFERROR(VLOOKUP('Formulario PPGR3'!$G17,'Formulario PPGR2'!$H$19:$V$286,15,FALSE),"") | L17: =IF(Tabla1[[#This Row],[Descripción]]="","",_xlfn.XLOOKUP(Tabla1[[#This Row],[Descripción]],Tabla10[Descripción],Tabla10[Unidad de Medida],"",0)) | N17: =IF(Tabla1[[#This Row],[Descripción]]="","",_xlfn.XLOOKUP(Tabla1[[#This Row],[Descripción]],Tabla10[Descripción],Tabla10[Precio Unitario],0)) | O17: =IF(Tabla1[[#This Row],[Cantidad de Insumos]]="","",Tabla1[[#This Row],[Precio Unitario]]*Tabla1[[#This Row],[Cantidad de Insumos]]) | P17: =IF(Tabla1[[#This Row],[Descripción]]="","",_xlfn.XLOOKUP(Tabla1[[#This Row],[Descripción]],Tabla10[Descripción],Tabla10[CODIGO PRESUPUESTARIO],0)) | R17: =IF(Tabla1[[#This Row],[Insumos]]="","",_xlfn.XLOOKUP(Tabla1[[#This Row],[Insumos]],Tabla10[Insumo],Tabla10[InsumoAbrev],"",0))
B18: =IF('Formulario PPGR3'!$G18="","",CONCATENATE('Formulario PPGR3'!$C18,".",'Formulario PPGR3'!$D18,".",'Formulario PPGR3'!$E18,".",'Formulario PPGR3'!$F18)) | C18: =IF('Formulario PPGR3'!$G18="","",'Formulario PPGR1'!#REF!) | D18: =IF('Formulario PPGR3'!$G18="","",'Formulario PPGR1'!#REF!) | E18: =IF('Formulario PPGR3'!$G18="","",'Formulario PPGR1'!#REF!) | F18: =IF('Formulario PPGR3'!$G18="","",'Formulario PPGR1'!#REF!) | H18: {=IF(Tabla1[[#This Row],[Código_Actividad]]="","",_xlfn.XLOOKUP(Tabla1[[#This Row],[Código_Actividad]],CodigoActividad,Tabla2[Actividades Programables Presupuestables],"",0))} | I18: =IFERROR(VLOOKUP('Formulario PPGR3'!$G18,'Formulario PPGR2'!$H$19:$V$286,15,FALSE),"") | L18: =IF(Tabla1[[#This Row],[Descripción]]="","",_xlfn.XLOOKUP(Tabla1[[#This Row],[Descripción]],Tabla10[Descripción],Tabla10[Unidad de Medida],"",0)) | N18: =IF(Tabla1[[#This Row],[Descripción]]="","",_xlfn.XLOOKUP(Tabla1[[#This Row],[Descripción]],Tabla10[Descripción],Tabla10[Precio Unitario],0)) | O18: =IF(Tabla1[[#This Row],[Cantidad de Insumos]]="","",Tabla1[[#This Row],[Precio Unitario]]*Tabla1[[#This Row],[Cantidad de Insumos]]) | P18: =IF(Tabla1[[#This Row],[Descripción]]="","",_xlfn.XLOOKUP(Tabla1[[#This Row],[Descripción]],Tabla10[Descripción],Tabla10[CODIGO PRESUPUESTARIO],0)) | R18: =IF(Tabla1[[#This Row],[Insumos]]="","",_xlfn.XLOOKUP(Tabla1[[#This Row],[Insumos]],Tabla10[Insumo],Tabla10[InsumoAbrev],"",0))
B19: =IF('Formulario PPGR3'!$G19="","",CONCATENATE('Formulario PPGR3'!$C19,".",'Formulario PPGR3'!$D19,".",'Formulario PPGR3'!$E19,".",'Formulario PPGR3'!$F19)) | C19: =IF('Formulario PPGR3'!$G19="","",'Formulario PPGR1'!#REF!) | D19: =IF('Formulario PPGR3'!$G19="","",'Formulario PPGR1'!#REF!) | E19: =IF('Formulario PPGR3'!$G19="","",'Formulario PPGR1'!#REF!) | F19: =IF('Formulario PPGR3'!$G19="","",'Formulario PPGR1'!#REF!) | H19: {=IF(Tabla1[[#This Row],[Código_Actividad]]="","",_xlfn.XLOOKUP(Tabla1[[#This Row],[Código_Actividad]],CodigoActividad,Tabla2[Actividades Programables Presupuestables],"",0))} | I19: =IFERROR(VLOOKUP('Formulario PPGR3'!$G19,'Formulario PPGR2'!$H$19:$V$286,15,FALSE),"") | L19: =IF(Tabla1[[#This Row],[Descripción]]="","",_xlfn.XLOOKUP(Tabla1[[#This Row],[Descripción]],Tabla10[Descripción],Tabla10[Unidad de Medida],"",0)) | N19: =IF(Tabla1[[#This Row],[Descripción]]="","",_xlfn.XLOOKUP(Tabla1[[#This Row],[Descripción]],Tabla10[Descripción],Tabla10[Precio Unitario],0)) | O19: =IF(Tabla1[[#This Row],[Cantidad de Insumos]]="","",Tabla1[[#This Row],[Precio Unitario]]*Tabla1[[#This Row],[Cantidad de Insumos]]) | P19: =IF(Tabla1[[#This Row],[Descripción]]="","",_xlfn.XLOOKUP(Tabla1[[#This Row],[Descripción]],Tabla10[Descripción],Tabla10[CODIGO PRESUPUESTARIO],0)) | R19: =IF(Tabla1[[#This Row],[Insumos]]="","",_xlfn.XLOOKUP(Tabla1[[#This Row],[Insumos]],Tabla10[Insumo],Tabla10[InsumoAbrev],"",0))
B20: =IF('Formulario PPGR3'!$G20="","",CONCATENATE('Formulario PPGR3'!$C20,".",'Formulario PPGR3'!$D20,".",'Formulario PPGR3'!$E20,".",'Formulario PPGR3'!$F20)) | C20: =IF('Formulario PPGR3'!$G20="","",'Formulario PPGR1'!#REF!) | D20: =IF('Formulario PPGR3'!$G20="","",'Formulario PPGR1'!#REF!) | E20: =IF('Formulario PPGR3'!$G20="","",'Formulario PPGR1'!#REF!) | F20: =IF('Formulario PPGR3'!$G20="","",'Formulario PPGR1'!#REF!) | H20: {=IF(Tabla1[[#This Row],[Código_Actividad]]="","",_xlfn.XLOOKUP(Tabla1[[#This Row],[Código_Actividad]],CodigoActividad,Tabla2[Actividades Programables Presupuestables],"",0))} | I20: =IFERROR(VLOOKUP('Formulario PPGR3'!$G20,'Formulario PPGR2'!$H$19:$V$286,15,FALSE),"") | L20: =IF(Tabla1[[#This Row],[Descripción]]="","",_xlfn.XLOOKUP(Tabla1[[#This Row],[Descripción]],Tabla10[Descripción],Tabla10[Unidad de Medida],"",0)) | N20: =IF(Tabla1[[#This Row],[Descripción]]="","",_xlfn.XLOOKUP(Tabla1[[#This Row],[Descripción]],Tabla10[Descripción],Tabla10[Precio Unitario],0)) | O20: =IF(Tabla1[[#This Row],[Cantidad de Insumos]]="","",Tabla1[[#This Row],[Precio Unitario]]*Tabla1[[#This Row],[Cantidad de Insumos]]) | P20: =IF(Tabla1[[#This Row],[Descripción]]="","",_xlfn.XLOOKUP(Tabla1[[#This Row],[Descripción]],Tabla10[Descripción],Tabla10[CODIGO PRESUPUESTARIO],0)) | R20: =IF(Tabla1[[#This Row],[Insumos]]="","",_xlfn.XLOOKUP(Tabla1[[#This Row],[Insumos]],Tabla10[Insumo],Tabla10[InsumoAbrev],"",0))
B21: =IF('Formulario PPGR3'!$G21="","",CONCATENATE('Formulario PPGR3'!$C21,".",'Formulario PPGR3'!$D21,".",'Formulario PPGR3'!$E21,".",'Formulario PPGR3'!$F21)) | C21: =IF('Formulario PPGR3'!$G21="","",'Formulario PPGR1'!#REF!) | D21: =IF('Formulario PPGR3'!$G21="","",'Formulario PPGR1'!#REF!) | E21: =IF('Formulario PPGR3'!$G21="","",'Formulario PPGR1'!#REF!) | F21: =IF('Formulario PPGR3'!$G21="","",'Formulario PPGR1'!#REF!) | H21: {=IF(Tabla1[[#This Row],[Código_Actividad]]="","",_xlfn.XLOOKUP(Tabla1[[#This Row],[Código_Actividad]],CodigoActividad,Tabla2[Actividades Programables Presupuestables],"",0))} | I21: =IFERROR(VLOOKUP('Formulario PPGR3'!$G21,'Formulario PPGR2'!$H$19:$V$286,15,FALSE),"") | L21: =IF(Tabla1[[#This Row],[Descripción]]="","",_xlfn.XLOOKUP(Tabla1[[#This Row],[Descripción]],Tabla10[Descripción],Tabla10[Unidad de Medida],"",0)) | N21: =IF(Tabla1[[#This Row],[Descripción]]="","",_xlfn.XLOOKUP(Tabla1[[#This Row],[Descripción]],Tabla10[Descripción],Tabla10[Precio Unitario],0)) | O21: =IF(Tabla1[[#This Row],[Cantidad de Insumos]]="","",Tabla1[[#This Row],[Precio Unitario]]*Tabla1[[#This Row],[Cantidad de Insumos]]) | P21: =IF(Tabla1[[#This Row],[Descripción]]="","",_xlfn.XLOOKUP(Tabla1[[#This Row],[Descripción]],Tabla10[Descripción],Tabla10[CODIGO PRESUPUESTARIO],0)) | R21: =IF(Tabla1[[#This Row],[Insumos]]="","",_xlfn.XLOOKUP(Tabla1[[#This Row],[Insumos]],Tabla10[Insumo],Tabla10[InsumoAbrev],"",0))
... B1684: =IF('Formulario PPGR3'!$G1684="","",CONCATENATE('Formulario PPGR3'!$C1684,".",'Formulario PPGR3'!$D1684,".",'Formulario PPGR3'!$E1684,".",'Formulario PPGR3'!$F1684)) | C1684: =IF('Formulario PPGR3'!$G1684="","",'Formulario PPGR1'!#REF!) | D1684: =IF('Formulario PPGR3'!$G1684="","",'Formulario PPGR1'!#REF!) | E1684: =IF('Formulario PPGR3'!$G1684="","",'Formulario PPGR1'!#REF!) | F1684: =IF('Formulario PPGR3'!$G1684="","",'Formulario PPGR1'!#REF!) | H1684: {=IF(Tabla1[[#This Row],[Código_Actividad]]="","",_xlfn.XLOOKUP(Tabla1[[#This Row],[Código_Actividad]],CodigoActividad,Tabla2[Actividades Programables Presupuestables],"",0))} | I1684: =IFERROR(VLOOKUP('Formulario PPGR3'!$G1684,'Formulario PPGR2'!$H$19:$V$286,15,FALSE),"") | L1684: =IF(Tabla1[[#This Row],[Descripción]]="","",_xlfn.XLOOKUP(Tabla1[[#This Row],[Descripción]],Tabla10[Descripción],Tabla10[Unidad de Medida],"",0)) | N1684: =IF(Tabla1[[#This Row],[Descripción]]="","",_xlfn.XLOOKUP(Tabla1[[#This Row],[Descripción]],Tabla10[Descripción],Tabla10[Precio Unitario],0)) | O1684: =IF(Tabla1[[#This Row],[Cantidad de Insumos]]="","",Tabla1[[#This Row],[Precio Unitario]]*Tabla1[[#This Row],[Cantidad de Insumos]]) | P1684: =IF(Tabla1[[#This Row],[Descripción]]="","",_xlfn.XLOOKUP(Tabla1[[#This Row],[Descripción]],Tabla10[Descripción],Tabla10[CODIGO PRESUPUESTARIO],0)) | R1684: =IF(Tabla1[[#This Row],[Insumos]]="","",_xlfn.XLOOKUP(Tabla1[[#This Row],[Insumos]],Tabla10[Insumo],Tabla10[InsumoAbrev],"",0))

Sheet Formulario PPGR4
H2: ='Formulario PPGR1'!I2 -> Servicio Nacional de Salud
H3: ='Formulario PPGR1'!I3 -> Dirección de Planificación y Desarrollo
H4: ='Formulario PPGR1'!I4 -> Plan Operativo Anual
H5: Identificacion de necesidades de infraestructuras
H6: ='Formulario PPGR1'!$L$3 -> R4 - SRS Cibao Noroeste
B8: ID_Dependendencia | C8: POA | D8: SRS | E8: AREA | F8: TIPO | G8: Tipo de Intervención | H8: Tipo EESS | I8: Nombre de establecimiento | J8: Provincia | K8: ListaProvincia | L8: Municipio | M8: Unidad de Medida | N8: Monto Estimado | O8: Código Presupuestario | P8: Fuente de Financiamiento
B9: =IF('Formulario PPGR4'!$G9="","",CONCATENATE('Formulario PPGR4'!$C9,".",'Formulario PPGR4'!$D9,".",'Formulario PPGR4'!$E9,".",'Formulario PPGR4'!$F9)) | C9: =IF('Formulario PPGR4'!$G9="","",'Formulario PPGR1'!#REF!) | D9: =IF('Formulario PPGR4'!$G9="","",'Formulario PPGR1'!#REF!) | E9: =IF('Formulario PPGR4'!$G9="","",'Formulario PPGR1'!#REF!) | F9: =IF('Formulario PPGR4'!$G9="","",'Formulario PPGR1'!#REF!) | K9: =IFERROR(VLOOKUP('Formulario PPGR4'!$J9,Prov!$A$2:$B$156,2,FALSE),"") | O9: =IFERROR(VLOOKUP($G9,Catalogo!$G$20:$H$25,2,FALSE),"")
B10: =IF('Formulario PPGR4'!$G10="","",CONCATENATE('Formulario PPGR4'!$C10,".",'Formulario PPGR4'!$D10,".",'Formulario PPGR4'!$E10,".",'Formulario PPGR4'!$F10)) | C10: =IF('Formulario PPGR4'!$G10="","",'Formulario PPGR1'!#REF!) | D10: =IF('Formulario PPGR4'!$G10="","",'Formulario PPGR1'!#REF!) | E10: =IF('Formulario PPGR4'!$G10="","",'Formulario PPGR1'!#REF!) | F10: =IF('Formulario PPGR4'!$G10="","",'Formulario PPGR1'!#REF!) | K10: =IFERROR(VLOOKUP('Formulario PPGR4'!$J10,Prov!$A$2:$B$156,2,FALSE),"") | O10: =IFERROR(VLOOKUP($G10,Catalogo!$G$20:$H$25,2,FALSE),"")
B11: =IF('Formulario PPGR4'!$G11="","",CONCATENATE('Formulario PPGR4'!$C11,".",'Formulario PPGR4'!$D11,".",'Formulario PPGR4'!$E11,".",'Formulario PPGR4'!$F11)) | C11: =IF('Formulario PPGR4'!$G11="","",'Formulario PPGR1'!#REF!) | D11: =IF('Formulario PPGR4'!$G11="","",'Formulario PPGR1'!#REF!) | E11: =IF('Formulario PPGR4'!$G11="","",'Formulario PPGR1'!#REF!) | F11: =IF('Formulario PPGR4'!$G11="","",'Formulario PPGR1'!#REF!) | K11: =IFERROR(VLOOKUP('Formulario PPGR4'!$J11,Prov!$A$2:$B$156,2,FALSE),"") | O11: =IFERROR(VLOOKUP($G11,Catalogo!$G$20:$H$25,2,FALSE),"")
B12: =IF('Formulario PPGR4'!$G12="","",CONCATENATE('Formulario PPGR4'!$C12,".",'Formulario PPGR4'!$D12,".",'Formulario PPGR4'!$E12,".",'Formulario PPGR4'!$F12)) | C12: =IF('Formulario PPGR4'!$G12="","",'Formulario PPGR1'!#REF!) | D12: =IF('Formulario PPGR4'!$G12="","",'Formulario PPGR1'!#REF!) | E12: =IF('Formulario PPGR4'!$G12="","",'Formulario PPGR1'!#REF!) | F12: =IF('Formulario PPGR4'!$G12="","",'Formulario PPGR1'!#REF!) | K12: =IFERROR(VLOOKUP('Formulario PPGR4'!$J12,Prov!$A$2:$B$156,2,FALSE),"") | O12: =IFERROR(VLOOKUP($G12,Catalogo!$G$20:$H$25,2,FALSE),"")
B13: =IF('Formulario PPGR4'!$G13="","",CONCATENATE('Formulario PPGR4'!$C13,".",'Formulario PPGR4'!$D13,".",'Formulario PPGR4'!$E13,".",'Formulario PPGR4'!$F13)) | C13: =IF('Formulario PPGR4'!$G13="","",'Formulario PPGR1'!#REF!) | D13: =IF('Formulario PPGR4'!$G13="","",'Formulario PPGR1'!#REF!) | E13: =IF('Formulario PPGR4'!$G13="","",'Formulario PPGR1'!#REF!) | F13: =IF('Formulario PPGR4'!$G13="","",'Formulario PPGR1'!#REF!) | K13: =IFERROR(VLOOKUP('Formulario PPGR4'!$J13,Prov!$A$2:$B$156,2,FALSE),"") | O13: =IFERROR(VLOOKUP($G13,Catalogo!$G$20:$H$25,2,FALSE),"")
B14: =IF('Formulario PPGR4'!$G14="","",CONCATENATE('Formulario PPGR4'!$C14,".",'Formulario PPGR4'!$D14,".",'Formulario PPGR4'!$E14,".",'Formulario PPGR4'!$F14)) | C14: =IF('Formulario PPGR4'!$G14="","",'Formulario PPGR1'!#REF!) | D14: =IF('Formulario PPGR4'!$G14="","",'Formulario PPGR1'!#REF!) | E14: =IF('Formulario PPGR4'!$G14="","",'Formulario PPGR1'!#REF!) | F14: =IF('Formulario PPGR4'!$G14="","",'Formulario PPGR1'!#REF!) | K14: =IFERROR(VLOOKUP('Formulario PPGR4'!$J14,Prov!$A$2:$B$156,2,FALSE),"") | O14: =IFERROR(VLOOKUP($G14,Catalogo!$G$20:$H$25,2,FALSE),"")
B15: =IF('Formulario PPGR4'!$G15="","",CONCATENATE('Formulario PPGR4'!$C15,".",'Formulario PPGR4'!$D15,".",'Formulario PPGR4'!$E15,".",'Formulario PPGR4'!$F15)) | C15: =IF('Formulario PPGR4'!$G15="","",'Formulario PPGR1'!#REF!) | D15: =IF('Formulario PPGR4'!$G15="","",'Formulario PPGR1'!#REF!) | E15: =IF('Formulario PPGR4'!$G15="","",'Formulario PPGR1'!#REF!) | F15: =IF('Formulario PPGR4'!$G15="","",'Formulario PPGR1'!#REF!) | K15: =IFERROR(VLOOKUP('Formulario PPGR4'!$J15,Prov!$A$2:$B$156,2,FALSE),"") | O15: =IFERROR(VLOOKUP($G15,Catalogo!$G$20:$H$25,2,FALSE),"")
B16: =IF('Formulario PPGR4'!$G16="","",CONCATENATE('Formulario PPGR4'!$C16,".",'Formulario PPGR4'!$D16,".",'Formulario PPGR4'!$E16,".",'Formulario PPGR4'!$F16)) | C16: =IF('Formulario PPGR4'!$G16="","",'Formulario PPGR1'!#REF!) | D16: =IF('Formulario PPGR4'!$G16="","",'Formulario PPGR1'!#REF!) | E16: =IF('Formulario PPGR4'!$G16="","",'Formulario PPGR1'!#REF!) | F16: =IF('Formulario PPGR4'!$G16="","",'Formulario PPGR1'!#REF!) | K16: =IFERROR(VLOOKUP('Formulario PPGR4'!$J16,Prov!$A$2:$B$156,2,FALSE),"") | O16: =IFERROR(VLOOKUP($G16,Catalogo!$G$20:$H$25,2,FALSE),"")
B17: =IF('Formulario PPGR4'!$G17="","",CONCATENATE('Formulario PPGR4'!$C17,".",'Formulario PPGR4'!$D17,".",'Formulario PPGR4'!$E17,".",'Formulario PPGR4'!$F17)) | C17: =IF('Formulario PPGR4'!$G17="","",'Formulario PPGR1'!#REF!) | D17: =IF('Formulario PPGR4'!$G17="","",'Formulario PPGR1'!#REF!) | E17: =IF('Formulario PPGR4'!$G17="","",'Formulario PPGR1'!#REF!) | F17: =IF('Formulario PPGR4'!$G17="","",'Formulario PPGR1'!#REF!) | K17: =IFERROR(VLOOKUP('Formulario PPGR4'!$J17,Prov!$A$2:$B$156,2,FALSE),"") | O17: =IFERROR(VLOOKUP($G17,Catalogo!$G$20:$H$25,2,FALSE),"")
B18: =IF('Formulario PPGR4'!$G18="","",CONCATENATE('Formulario PPGR4'!$C18,".",'Formulario PPGR4'!$D18,".",'Formulario PPGR4'!$E18,".",'Formulario PPGR4'!$F18)) | C18: =IF('Formulario PPGR4'!$G18="","",'Formulario PPGR1'!#REF!) | D18: =IF('Formulario PPGR4'!$G18="","",'Formulario PPGR1'!#REF!) | E18: =IF('Formulario PPGR4'!$G18="","",'Formulario PPGR1'!#REF!) | F18: =IF('Formulario PPGR4'!$G18="","",'Formulario PPGR1'!#REF!) | K18: =IFERROR(VLOOKUP('Formulario PPGR4'!$J18,Prov!$A$2:$B$156,2,FALSE),"") | O18: =IFERROR(VLOOKUP($G18,Catalogo!$G$20:$H$25,2,FALSE),"")
B19: =IF('Formulario PPGR4'!$G19="","",CONCATENATE('Formulario PPGR4'!$C19,".",'Formulario PPGR4'!$D19,".",'Formulario PPGR4'!$E19,".",'Formulario PPGR4'!$F19)) | C19: =IF('Formulario PPGR4'!$G19="","",'Formulario PPGR1'!#REF!) | D19: =IF('Formulario PPGR4'!$G19="","",'Formulario PPGR1'!#REF!) | E19: =IF('Formulario PPGR4'!$G19="","",'Formulario PPGR1'!#REF!) | F19: =IF('Formulario PPGR4'!$G19="","",'Formulario PPGR1'!#REF!) | K19: =IFERROR(VLOOKUP('Formulario PPGR4'!$J19,Prov!$A$2:$B$156,2,FALSE),"") | O19: =IFERROR(VLOOKUP($G19,Catalogo!$G$20:$H$25,2,FALSE),"")
B20: =IF('Formulario PPGR4'!$G20="","",CONCATENATE('Formulario PPGR4'!$C20,".",'Formulario PPGR4'!$D20,".",'Formulario PPGR4'!$E20,".",'Formulario PPGR4'!$F20)) | C20: =IF('Formulario PPGR4'!$G20="","",'Formulario PPGR1'!#REF!) | D20: =IF('Formulario PPGR4'!$G20="","",'Formulario PPGR1'!#REF!) | E20: =IF('Formulario PPGR4'!$G20="","",'Formulario PPGR1'!#REF!) | F20: =IF('Formulario PPGR4'!$G20="","",'Formulario PPGR1'!#REF!) | K20: =IFERROR(VLOOKUP('Formulario PPGR4'!$J20,Prov!$A$2:$B$156,2,FALSE),"") | O20: =IFERROR(VLOOKUP($G20,Catalogo!$G$20:$H$25,2,FALSE),"")
... B23: =IF('Formulario PPGR4'!$G23="","",CONCATENATE('Formulario PPGR4'!$C23,".",'Formulario PPGR4'!$D23,".",'Formulario PPGR4'!$E23,".",'Formulario PPGR4'!$F23)) | C23: =IF('Formulario PPGR4'!$G23="","",'Formulario PPGR1'!#REF!) | D23: =IF('Formulario PPGR4'!$G23="","",'Formulario PPGR1'!#REF!) | E23: =IF('Formulario PPGR4'!$G23="","",'Formulario PPGR1'!#REF!) | F23: =IF('Formulario PPGR4'!$G23="","",'Formulario PPGR1'!#REF!) | K23: =IFERROR(VLOOKUP('Formulario PPGR4'!$J23,Prov!$A$2:$B$156,2,FALSE),"") | O23: =IFERROR(VLOOKUP($G23,Catalogo!$G$20:$H$25,2,FALSE),"")
B24: =IF('Formulario PPGR4'!$G24="","",CONCATENATE('Formulario PPGR4'!$C24,".",'Formulario PPGR4'!$D24,".",'Formulario PPGR4'!$E24,".",'Formulario PPGR4'!$F24)) | C24: =IF('Formulario PPGR4'!$G24="","",'Formulario PPGR1'!#REF!) | D24: =IF('Formulario PPGR4'!$G24="","",'Formulario PPGR1'!#REF!) | E24: =IF('Formulario PPGR4'!$G24="","",'Formulario PPGR1'!#REF!) | F24: =IF('Formulario PPGR4'!$G24="","",'Formulario PPGR1'!#REF!) | O24: =IFERROR(VLOOKUP($G24,Catalogo!$G$20:$H$25,2,FALSE),"")
B25: =IF('Formulario PPGR4'!$G25="","",CONCATENATE('Formulario PPGR4'!$C25,".",'Formulario PPGR4'!$D25,".",'Formulario PPGR4'!$E25,".",'Formulario PPGR4'!$F25)) | C25: =IF('Formulario PPGR4'!$G25="","",'Formulario PPGR1'!#REF!) | D25: =IF('Formulario PPGR4'!$G25="","",'Formulario PPGR1'!#REF!) | E25: =IF('Formulario PPGR4'!$G25="","",'Formulario PPGR1'!#REF!) | F25: =IF('Formulario PPGR4'!$G25="","",'Formulario PPGR1'!#REF!) | K25: =IFERROR(VLOOKUP('Formulario PPGR4'!$J25,Prov!$A$2:$B$156,2,FALSE),"") | O25: =IFERROR(VLOOKUP($G25,Catalogo!$G$20:$H$25,2,FALSE),"")
B26: =IF('Formulario PPGR4'!$G26="","",CONCATENATE('Formulario PPGR4'!$C26,".",'Formulario PPGR4'!$D26,".",'Formulario PPGR4'!$E26,".",'Formulario PPGR4'!$F26)) | C26: =IF('Formulario PPGR4'!$G26="","",'Formulario PPGR1'!#REF!) | D26: =IF('Formulario PPGR4'!$G26="","",'Formulario PPGR1'!#REF!) | E26: =IF('Formulario PPGR4'!$G26="","",'Formulario PPGR1'!#REF!) | F26: =IF('Formulario PPGR4'!$G26="","",'Formulario PPGR1'!#REF!) | K26: =IFERROR(VLOOKUP('Formulario PPGR4'!$J26,Prov!$A$2:$B$156,2,FALSE),"")
B27: =IF('Formulario PPGR4'!$G27="","",CONCATENATE('Formulario PPGR4'!$C27,".",'Formulario PPGR4'!$D27,".",'Formulario PPGR4'!$E27,".",'Formulario PPGR4'!$F27)) | C27: =IF('Formulario PPGR4'!$G27="","",'Formulario PPGR1'!#REF!) | D27: =IF('Formulario PPGR4'!$G27="","",'Formulario PPGR1'!#REF!) | E27: =IF('Formulario PPGR4'!$G27="","",'Formulario PPGR1'!#REF!) | F27: =IF('Formulario PPGR4'!$G27="","",'Formulario PPGR1'!#REF!) | K27: =IFERROR(VLOOKUP('Formulario PPGR4'!$J27,Prov!$A$2:$B$156,2,FALSE),"") | O27: =IFERROR(VLOOKUP($G27,Catalogo!$G$20:$H$25,2,FALSE),"")
B28: =IF('Formulario PPGR4'!$G28="","",CONCATENATE('Formulario PPGR4'!$C28,".",'Formulario PPGR4'!$D28,".",'Formulario PPGR4'!$E28,".",'Formulario PPGR4'!$F28)) | C28: =IF('Formulario PPGR4'!$G28="","",'Formulario PPGR1'!#REF!) | D28: =IF('Formulario PPGR4'!$G28="","",'Formulario PPGR1'!#REF!) | E28: =IF('Formulario PPGR4'!$G28="","",'Formulario PPGR1'!#REF!) | F28: =IF('Formulario PPGR4'!$G28="","",'Formulario PPGR1'!#REF!) | K28: =IFERROR(VLOOKUP('Formulario PPGR4'!$J28,Prov!$A$2:$B$156,2,FALSE),"") | O28: =IFERROR(VLOOKUP($G28,Catalogo!$G$20:$H$25,2,FALSE),"")
B29: =IF('Formulario PPGR4'!$G29="","",CONCATENATE('Formulario PPGR4'!$C29,".",'Formulario PPGR4'!$D29,".",'Formulario PPGR4'!$E29,".",'Formulario PPGR4'!$F29)) | C29: =IF('Formulario PPGR4'!$G29="","",'Formulario PPGR1'!#REF!) | D29: =IF('Formulario PPGR4'!$G29="","",'Formulario PPGR1'!#REF!) | E29: =IF('Formulario PPGR4'!$G29="","",'Formulario PPGR1'!#REF!) | F29: =IF('Formulario PPGR4'!$G29="","",'Formulario PPGR1'!#REF!) | K29: =IFERROR(VLOOKUP('Formulario PPGR4'!$J29,Prov!$A$2:$B$156,2,FALSE),"") | O29: =IFERROR(VLOOKUP($G29,Catalogo!$G$20:$H$25,2,FALSE),"")
B30: =IF('Formulario PPGR4'!$G30="","",CONCATENATE('Formulario PPGR4'!$C30,".",'Formulario PPGR4'!$D30,".",'Formulario PPGR4'!$E30,".",'Formulario PPGR4'!$F30)) | C30: =IF('Formulario PPGR4'!$G30="","",'Formulario PPGR1'!#REF!) | D30: =IF('Formulario PPGR4'!$G30="","",'Formulario PPGR1'!#REF!) | E30: =IF('Formulario PPGR4'!$G30="","",'Formulario PPGR1'!#REF!) | F30: =IF('Formulario PPGR4'!$G30="","",'Formulario PPGR1'!#REF!) | K30: =IFERROR(VLOOKUP('Formulario PPGR4'!$J30,Prov!$A$2:$B$156,2,FALSE),"") | O30: =IFERROR(VLOOKUP($G30,Catalogo!$G$20:$H$25,2,FALSE),"")
B31: =IF('Formulario PPGR4'!$G31="","",CONCATENATE('Formulario PPGR4'!$C31,".",'Formulario PPGR4'!$D31,".",'Formulario PPGR4'!$E31,".",'Formulario PPGR4'!$F31)) | C31: =IF('Formulario PPGR4'!$G31="","",'Formulario PPGR1'!#REF!) | D31: =IF('Formulario PPGR4'!$G31="","",'Formulario PPGR1'!#REF!) | E31: =IF('Formulario PPGR4'!$G31="","",'Formulario PPGR1'!#REF!) | F31: =IF('Formulario PPGR4'!$G31="","",'Formulario PPGR1'!#REF!) | K31: =IFERROR(VLOOKUP('Formulario PPGR4'!$J31,Prov!$A$2:$B$156,2,FALSE),"") | O31: =IFERROR(VLOOKUP(#REF!,Catalogo!$G$20:$H$25,2,FALSE),"")
B32: =IF('Formulario PPGR4'!$G32="","",CONCATENATE('Formulario PPGR4'!$C32,".",'Formulario PPGR4'!$D32,".",'Formulario PPGR4'!$E32,".",'Formulario PPGR4'!$F32)) | C32: =IF('Formulario PPGR4'!$G32="","",'Formulario PPGR1'!#REF!) | D32: =IF('Formulario PPGR4'!$G32="","",'Formulario PPGR1'!#REF!) | E32: =IF('Formulario PPGR4'!$G32="","",'Formulario PPGR1'!#REF!) | F32: =IF('Formulario PPGR4'!$G32="","",'Formulario PPGR1'!#REF!) | K32: =IFERROR(VLOOKUP('Formulario PPGR4'!$J32,Prov!$A$2:$B$156,2,FALSE),"") | O32: =IFERROR(VLOOKUP($G31,Catalogo!$G$20:$H$25,2,FALSE),"")
B33: =IF('Formulario PPGR4'!$G33="","",CONCATENATE('Formulario PPGR4'!$C33,".",'Formulario PPGR4'!$D33,".",'Formulario PPGR4'!$E33,".",'Formulario PPGR4'!$F33)) | C33: =IF('Formulario PPGR4'!$G33="","",'Formulario PPGR1'!#REF!) | D33: =IF('Formulario PPGR4'!$G33="","",'Formulario PPGR1'!#REF!) | E33: =IF('Formulario PPGR4'!$G33="","",'Formulario PPGR1'!#REF!) | F33: =IF('Formulario PPGR4'!$G33="","",'Formulario PPGR1'!#REF!) | K33: =IFERROR(VLOOKUP('Formulario PPGR4'!$J33,Prov!$A$2:$B$156,2,FALSE),"") | O33: =IFERROR(VLOOKUP($G33,Catalogo!$G$20:$H$25,2,FALSE),"")
B34: =IF('Formulario PPGR4'!$G34="","",CONCATENATE('Formulario PPGR4'!$C34,".",'Formulario PPGR4'!$D34,".",'Formulario PPGR4'!$E34,".",'Formulario PPGR4'!$F34)) | C34: =IF('Formulario PPGR4'!$G34="","",'Formulario PPGR1'!#REF!) | D34: =IF('Formulario PPGR4'!$G34="","",'Formulario PPGR1'!#REF!) | E34: =IF('Formulario PPGR4'!$G34="","",'Formulario PPGR1'!#REF!) | F34: =IF('Formulario PPGR4'!$G34="","",'Formulario PPGR1'!#REF!) | K34: =IFERROR(VLOOKUP('Formulario PPGR4'!$J34,Prov!$A$2:$B$156,2,FALSE),"") | O34: =IFERROR(VLOOKUP($G34,Catalogo!$G$20:$H$25,2,FALSE),"")
B35: =IF('Formulario PPGR4'!$G35="","",CONCATENATE('Formulario PPGR4'!$C35,".",'Formulario PPGR4'!$D35,".",'Formulario PPGR4'!$E35,".",'Formulario PPGR4'!$F35)) | C35: =IF('Formulario PPGR4'!$G35="","",'Formulario PPGR1'!#REF!) | D35: =IF('Formulario PPGR4'!$G35="","",'Formulario PPGR1'!#REF!) | E35: =IF('Formulario PPGR4'!$G35="","",'Formulario PPGR1'!#REF!) | F35: =IF('Formulario PPGR4'!$G35="","",'Formulario PPGR1'!#REF!) | K35: =IFERROR(VLOOKUP('Formulario PPGR4'!$J35,Prov!$A$2:$B$156,2,FALSE),"") | O35: =IFERROR(VLOOKUP($G35,Catalogo!$G$20:$H$25,2,FALSE),"")
B36: =IF('Formulario PPGR4'!$G36="","",CONCATENATE('Formulario PPGR4'!$C36,".",'Formulario PPGR4'!$D36,".",'Formulario PPGR4'!$E36,".",'Formulario PPGR4'!$F36)) | C36: =IF('Formulario PPGR4'!$G36="","",'Formulario PPGR1'!#REF!) | D36: =IF('Formulario PPGR4'!$G36="","",'Formulario PPGR1'!#REF!) | E36: =IF('Formulario PPGR4'!$G36="","",'Formulario PPGR1'!#REF!) | F36: =IF('Formulario PPGR4'!$G36="","",'Formulario PPGR1'!#REF!) | K36: =IFERROR(VLOOKUP('Formulario PPGR4'!$J36,Prov!$A$2:$B$156,2,FALSE),"") | O36: =IFERROR(VLOOKUP($G36,Catalogo!$G$20:$H$25,2,FALSE),"")
B37: =IF('Formulario PPGR4'!$G37="","",CONCATENATE('Formulario PPGR4'!$C37,".",'Formulario PPGR4'!$D37,".",'Formulario PPGR4'!$E37,".",'Formulario PPGR4'!$F37)) | C37: =IF('Formulario PPGR4'!$G37="","",'Formulario PPGR1'!#REF!) | D37: =IF('Formulario PPGR4'!$G37="","",'Formulario PPGR1'!#REF!) | E37: =IF('Formulario PPGR4'!$G37="","",'Formulario PPGR1'!#REF!) | F37: =IF('Formulario PPGR4'!$G37="","",'Formulario PPGR1'!#REF!) | K37: =IFERROR(VLOOKUP('Formulario PPGR4'!$J37,Prov!$A$2:$B$156,2,FALSE),"") | O37: =IFERROR(VLOOKUP($G37,Catalogo!$G$20:$H$25,2,FALSE),"")

Sheet Formulario PPGR5
H2: ='Formulario PPGR1'!I2 -> Servicio Nacional de Salud
H3: ='Formulario PPGR1'!I3 -> Dirección de Planificación y Desarrollo
H4: ='Formulario PPGR1'!I4 -> Plan Operativo Anual
H5: Identificación de necesidades de equipos
H6: ='Formulario PPGR1'!$L$3 -> R4 - SRS Cibao Noroeste
B8: ID_Dependendencia | C8: POA | D8: SRS | E8: AREA | F8: TIPO | G8: Tipos de Acciones | H8: Tipo de Equipo | I8: InsumoAbrev | J8: Item | K8: Descripción | L8: Tipo EESS | M8: Nombre de establecimiento | N8: Provincia | O8: ListaProvincia | P8: Municipio | Q8: Unidad de Medida | R8: Cantidad de Insumos | S8: Precio Unitario | T8: Valor Total Estimado | U8: Código Presupuestario | V8: Fuente de Financiamiento | W8: Columna1
B9: =IF('Formulario PPGR5'!$G9="","",CONCATENATE('Formulario PPGR5'!$C9,".",'Formulario PPGR5'!$D9,".",'Formulario PPGR5'!$E9,".",'Formulario PPGR5'!$F9)) | C9: =IF('Formulario PPGR5'!$G9="","",'Formulario PPGR1'!#REF!) | D9: =IF('Formulario PPGR5'!$G9="","",'Formulario PPGR1'!#REF!) | E9: =IF('Formulario PPGR5'!$G9="","",'Formulario PPGR1'!#REF!) | F9: =IF('Formulario PPGR5'!$G9="","",'Formulario PPGR1'!#REF!)
B10: =IF('Formulario PPGR5'!$G10="","",CONCATENATE('Formulario PPGR5'!$C10,".",'Formulario PPGR5'!$D10,".",'Formulario PPGR5'!$E10,".",'Formulario PPGR5'!$F10)) | C10: =IF('Formulario PPGR5'!$G10="","",'Formulario PPGR1'!#REF!) | D10: =IF('Formulario PPGR5'!$G10="","",'Formulario PPGR1'!#REF!) | E10: =IF('Formulario PPGR5'!$G10="","",'Formulario PPGR1'!#REF!) | F10: =IF('Formulario PPGR5'!$G10="","",'Formulario PPGR1'!#REF!)
B11: =IF('Formulario PPGR5'!$G11="","",CONCATENATE('Formulario PPGR5'!$C11,".",'Formulario PPGR5'!$D11,".",'Formulario PPGR5'!$E11,".",'Formulario PPGR5'!$F11)) | C11: =IF('Formulario PPGR5'!$G11="","",'Formulario PPGR1'!#REF!) | D11: =IF('Formulario PPGR5'!$G11="","",'Formulario PPGR1'!#REF!) | E11: =IF('Formulario PPGR5'!$G11="","",'Formulario PPGR1'!#REF!) | F11: =IF('Formulario PPGR5'!$G11="","",'Formulario PPGR1'!#REF!)
B12: =IF('Formulario PPGR5'!$G12="","",CONCATENATE('Formulario PPGR5'!$C12,".",'Formulario PPGR5'!$D12,".",'Formulario PPGR5'!$E12,".",'Formulario PPGR5'!$F12)) | C12: =IF('Formulario PPGR5'!$G12="","",'Formulario PPGR1'!#REF!) | D12: =IF('Formulario PPGR5'!$G12="","",'Formulario PPGR1'!#REF!) | E12: =IF('Formulario PPGR5'!$G12="","",'Formulario PPGR1'!#REF!) | F12: =IF('Formulario PPGR5'!$G12="","",'Formulario PPGR1'!#REF!)
B13: =IF('Formulario PPGR5'!$G13="","",CONCATENATE('Formulario PPGR5'!$C13,".",'Formulario PPGR5'!$D13,".",'Formulario PPGR5'!$E13,".",'Formulario PPGR5'!$F13)) | C13: =IF('Formulario PPGR5'!$G13="","",'Formulario PPGR1'!#REF!) | D13: =IF('Formulario PPGR5'!$G13="","",'Formulario PPGR1'!#REF!) | E13: =IF('Formulario PPGR5'!$G13="","",'Formulario PPGR1'!#REF!) | F13: =IF('Formulario PPGR5'!$G13="","",'Formulario PPGR1'!#REF!)
B14: =IF('Formulario PPGR5'!$G14="","",CONCATENATE('Formulario PPGR5'!$C14,".",'Formulario PPGR5'!$D14,".",'Formulario PPGR5'!$E14,".",'Formulario PPGR5'!$F14)) | C14: =IF('Formulario PPGR5'!$G14="","",'Formulario PPGR1'!#REF!) | D14: =IF('Formulario PPGR5'!$G14="","",'Formulario PPGR1'!#REF!) | E14: =IF('Formulario PPGR5'!$G14="","",'Formulario PPGR1'!#REF!) | F14: =IF('Formulario PPGR5'!$G14="","",'Formulario PPGR1'!#REF!)
B15: =IF('Formulario PPGR5'!$G15="","",CONCATENATE('Formulario PPGR5'!$C15,".",'Formulario PPGR5'!$D15,".",'Formulario PPGR5'!$E15,".",'Formulario PPGR5'!$F15)) | C15: =IF('Formulario PPGR5'!$G15="","",'Formulario PPGR1'!#REF!) | D15: =IF('Formulario PPGR5'!$G15="","",'Formulario PPGR1'!#REF!) | E15: =IF('Formulario PPGR5'!$G15="","",'Formulario PPGR1'!#REF!) | F15: =IF('Formulario PPGR5'!$G15="","",'Formulario PPGR1'!#REF!)
B16: =IF('Formulario PPGR5'!$G16="","",CONCATENATE('Formulario PPGR5'!$C16,".",'Formulario PPGR5'!$D16,".",'Formulario PPGR5'!$E16,".",'Formulario PPGR5'!$F16)) | C16: =IF('Formulario PPGR5'!$G16="","",'Formulario PPGR1'!#REF!) | D16: =IF('Formulario PPGR5'!$G16="","",'Formulario PPGR1'!#REF!) | E16: =IF('Formulario PPGR5'!$G16="","",'Formulario PPGR1'!#REF!) | F16: =IF('Formulario PPGR5'!$G16="","",'Formulario PPGR1'!#REF!)
B17: =IF('Formulario PPGR5'!$G17="","",CONCATENATE('Formulario PPGR5'!$C17,".",'Formulario PPGR5'!$D17,".",'Formulario PPGR5'!$E17,".",'Formulario PPGR5'!$F17)) | C17: =IF('Formulario PPGR5'!$G17="","",'Formulario PPGR1'!#REF!) | D17: =IF('Formulario PPGR5'!$G17="","",'Formulario PPGR1'!#REF!) | E17: =IF('Formulario PPGR5'!$G17="","",'Formulario PPGR1'!#REF!) | F17: =IF('Formulario PPGR5'!$G17="","",'Formulario PPGR1'!#REF!)
B18: =IF('Formulario PPGR5'!$G18="","",CONCATENATE('Formulario PPGR5'!$C18,".",'Formulario PPGR5'!$D18,".",'Formulario PPGR5'!$E18,".",'Formulario PPGR5'!$F18)) | C18: =IF('Formulario PPGR5'!$G18="","",'Formulario PPGR1'!#REF!) | D18: =IF('Formulario PPGR5'!$G18="","",'Formulario PPGR1'!#REF!) | E18: =IF('Formulario PPGR5'!$G18="","",'Formulario PPGR1'!#REF!) | F18: =IF('Formulario PPGR5'!$G18="","",'Formulario PPGR1'!#REF!)
B19: =IF('Formulario PPGR5'!$G19="","",CONCATENATE('Formulario PPGR5'!$C19,".",'Formulario PPGR5'!$D19,".",'Formulario PPGR5'!$E19,".",'Formulario PPGR5'!$F19)) | C19: =IF('Formulario PPGR5'!$G19="","",'Formulario PPGR1'!#REF!) | D19: =IF('Formulario PPGR5'!$G19="","",'Formulario PPGR1'!#REF!) | E19: =IF('Formulario PPGR5'!$G19="","",'Formulario PPGR1'!#REF!) | F19: =IF('Formulario PPGR5'!$G19="","",'Formulario PPGR1'!#REF!)
B20: =IF('Formulario PPGR5'!$G20="","",CONCATENATE('Formulario PPGR5'!$C20,".",'Formulario PPGR5'!$D20,".",'Formulario PPGR5'!$E20,".",'Formulario PPGR5'!$F20)) | C20: =IF('Formulario PPGR5'!$G20="","",'Formulario PPGR1'!#REF!) | D20: =IF('Formulario PPGR5'!$G20="","",'Formulario PPGR1'!#REF!) | E20: =IF('Formulario PPGR5'!$G20="","",'Formulario PPGR1'!#REF!) | F20: =IF('Formulario PPGR5'!$G20="","",'Formulario PPGR1'!#REF!)
... B66: =IF('Formulario PPGR5'!$G66="","",CONCATENATE('Formulario PPGR5'!$C66,".",'Formulario PPGR5'!$D66,".",'Formulario PPGR5'!$E66,".",'Formulario PPGR5'!$F66)) | C66: =IF('Formulario PPGR5'!$G66="","",'Formulario PPGR1'!#REF!) | D66: =IF('Formulario PPGR5'!$G66="","",'Formulario PPGR1'!#REF!) | E66: =IF('Formulario PPGR5'!$G66="","",'Formulario PPGR1'!#REF!) | F66: =IF('Formulario PPGR5'!$G66="","",'Formulario PPGR1'!#REF!)

Sheet Formulario PPGR6
E2: ='Formulario PPGR1'!I2 -> Servicio Nacional de Salud
E3: ='Formulario PPGR1'!I3 -> Dirección de Planificación y Desarrollo
E4: ='Formulario PPGR1'!I4 -> Plan Operativo Anual
E5: Estimación de ingresos por cuentas
E6: ='Formulario PPGR1'!$L$3 -> R4 - SRS Cibao Noroeste
A8: Grupo | B8: Subgrupo | C8: Cuenta | D8: Auxiliar | E8: Descripción Ingresos por Cuenta | F8: Valor RD$ | G8: %
A9: 3 | E9: Donaciones | F9: =+F10 -> 0 | G9: =G10 -> 0.00
B10: 31 | E10: Donaciones Corrientes | F10: =SUM(F11:F11) -> 0 | G10: =G11 -> 0.00
C11: 312 | E11: Donaciones corrientes de organismos internacionales | F11: 0 | G11: =IFERROR(F11/$F$31*100,"0.00") -> 0.00
A12: 4 | E12: Transferencias | F12: =+F13+F19 -> 0 | G12: =G13+G19 -> 0
B13: 41 | E13: Transferencias Corrientes | F13: =SUM(F15:F18) -> 0 | G13: =SUM(G15:G18) -> 0
C14: 413 | E14: Transferencias Corrientes Recibidas de Instituciones Públicas Descentralizas y Autonomas No Financieras | F14: =SUM(F16:F19) -> 0 | G14: =SUM(G16:G19) -> 0
C15: 413 | D15: ´01 | E15: Aportes SNS Nomina | F15: 0 | G15: =IFERROR(F15/$F$31*100,"0.00") -> 0.00
C16: 413 | D16: ´02 | E16: Anticipos Financieros | F16: 0 | G16: =IFERROR(F16/$F$31*100,"0.00") -> 0.00
C17: 413 | D17: ´03 | E17: Aportes SNS Medicamentos | F17: 0 | G17: =IFERROR(F17/$F$31*100,"0.00") -> 0.00
C18: 414 | E18: Transferencias Corrientes Recibidas de Instituciones Públicas de la Seguridad Social | F18: 0 | G18: =IFERROR(F18/$F$31*100,"0.00") -> 0.00
B19: 42 | E19: Transferencia de Capital | F19: =SUM(F21:F22) -> 0 | G19: =G21+G22 -> 0
C20: 423 | E20: Tranferencia de Capital Recibidas de Instituciones Públicas Descentralizas y Autonomas No Financieras | F20: =+F21+F22 -> 0 | G20: =+G21+G22 -> 0
C21: 423 | D21: ´01 | E21: Aportes SNS Equipamiento | F21: 0 | G21: =IFERROR(F21/$F$31*100,"0.00") -> 0.00
C22: 423 | D22: ´02 | E22: Aportes para otros gastos de inversión del SNS | F22: 0 | G22: =IFERROR(F22/$F$31*100,"0.00") -> 0.00
A23: 5 | E23: Ingresos por Contraprestación | F23: =+F24 -> 0 | G23: =G24 -> 0
B24: 51 | E24: Venta de Bienes y Servicios | F24: =F25 -> 0 | G24: =G25 -> 0
C25: 512 | E25: Venta de Servicios del Estado | F25: =F26 -> 0 | G25: =G26 -> 0
C26: 512 | D26: ´99 | E26: Otras ventas de servicios | F26: =+F27+F28+F29+F30 -> 0 | G26: =+G27+G28+G29+G30 -> 0
C27: 513 | E27: Venta de Servicios a SENASA por afiliados regimen subsidiado | F27: 0 | G27: =IFERROR(F27/$F$31*100,"0.00") -> 0.00
C28: 512 | E28: Venta de Servicios a SENASA por afiliados regimen contributivo | F28: 0 | G28: =IFERROR(F28/$F$31*100,"0.00") -> 0.00
C29: 512 | E29: Venta de Servicios a otras ARS por atencion a Regimen contributivo | F29: 0 | G29: =IFERROR(F29/$F$31*100,"0.00") -> 0.00
C30: 512 | E30: Venta de Servicios a ARL | F30: 0 | G30: =IFERROR(F30/$F$31*100,"0.00") -> 0.00
E31: Total Ingresos | F31: =+F23+F12+F9 -> 0 | G31: =+G23+G12+G9 -> 0

Sheet Formulario PPGR7
F2: ='Formulario PPGR1'!I2 -> Servicio Nacional de Salud
F3: ='Formulario PPGR1'!I3 -> Dirección de Planificación y Desarrollo
F4: ='Formulario PPGR1'!I4 -> Plan Operativo Anual
F5: Consolidado del Presupuesto Estimado de Ingresos y Gastos
F6: ='Formulario PPGR1'!$L$3 -> R4 - SRS Cibao Noroeste
A8: Estimación de Ingresos
A9: Anticipos Financieros | G9: =+'Formulario PPGR6'!F16 -> 0
A10: Venta de Servicios y Otros Ingresos | G10: =+'Formulario PPGR6'!F23 -> 0
A11: Aportes SNS Nómina | G11: =+'Formulario PPGR6'!F15 -> 0
A12: Otros Aportes | G12: ='Formulario PPGR6'!F11+'Formulario PPGR6'!F17+'Formulario PPGR6'!F21+'Formulario PPGR6'!F22 -> 0
A13: Transferencias Corrientes | G13: =+'Formulario PPGR6'!F18 -> 0
A14: Total Ingresos RD$ | G14: =SUM(G9:G13) -> 0
A15: Estimación de Gastos
A16: Tipo | B16: Objeto | C16: Cuenta | D16: Sub-Cuenta | E16: Auxiliar | F16: Descripción Gasto por Cuenta | G16: Anticipos Financieros / Transferencias | H16: Venta de Servicios | I16: Nominas | J16: Total RD$ | K16: %
A18: 2 | F18: Egresos | G18: =+G19+G67+G170+G254+G270+G323 -> 0 | H18: =+H19+H67+H170+H254+H270+H323 -> 0 | I18: =+I19+I67+I170+I254+I270+I323 -> 0 | J18: =+J19+J67+J170+J254+J270+J323 -> 0 | K18: =+K19+K67+K170+K254+K270+K323 -> 0
A19: 2 | B19: 1 | F19: Servicios Personales | G19: =+G20+G42+G54+G58 -> 0 | H19: =+H20+H42+H54+H58 -> 0 | I19: =+I20+I42+I54+I58 -> 0 | J19: =+J20+J42+J54+J58 -> 0 | K19: =+K20+K42+K54+K58 -> 0
A20: 2 | B20: 1 | C20: 1 | F20: Remuneraciones | G20: =+G21+G26+G33+G35+G37 -> 0 | H20: =+H21+H26+H33+H35+H37 -> 0 | I20: =+I21+I26+I33+I35+I37 -> 0 | J20: =+J21+J26+J33+J35+J37 -> 0 | K20: =+K21+K26+K33+K35+K37 -> 0
A21: 2 | B21: 1 | C21: 1 | D21: 1 | F21: Remuneraciones al personal fijo | G21: =SUM(G22:G25) -> 0 | H21: =SUM(H22:H25) -> 0 | I21: =SUM(I22:I25) -> 0 | J21: =SUM(J22:J25) -> 0 | K21: =SUM(K22:K25) -> 0
A22: 2 | B22: 1 | C22: 1 | D22: 1 | E22: `01 | F22: Sueldos fijos | J22: =SUBTOTAL(9,G22:I22) -> 0 | K22: =IFERROR(J22/$J$18*100,"0.00") -> 0.00
A23: 2 | B23: 1 | C23: 1 | D23: 1 | E23: `02 | F23: Sueldos a medicos | J23: =SUBTOTAL(9,G23:I23) -> 0 | K23: =IFERROR(J23/$J$18*100,"0.00") -> 0.00
A24: 2 | B24: 1 | C24: 1 | D24: 1 | E24: `05 | F24: Incentivos y escalafón | J24: =SUBTOTAL(9,G24:I24) -> 0 | K24: =IFERROR(J24/$J$18*100,"0.00") -> 0.00
A25: 2 | B25: 1 | C25: 1 | D25: 1 | E25: `06 | F25: Nuevas plazas a medicos | J25: =SUBTOTAL(9,G25:I25) -> 0 | K25: =IFERROR(J25/$J$18*100,"0.00") -> 0.00
A26: 2 | B26: 1 | C26: 1 | D26: 2 | F26: Remuneraciones al personal con carácter transitorio | G26: =SUM(G27:G32) -> 0 | H26: =SUM(H27:H32) -> 0 | I26: =SUM(I27:I32) -> 0 | J26: =SUM(J27:J32) -> 0 | K26: =SUM(K27:K32) -> 0
A27: 2 | B27: 1 | C27: 1 | D27: 2 | E27: `03 | F27: Suplencias | J27: =SUBTOTAL(9,G27:I27) -> 0 | K27: =IFERROR(J27/$J$18*100,"0.00") -> 0.00
A28: 2 | B28: 1 | C28: 1 | D28: 2 | E28: `05 | F28: Sueldo al personal nominal en período probatorio | J28: =SUBTOTAL(9,G28:I28) -> 0 | K28: =IFERROR(J28/$J$18*100,"0.00") -> 0.00
A29: 2 | B29: 1 | C29: 1 | D29: 2 | E29: `06 | F29: Jornales | J29: =SUBTOTAL(9,G29:I29) -> 0 | K29: =IFERROR(J29/$J$18*100,"0.00") -> 0.00
A30: 2 | B30: 1 | C30: 1 | D30: 2 | E30: `08 | F30: Empleados temporales | J30: =SUBTOTAL(9,G30:I30) -> 0 | K30: =IFERROR(J30/$J$18*100,"0.00") -> 0.00
A31: 2 | B31: 1 | C31: 1 | D31: 2 | E31: `09 | F31: Personal de carácter eventual | J31: =SUBTOTAL(9,G31:I31) -> 0 | K31: =IFERROR(J31/$J$18*100,"0.00") -> 0.00
A32: 2 | B32: 1 | C32: 1 | D32: 2 | E32: `11 | F32: Interinato | J32: =SUBTOTAL(9,G32:I32) -> 0 | K32: =IFERROR(J32/$J$18*100,"0.00") -> 0.00
A33: 2 | B33: 1 | C33: 1 | D33: 3 | F33: Sueldos al personal fijo en trámite de pensiones | G33: =G34 -> 0 | H33: =H34 -> 0 | I33: =I34 -> 0 | J33: =J34 -> 0 | K33: =K34 -> 0.00
A34: 2 | B34: 1 | C34: 1 | D34: 3 | E34: `01 | F34: Sueldos al personal fijo en trámite de pensiones | J34: =SUBTOTAL(9,G34:I34) -> 0 | K34: =IFERROR(J34/$J$18*100,"0.00") -> 0.00
A35: 2 | B35: 1 | C35: 1 | D35: 4 | F35: Sueldo anual No. 13 | G35: =G36 -> 0 | H35: =H36 -> 0 | I35: =I36 -> 0 | J35: =J36 -> 0 | K35: =K36 -> 0.00
A36: 2 | B36: 1 | C36: 1 | D36: 4 | E36: `01 | F36: Sueldo anual No. 13 | J36: =SUBTOTAL(9,G36:I36) -> 0 | K36: =IFERROR(J36/$J$18*100,"0.00") -> 0.00
A37: 2 | B37: 1 | C37: 1 | D37: 5 | F37: Prestacianes economicas | G37: =SUM(G38:G41) -> 0 | H37: =SUM(H38:H41) -> 0 | I37: =SUM(I38:I41) -> 0 | J37: =SUM(J38:J41) -> 0 | K37: =SUM(K38:K41) -> 0
A38: 2 | B38: 1 | C38: 1 | D38: 5 | E38: `01 | F38: Prestacianes economicas | J38: =SUBTOTAL(9,G38:I38) -> 0 | K38: =IFERROR(J38/$J$18*100,"0.00") -> 0.00
A39: 2 | B39: 1 | C39: 1 | D39: 5 | E39: `02 | F39: Pago de porcentaje por desvinculación de cargo | J39: =SUBTOTAL(9,G39:I39) -> 0 | K39: =IFERROR(J39/$J$18*100,"0.00") -> 0.00
A40: 2 | B40: 1 | C40: 1 | D40: 5 | E40: `03 | F40: Prestacion laboral por desvinculación | J40: =SUBTOTAL(9,G40:I40) -> 0 | K40: =IFERROR(J40/$J$18*100,"0.00") -> 0.00
A41: 2 | B41: 1 | C41: 1 | D41: 5 | E41: `04 | F41: Proporción de vacaciones no disfrutadas | J41: =SUBTOTAL(9,G41:I41) -> 0 | K41: =IFERROR(J41/$J$18*100,"0.00") -> 0.00
A42: 2 | B42: 1 | C42: 2 | F42: Sobresueldos | G42: =+G43+G45 -> 0 | H42: =+H43+H45 -> 0 | I42: =+I43+I45 -> 0 | J42: =+J43+J45 -> 0 | K42: =+K43+K45 -> 0
A43: 2 | B43: 1 | C43: 2 | D43: 1 | F43: Primas por antigüedad | G43: =G44 -> 0 | H43: =H44 -> 0 | I43: =I44 -> 0 | J43: =J44 -> 0 | K43: =K44 -> 0.00
A44: 2 | B44: 1 | C44: 2 | D44: 1 | E44: `01 | F44: Primas por antigüedad | J44: =SUBTOTAL(9,G44:I44) -> 0 | K44: =IFERROR(J44/$J$18*100,"0.00") -> 0.00
